Workbook

Sheet Nomenclature
AC1: Flag Immobilisable | AF1: Département de gestion | AG1: Activité
B2: FAMILLES - NIVEAU 1 | C2: SOUS-FAMILLES - NIVEAU 2 | D2: CATEGORIES - NIVEAU 3 | E2: Formule Cat 3 sans code | F2: Texte Cat 3 sans code | G2: DESCRIPTION | H2: ACHETEUR RESPONSABLE | I2: CODE | J2: DESCRIPTION | K2: ACHETEUR RESPONSABLE | L2: BIEN/SERVICE | M2: Maintenance | N2: Compte comptable | O2: Flux Bilan | P2: CAPEX/OPEX/CBM | Q2: Code TVA | R2: Compte comptable | S2: Flux Bilan | T2: CAPEX/OPEX/CBM | U2: FAMILLES - NIVEAU 1 | V2: SOUS-FAMILLES - NIVEAU 2 | W2: CATEGORIES - NIVEAU 3 | X2: DESCRIPTION | Y2: FAMILLES - NIVEAU 1 | Z2: SOUS-FAMILLES - NIVEAU 2 | AA2: CATEGORIES - NIVEAU 3 | AB2: DESCRIPTION | AC2: CAPEX / Immobilisable | AD2: Compte de Capex | AE2: Si valeur unitaire | AF2: GER | AG2: CPA (Construction pour compte d'autrui en concession)
B3: 01 CONTENANT | C3: 01.01 CONTENANT | D3: 01.01.01 ARMOIRE DMD - DMS | E3: =RIGHT(D3,LEN(D3)-10) -> RMOIRE DMD - DMS | F3: ARMOIRE DMD - DMS | G3: 01 CONTENANT > 01.01 CONTENANT | I3: 01.01.01 | J3: 01 CONTENANT > 01.01 CONTENANT | K3: Camille BONNAVE | L3: BIEN | M3: N | N3: 23915400 | O3: F322 | P3: CAPEX | Q3: IMMB-AC-DEB-FR | U3: 01 CONTAINER | V3: 01.01 CONTAINER | W3: 01.01.01 DMD - DMS CABINET | X3: 01 CONTAINER > 01.01 CONTAINER | Y3: 01 CONTENEDOR | Z3: 01.01 CONTENEDOR | AA3: 01.01.01 ARMARIO DMD - DMS | AB3: 01 CONTENEDOR > 01.01 CONTENEDOR
D4: 01.01.02 BAC ROULANT - MATERIEL NEUF | E4: =RIGHT(D4,LEN(D4)-10) -> AC ROULANT - MATERIEL NEUF | F4: BAC ROULANT - MATERIEL NEUF | G4: 01 CONTENANT > 01.01 CONTENANT | I4: 01.01.02 | J4: 01 CONTENANT > 01.01 CONTENANT | K4: Vincent GROULT | L4: BIEN | M4: N | N4: 23915400 | O4: F32C | P4: CBM | Q4: IMMB-AC-DEB-FR | W4: 01.01.02 WHEELED BIN - NEW EQUIPMENT | X4: 01 CONTAINER > 01.01 CONTAINER | AA4: 01.01.02 CONTENEDOR RODANTE - MATERIAL NUEVO | AB4: 01 CONTENEDOR > 01.01 CONTENEDOR
D5: 01.01.03 BAC ROULANT - ACCESSOIRE - PIECE | E5: =RIGHT(D5,LEN(D5)-10) -> AC ROULANT - ACCESSOIRE - PIECE | F5: BAC ROULANT - ACCESSOIRE - PIECE | G5: 01 CONTENANT > 01.01 CONTENANT | I5: 01.01.03 | J5: 01 CONTENANT > 01.01 CONTENANT | K5: Vincent GROULT | L5: BIEN | M5: N | N5: 60230000 | O5: N/A | P5: OPEX | Q5: NORB-AC-DEB-FR | W5: 01.01.03 WHEELED BIN - ACCESSORIES - PARTS | X5: 01 CONTAINER > 01.01 CONTAINER | AA5: 01.01.03 CONTENEDOR RODANTE - ACCESORIO - PIEZA | AB5: 01 CONTENEDOR > 01.01 CONTENEDOR | AC5: X | AD5: 23915400 | AE5: Immo si valeur unitaire > 500€ + durée d'utilisation du bien > 1 an
D6: 01.01.04 BENNE - BORNE - CAISSON - COLONNE AV - MATERIEL NEUF | E6: =RIGHT(D6,LEN(D6)-10) -> ENNE - BORNE - CAISSON - COLONNE AV - MATERIEL NEUF | F6: BENNE - BORNE - CAISSON - COLONNE AV - MATERIEL NEUF | G6: 01 CONTENANT > 01.01 CONTENANT | I6: 01.01.04 | J6: 01 CONTENANT > 01.01 CONTENANT | K6: Camille BONNAVE | L6: BIEN | M6: N | N6: 23915400 | O6: F32C | P6: CBM | Q6: IMMB-AC-DEB-FR | W6: 01.01.04 SKIP - BIN - CONTAINER - GLASS COLLECTION BIN - NEW EQUIPMENT | X6: 01 CONTAINER > 01.01 CONTAINER | AA6: 01.01.04 VOLQUETE - TERMINAL - CAJÓN - COLUMNA AV - MATERIAL NUEVO | AB6: 01 CONTENEDOR > 01.01 CONTENEDOR
D7: 01.01.05 BENNE - BORNE - CAISSON - COLONNE AV - ACCESSOIRE - PIECE | E7: =RIGHT(D7,LEN(D7)-10) -> ENNE - BORNE - CAISSON - COLONNE AV - ACCESSOIRE - PIECE | F7: BENNE - BORNE - CAISSON - COLONNE AV - ACCESSOIRE - PIECE | G7: 01 CONTENANT > 01.01 CONTENANT | I7: 01.01.05 | J7: 01 CONTENANT > 01.01 CONTENANT | K7: Camille BONNAVE | L7: BIEN | M7: N | N7: 60230000 | O7: N/A | P7: OPEX | Q7: NORB-AC-DEB-FR | W7: 01.01.04 SKIP - BIN - CONTAINER - GLASS COLLECTION BIN - PARTS | X7: 01 CONTAINER > 01.01 CONTAINER | AA7: 01.01.05 VOLQUETE - TERMINAL - CAJÓN - COLUMNA AV - ACCESORIO - PIEZA | AB7: 01 CONTENEDOR > 01.01 CONTENEDOR | AC7: X | AD7: 23915400 | AE7: Immo si valeur unitaire > 500€ + durée d'utilisation du bien > 1 an
D8: 01.01.06 BIG BAG | E8: =RIGHT(D8,LEN(D8)-10) -> IG BAG | F8: BIG BAG | G8: 01 CONTENANT > 01.01 CONTENANT | I8: 01.01.06 | J8: 01 CONTENANT > 01.01 CONTENANT | K8: Lydie BULLE | L8: BIEN | M8: N | N8: 60210000 | O8: N/A | P8: OPEX | Q8: NORB-AC-DEB-FR | W8: 01.01.06 BIG BAG | X8: 01 CONTAINER > 01.01 CONTAINER | AA8: 01.01.06 BIG BAG | AB8: 01 CONTENEDOR > 01.01 CONTENEDOR
D9: 01.01.07 CAISSE GRILLAGEE | E9: =RIGHT(D9,LEN(D9)-10) -> AISSE GRILLAGEE | F9: CAISSE GRILLAGEE | G9: 01 CONTENANT > 01.01 CONTENANT | I9: 01.01.07 | J9: 01 CONTENANT > 01.01 CONTENANT | K9: Camille BONNAVE | L9: BIEN | M9: N | N9: 23915400 | O9: F322 | P9: CAPEX | Q9: IMMB-AC-DEB-FR | W9: 01.01.07 CAGE CONTAINER | X9: 01 CONTAINER > 01.01 CONTAINER | AA9: 01.01.07 CAJA ENREJADA | AB9: 01 CONTENEDOR > 01.01 CONTENEDOR
D10: 01.01.08 CAISSE PALETTE - RIGIDE | E10: =RIGHT(D10,LEN(D10)-10) -> AISSE PALETTE - RIGIDE | F10: CAISSE PALETTE - RIGIDE | G10: 01 CONTENANT > 01.01 CONTENANT | I10: 01.01.08 | J10: 01 CONTENANT > 01.01 CONTENANT | K10: Vincent GROULT | L10: BIEN | M10: N | N10: 23915400 | O10: F322 | P10: CAPEX | Q10: IMMB-AC-DEB-FR | W10: 01.01.08 PALLET CONTAINER - RIGID | X10: 01 CONTAINER > 01.01 CONTAINER | AA10: 01.01.08 CAJA PALÉ - RÍGIDO | AB10: 01 CONTENEDOR > 01.01 CONTENEDOR
D11: 01.01.09 CAISSON MARITIME | E11: =RIGHT(D11,LEN(D11)-10) -> AISSON MARITIME | F11: CAISSON MARITIME | G11: 01 CONTENANT > 01.01 CONTENANT | I11: 01.01.09 | J11: 01 CONTENANT > 01.01 CONTENANT | K11: Camille BONNAVE | L11: BIEN | M11: N | N11: 23915400 | O11: F32C | P11: CBM | Q11: IMMB-AC-DEB-FR | W11: 01.01.09 MARITIME CONTAINER | X11: 01 CONTAINER > 01.01 CONTAINER | AA11: 01.01.09 CONTENEDOR MARÍTIMO | AB11: 01 CONTENEDOR > 01.01 CONTENEDOR
D12: 01.01.10 PLOMB | E12: =RIGHT(D12,LEN(D12)-10) -> LOMB | F12: PLOMB | G12: 01 CONTENANT > 01.01 CONTENANT | I12: 01.01.10 | J12: 01 CONTENANT > 01.01 CONTENANT | K12: Camille BONNAVE | L12: BIEN | M12: N | N12: 60610070 | O12: N/A | P12: OPEX | Q12: NORB-AC-DEB-FR | W12: 01.01.10 LEAD | X12: 01 CONTAINER > 01.01 CONTAINER | AA12: 01.01.10 SELLO | AB12: 01 CONTENEDOR > 01.01 CONTENEDOR
D13: 01.01.11 ROLL | E13: =RIGHT(D13,LEN(D13)-10) -> OLL | F13: ROLL | G13: 01 CONTENANT > 01.01 CONTENANT | I13: 01.01.11 | J13: 01 CONTENANT > 01.01 CONTENANT | K13: Camille BONNAVE | L13: BIEN | M13: N | N13: 60610070 | O13: N/A | P13: OPEX | Q13: NORB-AC-DEB-FR | W13: 01.01.11 ROLL | X13: 01 CONTAINER > 01.01 CONTAINER | AA13: 01.01.11 ROLL | AB13: 01 CONTENEDOR > 01.01 CONTENEDOR
D14: 01.01.12 SAC | E14: =RIGHT(D14,LEN(D14)-10) -> AC | F14: SAC | G14: 01 CONTENANT > 01.01 CONTENANT | I14: 01.01.12 | J14: 01 CONTENANT > 01.01 CONTENANT | K14: Vincent GROULT | L14: BIEN | M14: N | N14: 60210000 | O14: N/A | P14: OPEX | Q14: NORB-AC-DEB-FR | W14: 01.01.12 BAG | X14: 01 CONTAINER > 01.01 CONTAINER | AA14: 01.01.12 BOLSA | AB14: 01 CONTENEDOR > 01.01 CONTENEDOR
D15: 01.01.13 COMPACTEUR MONOBLOC- MATERIEL NEUF | E15: =RIGHT(D15,LEN(D15)-10) -> OMPACTEUR MONOBLOC- MATERIEL NEUF | F15: COMPACTEUR MONOBLOC- MATERIEL NEUF | G15: 01 CONTENANT > 01.01 CONTENANT | I15: 01.01.13 | J15: 01 CONTENANT > 01.01 CONTENANT | K15: Vincent GROULT | L15: BIEN | M15: N | N15: 23915400 | O15: F32C | P15: CBM | Q15: IMMB-AC-DEB-FR | W15: 01.01.13 MOBILE COMPACTOR - NEW EQUIPMENT | X15: 01 CONTAINER > 01.01 CONTAINER | AA15: 01.01.13 COMPACTADOR MONOBLOQUE- MATERIAL NUEVO | AB15: 01 CONTENEDOR > 01.01 CONTENEDOR
D16: 01.01.14 COMPACTEUR MONOBLOC- ACCESSOIRE - PIECE | E16: =RIGHT(D16,LEN(D16)-10) -> OMPACTEUR MONOBLOC- ACCESSOIRE - PIECE | F16: COMPACTEUR MONOBLOC- ACCESSOIRE - PIECE | G16: 01 CONTENANT > 01.01 CONTENANT | I16: 01.01.14 | J16: 01 CONTENANT > 01.01 CONTENANT | K16: Vincent GROULT | L16: BIEN | M16: N | N16: 60230000 | O16: N/A | P16: OPEX | Q16: NORB-AC-DEB-FR | W16: 01.01.14 MOBILE COMPACTOR - ACCESSORIES - PARTS | X16: 01 CONTAINER > 01.01 CONTAINER | AA16: 01.01.14 COMPACTADOR MONOBLOQUE- ACCESORIO - PIEZA | AB16: 01 CONTENEDOR > 01.01 CONTENEDOR | AC16: X | AD16: 23915400 | AE16: Immo si valeur unitaire > 500€ + durée d'utilisation du bien > 1 an
D17: 01.01.15 COMPACTEUR POSTE FIXE- MATERIEL NEUF | E17: =RIGHT(D17,LEN(D17)-10) -> OMPACTEUR POSTE FIXE- MATERIEL NEUF | F17: COMPACTEUR POSTE FIXE- MATERIEL NEUF | G17: 01 CONTENANT > 01.01 CONTENANT | I17: 01.01.15 | J17: 01 CONTENANT > 01.01 CONTENANT | K17: Vincent GROULT | L17: BIEN | M17: N | N17: 23915400 | O17: F32C | P17: CBM | Q17: IMMB-AC-DEB-FR | W17: 01.01.15 FIXED COMPACTOR - NEW EQUIPMENT | X17: 01 CONTAINER > 01.01 CONTAINER | AA17: 01.01.15 COMPACTADOR DE PUESTO FIJO- MATERIAL NUEVO | AB17: 01 CONTENEDOR > 01.01 CONTENEDOR
D18: 01.01.16 COMPACTEUR POSTE FIXE- ACCESSOIRE - PIECE | E18: =RIGHT(D18,LEN(D18)-10) -> OMPACTEUR POSTE FIXE- ACCESSOIRE - PIECE | F18: COMPACTEUR POSTE FIXE- ACCESSOIRE - PIECE | G18: 01 CONTENANT > 01.01 CONTENANT | I18: 01.01.16 | J18: 01 CONTENANT > 01.01 CONTENANT | K18: Vincent GROULT | L18: BIEN | M18: N | N18: 60230000 | O18: N/A | P18: OPEX | Q18: NORB-AC-DEB-FR | W18: 01.01.16 FIXED COMPACTOR - ACCESSORIES - PARTS | X18: 01 CONTAINER > 01.01 CONTAINER | AA18: 01.01.16 COMPACTADOR DE PUESTO FIJO- ACCESORIO - PIEZA | AB18: 01 CONTENEDOR > 01.01 CONTENEDOR | AC18: X | AD18: 23915400 | AE18: Immo si valeur unitaire > 500€ + durée d'utilisation du bien > 1 an
C19: 01.02 CONTENANT - MAINTENANCE - SERVICE | D19: 01.02.01 BAC ROULANT - MAINTENANCE - SERVICE | E19: =RIGHT(D19,LEN(D19)-10) -> AC ROULANT - MAINTENANCE - SERVICE | F19: BAC ROULANT - MAINTENANCE - SERVICE | G19: 01 CONTENANT > 01.02 CONTENANT - MAINTENANCE - SERVICE | I19: 01.02.01 | J19: 01 CONTENANT > 01.02 CONTENANT - MAINTENANCE - SERVICE | K19: Vincent GROULT | L19: SERVICE | M19: Y | N19: 61550000 | O19: N/A | P19: OPEX | Q19: NORS-AC-ENC-FR | V19: 01.02 CONTAINER - MAINTENANCE - SERVICE | W19: 01.02.01 WHEELED BIN - MAINTENANCE - SERVICE | X19: 01 CONTAINER > 01.02 CONTAINER - MAINTENANCE - SERVICE | Z19: 01.02 CONTENEDOR - MANTENIMIENTO - SERVICIO TÉCNICO | AA19: 01.02.01 CONTENEDOR RODANTE - MANTENIMIENTO - SERVICIO TÉCNICO | AB19: 01 CONTENEDOR > 01.02 CONTENEDOR - MANTENIMIENTO - SERVICIO TÉCNICO | AC19: X | AD19: 23915400 | AE19: Réparation > 3000€ et augmente la valeur de vente et augmente la durée de vie du bien concerné par la maintenance
D20: 01.02.02 BENNE - BORNE - CAISSON - COLONNE AV - MAINTENANCE - SERVICE | E20: =RIGHT(D20,LEN(D20)-10) -> ENNE - BORNE - CAISSON - COLONNE AV - MAINTENANCE - SERVICE | F20: BENNE - BORNE - CAISSON - COLONNE AV - MAINTENANCE - SERVICE | G20: 01 CONTENANT > 01.02 CONTENANT - MAINTENANCE - SERVICE | I20: 01.02.02 | J20: 01 CONTENANT > 01.02 CONTENANT - MAINTENANCE - SERVICE | K20: Sébastien HUART | L20: SERVICE | M20: Y | N20: 61550000 | O20: N/A | P20: OPEX | Q20: NORS-AC-ENC-FR | W20: 01.02.02 SKIP - BIN - CONTAINER - GLASS COLLECTION BIN - MAINTENANCE - SERVICE | X20: 01 CONTAINER > 01.02 CONTAINER - MAINTENANCE - SERVICE | AA20: 01.02.02 VOLQUETE - TERMINAL - CAJÓN - COLUMNA AV - MANTENIMIENTO - SERVICIO TÉCNICO | AB20: 01 CONTENEDOR > 01.02 CONTENEDOR - MANTENIMIENTO - SERVICIO TÉCNICO | AC20: X | AD20: 23915400 | AE20: Réparation > 3000€ et augmente la valeur de vente et augmente la durée de vie du bien concerné par la maintenance
D21: 01.02.03 COMPACTEUR MONOBLOC- MAINTENANCE - SERVICE | E21: =RIGHT(D21,LEN(D21)-10) -> OMPACTEUR MONOBLOC- MAINTENANCE - SERVICE | F21: COMPACTEUR MONOBLOC- MAINTENANCE - SERVICE | G21: 01 CONTENANT > 01.02 CONTENANT - MAINTENANCE - SERVICE | I21: 01.02.03 | J21: 01 CONTENANT > 01.02 CONTENANT - MAINTENANCE - SERVICE | K21: Vincent GROULT | L21: SERVICE | M21: Y | N21: 61550000 | O21: N/A | P21: OPEX | Q21: NORS-AC-ENC-FR | W21: 01.02.03 MOBILE COMPACTOR - MAINTENANCE - SERVICE | X21: 01 CONTAINER > 01.02 CONTAINER - MAINTENANCE - SERVICE | AA21: 01.02.03 COMPACTADOR MONOBLOQUE- MANTENIMIENTO - SERVICIO TÉCNICO | AB21: 01 CONTENEDOR > 01.02 CONTENEDOR - MANTENIMIENTO - SERVICIO TÉCNICO | AC21: X | AD21: 23915400 | AE21: Réparation > 3000€ et augmente la valeur de vente et augmente la durée de vie du bien concerné par la maintenance
D22: 01.02.04 COMPACTEUR POSTE FIXE- MAINTENANCE - SERVICE | E22: =RIGHT(D22,LEN(D22)-10) -> OMPACTEUR POSTE FIXE- MAINTENANCE - SERVICE | F22: COMPACTEUR POSTE FIXE- MAINTENANCE - SERVICE | G22: 01 CONTENANT > 01.02 CONTENANT - MAINTENANCE - SERVICE | I22: 01.02.04 | J22: 01 CONTENANT > 01.02 CONTENANT - MAINTENANCE - SERVICE | K22: Vincent GROULT | L22: SERVICE | M22: Y | N22: 61550000 | O22: N/A | P22: OPEX | Q22: NORS-AC-ENC-FR | W22: 01.02.04 FIXED COMPACTOR - MAINTENANCE - SERVICE | X22: 01 CONTAINER > 01.02 CONTAINER - MAINTENANCE - SERVICE | AA22: 01.02.04 COMPACTADOR DE PUESTO FIJO- MANTENIMIENTO - SERVICIO TÉCNICO | AB22: 01 CONTENEDOR > 01.02 CONTENEDOR - MANTENIMIENTO - SERVICIO TÉCNICO | AC22: X | AD22: 23915400 | AE22: Réparation > 3000€ et augmente la valeur de vente et augmente la durée de vie du bien concerné par la maintenance
B23: 02 FOUR - CHAUDIERE - TRAITEMENT FUMEE - GTA | C23: 02.01 FOUR - CHAUDIERE | D23: 02.01.01 REFRACTAIRE - MATERIEL NEUF | E23: =RIGHT(D23,LEN(D23)-10) -> EFRACTAIRE - MATERIEL NEUF | F23: REFRACTAIRE - MATERIEL NEUF | G23: 02 FOUR - CHAUDIERE - TRAITEMENT FUMEE - GTA > 02.01 FOUR - CHAUDIERE | I23: 02.01.01 | J23: 02 FOUR - CHAUDIERE - TRAITEMENT FUMEE - GTA > 02.01 FOUR - CHAUDIERE | K23: Jean Roch DIDRY | L23: BIEN | M23: N | N23: 60500000 | O23: N/A | P23: OPEX | Q23: NORB-AC-DEB-FR | U23: 02 KILN - BOILER - FLUE GAS TREATMENT - TURBO-GENERATOR | V23: 02.01 KILN - BOILER | W23: 02.01.01 REFRACTORY - NEW EQUIPMENT | X23: 02 KILN - BOILER - FLUE GAS TREATMENT - TURBO-GENERATOR > 02.01 KILN - BOILER | Y23: 02 HORNO - CALDERA - TRATAMIENTO DEL HUMO - GTA | Z23: 02.01 HORNO - CALDERA | AA23: 02.01.01 REFRACTARIO - MATERIAL NUEVO | AB23: 02 HORNO - CALDERA - TRATAMIENTO DEL HUMO - GTA > 02.01 HORNO - CALDERA | AF23: 60500000 | AG23: 22500000
D24: 02.01.02 PIECE DE FONDERIE CHAUDIERE - FOUR - MATERIEL NEUF | E24: =RIGHT(D24,LEN(D24)-10) -> IECE DE FONDERIE CHAUDIERE - FOUR - MATERIEL NEUF | F24: PIECE DE FONDERIE CHAUDIERE - FOUR - MATERIEL NEUF | G24: 02 FOUR - CHAUDIERE - TRAITEMENT FUMEE - GTA > 02.01 FOUR - CHAUDIERE | I24: 02.01.02 | J24: 02 FOUR - CHAUDIERE - TRAITEMENT FUMEE - GTA > 02.01 FOUR - CHAUDIERE | K24: Jean Roch DIDRY | L24: BIEN | M24: N | N24: 60230000 | O24: N/A | P24: OPEX | Q24: NORB-AC-DEB-FR | W24: 02.01.02 FOUNDRY PARTS BOILER - KILN - NEW EQUIPMENT | X24: 02 KILN - BOILER - FLUE GAS TREATMENT - TURBO-GENERATOR > 02.01 KILN - BOILER | AA24: 02.01.02 PIEZA DE FUNDICIÓN DE CALDERA - HORNO - MATERIAL NUEVO | AB24: 02 HORNO - CALDERA - TRATAMIENTO DEL HUMO - GTA > 02.01 HORNO - CALDERA | AG24: 22500000
D25: 02.01.03 TUBE - ELEMENT CHAUDIERE - MATERIEL NEUF | E25: =RIGHT(D25,LEN(D25)-10) -> UBE - ELEMENT CHAUDIERE - MATERIEL NEUF | F25: TUBE - ELEMENT CHAUDIERE - MATERIEL NEUF | G25: 02 FOUR - CHAUDIERE - TRAITEMENT FUMEE - GTA > 02.01 FOUR - CHAUDIERE | I25: 02.01.03 | J25: 02 FOUR - CHAUDIERE - TRAITEMENT FUMEE - GTA > 02.01 FOUR - CHAUDIERE | K25: Jean Roch DIDRY | L25: BIEN | M25: N | N25: 60230000 | O25: N/A | P25: OPEX | Q25: NORB-AC-DEB-FR | W25: 02.01.03 TUBE - BOILER ELEMENT - NEW EQUIPMENT | X25: 02 KILN - BOILER - FLUE GAS TREATMENT - TURBO-GENERATOR > 02.01 KILN - BOILER | AA25: 02.01.03 TUBO - ELEMENTO DE CALDERA - MATERIAL NUEVO | AB25: 02 HORNO - CALDERA - TRATAMIENTO DEL HUMO - GTA > 02.01 HORNO - CALDERA | AG25: 22500000
D26: 02.01.04 BRULEUR - MATERIEL NEUF | E26: =RIGHT(D26,LEN(D26)-10) -> RULEUR - MATERIEL NEUF | F26: BRULEUR - MATERIEL NEUF | G26: 02 FOUR - CHAUDIERE - TRAITEMENT FUMEE - GTA > 02.01 FOUR - CHAUDIERE | I26: 02.01.04 | J26: 02 FOUR - CHAUDIERE - TRAITEMENT FUMEE - GTA > 02.01 FOUR - CHAUDIERE | K26: Jean Roch DIDRY | L26: BIEN | M26: N | N26: 60500000 | O26: N/A | P26: OPEX | Q26: NORB-AC-DEB-FR | W26: 02.01.04 BURNER - NEW EQUIPMENT | X26: 02 KILN - BOILER - FLUE GAS TREATMENT - TURBO-GENERATOR > 02.01 KILN - BOILER | AA26: 02.01.04 QUEMADOR - MATERIAL NUEVO | AB26: 02 HORNO - CALDERA - TRATAMIENTO DEL HUMO - GTA > 02.01 HORNO - CALDERA | AF26: 60500000 | AG26: 22500000
D27: 02.01.05 BRULEUR - ACCESSOIRE - PIECE | E27: =RIGHT(D27,LEN(D27)-10) -> RULEUR - ACCESSOIRE - PIECE | F27: BRULEUR - ACCESSOIRE - PIECE | G27: 02 FOUR - CHAUDIERE - TRAITEMENT FUMEE - GTA > 02.01 FOUR - CHAUDIERE | I27: 02.01.05 | J27: 02 FOUR - CHAUDIERE - TRAITEMENT FUMEE - GTA > 02.01 FOUR - CHAUDIERE | K27: Jean Roch DIDRY | L27: BIEN | M27: N | N27: 60230000 | O27: N/A | P27: OPEX | Q27: NORB-AC-DEB-FR | W27: 02.01.05 BURNER - ACCESSORIES - PARTS | X27: 02 KILN - BOILER - FLUE GAS TREATMENT - TURBO-GENERATOR > 02.01 KILN - BOILER | AA27: 02.01.05 QUEMADOR - ACCESORIO - PIEZA | AB27: 02 HORNO - CALDERA - TRATAMIENTO DEL HUMO - GTA > 02.01 HORNO - CALDERA | AG27: 22500000
D28: 02.01.06 SYSTEME NETTOYAGE CHAUDIERE EN MARCHE - MATERIEL NEUF | E28: =RIGHT(D28,LEN(D28)-10) -> YSTEME NETTOYAGE CHAUDIERE EN MARCHE - MATERIEL NEUF | F28: SYSTEME NETTOYAGE CHAUDIERE EN MARCHE - MATERIEL NEUF | G28: 02 FOUR - CHAUDIERE - TRAITEMENT FUMEE - GTA > 02.01 FOUR - CHAUDIERE | I28: 02.01.06 | J28: 02 FOUR - CHAUDIERE - TRAITEMENT FUMEE - GTA > 02.01 FOUR - CHAUDIERE | K28: Jean Roch DIDRY | L28: BIEN | M28: N | N28: 60500000 | O28: N/A | P28: OPEX | Q28: NORB-AC-DEB-FR | W28: 02.01.06 BOILER CLEANING SYSTEM IN OPERATION - NEW EQUIPMENT | X28: 02 KILN - BOILER - FLUE GAS TREATMENT - TURBO-GENERATOR > 02.01 KILN - BOILER | AA28: 02.01.06 SISTEMA DE LIMPIEZA DE CALDERA EN FUNCIONES - MATERIAL NUEVO | AB28: 02 HORNO - CALDERA - TRATAMIENTO DEL HUMO - GTA > 02.01 HORNO - CALDERA | AF28: 60500000 | AG28: 22500000
D29: 02.01.07 SYSTÈME NETTOYAGE CHAUDIERE EN MARCHE - ACCESSOIRE - PIECE | E29: =RIGHT(D29,LEN(D29)-10) -> YSTÈME NETTOYAGE CHAUDIERE EN MARCHE - ACCESSOIRE - PIECE | F29: SYSTÈME NETTOYAGE CHAUDIERE EN MARCHE - ACCESSOIRE - PIECE | G29: 02 FOUR - CHAUDIERE - TRAITEMENT FUMEE - GTA > 02.01 FOUR - CHAUDIERE | I29: 02.01.07 | J29: 02 FOUR - CHAUDIERE - TRAITEMENT FUMEE - GTA > 02.01 FOUR - CHAUDIERE | K29: Jean Roch DIDRY | L29: BIEN | M29: N | N29: 60230000 | O29: N/A | P29: OPEX | Q29: NORB-AC-DEB-FR | W29: 02.01.07 BOILER CLEANING SYSTEM IN OPERATION - ACCESSORIES - PARTS | X29: 02 KILN - BOILER - FLUE GAS TREATMENT - TURBO-GENERATOR > 02.01 KILN - BOILER | AA29: 02.01.07 SISTEMA DE LIMPIEZA DE CALDERA EN FUNCIONES - ACCESORIO - PIEZA | AB29: 02 HORNO - CALDERA - TRATAMIENTO DEL HUMO - GTA > 02.01 HORNO - CALDERA | AG29: 22500000
D30: 02.01.08 CHAUDIERE - REVAMPING | E30: =RIGHT(D30,LEN(D30)-10) -> HAUDIERE - REVAMPING | F30: CHAUDIERE - REVAMPING | G30: 02 FOUR - CHAUDIERE - TRAITEMENT FUMEE - GTA > 02.01 FOUR - CHAUDIERE | I30: 02.01.08 | J30: 02 FOUR - CHAUDIERE - TRAITEMENT FUMEE - GTA > 02.01 FOUR - CHAUDIERE | K30: Jean Roch DIDRY | L30: BIEN | M30: N | N30: 60500000 | O30: N/A | P30: OPEX | Q30: NORB-AC-DEB-FR | W30: 02.01.08 BOILER - REVAMPING | X30: 02 KILN - BOILER - FLUE GAS TREATMENT - TURBO-GENERATOR > 02.01 KILN - BOILER | AA30: 02.01.08 CALDERA - RENOVACIÓN | AB30: 02 HORNO - CALDERA - TRATAMIENTO DEL HUMO - GTA > 02.01 HORNO - CALDERA | AF30: 60500000 | AG30: 22500000
D31: 02.01.09 EXTRACTEUR MACHEFERS - MATERIEL NEUF | E31: =RIGHT(D31,LEN(D31)-10) -> XTRACTEUR MACHEFERS - MATERIEL NEUF | F31: EXTRACTEUR MACHEFERS - MATERIEL NEUF | G31: 02 FOUR - CHAUDIERE - TRAITEMENT FUMEE - GTA > 02.01 FOUR - CHAUDIERE | I31: 02.01.09 | J31: 02 FOUR - CHAUDIERE - TRAITEMENT FUMEE - GTA > 02.01 FOUR - CHAUDIERE | K31: Jean Roch DIDRY | L31: BIEN | M31: N | N31: 60500000 | O31: N/A | P31: OPEX | Q31: NORB-AC-DEB-FR | W31: 02.01.09 BOTTOM ASH EXTRACTOR - NEW EQUIPMENT | X31: 02 KILN - BOILER - FLUE GAS TREATMENT - TURBO-GENERATOR > 02.01 KILN - BOILER | AA31: 02.01.09 EXTRACTOR DE ESCORIA - MATERIAL NUEVO | AB31: 02 HORNO - CALDERA - TRATAMIENTO DEL HUMO - GTA > 02.01 HORNO - CALDERA | AF31: 60500000 | AG31: 22500000
D32: 02.01.10 EXTRACTEUR MACHEFERS - ACCESSOIRE - PIECE | E32: =RIGHT(D32,LEN(D32)-10) -> XTRACTEUR MACHEFERS - ACCESSOIRE - PIECE | F32: EXTRACTEUR MACHEFERS - ACCESSOIRE - PIECE | G32: 02 FOUR - CHAUDIERE - TRAITEMENT FUMEE - GTA > 02.01 FOUR - CHAUDIERE | I32: 02.01.10 | J32: 02 FOUR - CHAUDIERE - TRAITEMENT FUMEE - GTA > 02.01 FOUR - CHAUDIERE | K32: Jean Roch DIDRY | L32: BIEN | M32: N | N32: 60230000 | O32: N/A | P32: OPEX | Q32: NORB-AC-DEB-FR | W32: 02.01.10 BOTTOM ASH EXTRACTOR - ACCESSORIES - PARTS | X32: 02 KILN - BOILER - FLUE GAS TREATMENT - TURBO-GENERATOR > 02.01 KILN - BOILER | AA32: 02.01.10 EXTRACTOR DE ESCORIA- ACCESORIO - PIEZA | AB32: 02 HORNO - CALDERA - TRATAMIENTO DEL HUMO - GTA > 02.01 HORNO - CALDERA | AG32: 22500000
D33: 02.01.11 GRILLE - MATERIEL NEUF | E33: =RIGHT(D33,LEN(D33)-10) -> RILLE - MATERIEL NEUF | F33: GRILLE - MATERIEL NEUF | G33: 02 FOUR - CHAUDIERE - TRAITEMENT FUMEE - GTA > 02.01 FOUR - CHAUDIERE | I33: 02.01.11 | J33: 02 FOUR - CHAUDIERE - TRAITEMENT FUMEE - GTA > 02.01 FOUR - CHAUDIERE | K33: Jean Roch DIDRY | L33: BIEN | M33: N | N33: 60500000 | O33: N/A | P33: OPEX | Q33: NORB-AC-DEB-FR | W33: 02.01.11 GRATE - NEW EQUIPMENT | X33: 02 KILN - BOILER - FLUE GAS TREATMENT - TURBO-GENERATOR > 02.01 KILN - BOILER | AA33: 02.01.11 REJA - MATERIAL NUEVO | AB33: 02 HORNO - CALDERA - TRATAMIENTO DEL HUMO - GTA > 02.01 HORNO - CALDERA | AF33: 60500000 | AG33: 22500000
D34: 02.01.12 GRILLE - ACCESSOIRE - PIECE | E34: =RIGHT(D34,LEN(D34)-10) -> RILLE - ACCESSOIRE - PIECE | F34: GRILLE - ACCESSOIRE - PIECE | G34: 02 FOUR - CHAUDIERE - TRAITEMENT FUMEE - GTA > 02.01 FOUR - CHAUDIERE | I34: 02.01.12 | J34: 02 FOUR - CHAUDIERE - TRAITEMENT FUMEE - GTA > 02.01 FOUR - CHAUDIERE | K34: Jean Roch DIDRY | L34: BIEN | M34: N | N34: 60230000 | O34: N/A | P34: OPEX | Q34: NORB-AC-DEB-FR | W34: 02.01.12 GRATE - ACCESSORIES - PARTS | X34: 02 KILN - BOILER - FLUE GAS TREATMENT - TURBO-GENERATOR > 02.01 KILN - BOILER | AA34: 02.01.12 REJA - ACCESORIO - PIEZA | AB34: 02 HORNO - CALDERA - TRATAMIENTO DEL HUMO - GTA > 02.01 HORNO - CALDERA | AG34: 22500000
C35: 02.02 FOUR - CHAUDIERE - MAINTENANCE - SERVICE | D35: 02.02.01 PIECE DE FONDERIE CHAUDIERE - FOUR - MAINTENANCE - SERVICE | E35: =RIGHT(D35,LEN(D35)-10) -> IECE DE FONDERIE CHAUDIERE - FOUR - MAINTENANCE - SERVICE | F35: PIECE DE FONDERIE CHAUDIERE - FOUR - MAINTENANCE - SERVICE | G35: 02 FOUR - CHAUDIERE - TRAITEMENT FUMEE - GTA > 02.02 FOUR - CHAUDIERE - MAINTENANCE - SERVICE | I35: 02.02.01 | J35: 02 FOUR - CHAUDIERE - TRAITEMENT FUMEE - GTA > 02.02 FOUR - CHAUDIERE - MAINTENANCE - SERVICE | K35: Jean Roch DIDRY | L35: SERVICE | M35: Y | N35: 61560000 | O35: N/A | P35: OPEX | Q35: NORS-AC-ENC-FR | V35: 02.02 KILN - BOILER - MAINTENANCE - SERVICE | W35: 02.02.01 FOUNDRY PARTS BOILER - KILN - MAINTENANCE - SERVICE | X35: 02 KILN - BOILER - FLUE GAS TREATMENT - TURBO-GENERATOR > 02.02 KILN - BOILER - MAINTENANCE - SERVICE | Z35: 02.02 HORNO - CALDERA - MANTENIMIENTO - SERVICIO TÉCNICO | AA35: 02.02.01 PIEZA DE FUNDICIÓN DE CALDERA - HORNO - MANTENIMIENTO - SERVICIO TÉCNICO | AB35: 02 HORNO - CALDERA - TRATAMIENTO DEL HUMO - GTA > 02.02 HORNO - CALDERA - MANTENIMIENTO - SERVICIO TÉCNICO | AC35: ? | AG35: 22500000
D36: 02.02.02 TUBE - ELEMENT CHAUDIERE - MAINTENANCE - SERVICE | E36: =RIGHT(D36,LEN(D36)-10) -> UBE - ELEMENT CHAUDIERE - MAINTENANCE - SERVICE | F36: TUBE - ELEMENT CHAUDIERE - MAINTENANCE - SERVICE | G36: 02 FOUR - CHAUDIERE - TRAITEMENT FUMEE - GTA > 02.02 FOUR - CHAUDIERE - MAINTENANCE - SERVICE | I36: 02.02.02 | J36: 02 FOUR - CHAUDIERE - TRAITEMENT FUMEE - GTA > 02.02 FOUR - CHAUDIERE - MAINTENANCE - SERVICE | K36: Jean Roch DIDRY | L36: SERVICE | M36: Y | N36: 61560000 | O36: N/A | P36: OPEX | Q36: NORS-AC-ENC-FR | W36: 02.02.02 TUBE - BOILER ELEMENT - MAINTENANCE - SERVICE | X36: 02 KILN - BOILER - FLUE GAS TREATMENT - TURBO-GENERATOR > 02.02 KILN - BOILER - MAINTENANCE - SERVICE | AA36: 02.02.02 TUBO - ELEMENTO DE CALDERA - MANTENIMIENTO - SERVICIO TÉCNICO | AB36: 02 HORNO - CALDERA - TRATAMIENTO DEL HUMO - GTA > 02.02 HORNO - CALDERA - MANTENIMIENTO - SERVICIO TÉCNICO | AC36: ? | AG36: 22500000
D37: 02.02.03 BRULEUR - MAINTENANCE - SERVICE | E37: =RIGHT(D37,LEN(D37)-10) -> RULEUR - MAINTENANCE - SERVICE | F37: BRULEUR - MAINTENANCE - SERVICE | G37: 02 FOUR - CHAUDIERE - TRAITEMENT FUMEE - GTA > 02.02 FOUR - CHAUDIERE - MAINTENANCE - SERVICE | I37: 02.02.03 | J37: 02 FOUR - CHAUDIERE - TRAITEMENT FUMEE - GTA > 02.02 FOUR - CHAUDIERE - MAINTENANCE - SERVICE | K37: Jean Roch DIDRY | L37: SERVICE | M37: Y | N37: 61560000 | O37: N/A | P37: OPEX | Q37: NORS-AC-ENC-FR | W37: 02.02.03 BURNER - MAINTENANCE - SERVICE | X37: 02 KILN - BOILER - FLUE GAS TREATMENT - TURBO-GENERATOR > 02.02 KILN - BOILER - MAINTENANCE - SERVICE | AA37: 02.02.03 QUEMADOR - MANTENIMIENTO - SERVICIO TÉCNICO | AB37: 02 HORNO - CALDERA - TRATAMIENTO DEL HUMO - GTA > 02.02 HORNO - CALDERA - MANTENIMIENTO - SERVICIO TÉCNICO | AC37: ? | AG37: 22500000
D38: 02.02.04 SYSTÈME NETTOYAGE CHAUDIERE EN MARCHE - MAINTENANCE - SERVICE | E38: =RIGHT(D38,LEN(D38)-10) -> YSTÈME NETTOYAGE CHAUDIERE EN MARCHE - MAINTENANCE - SERVICE | F38: SYSTÈME NETTOYAGE CHAUDIERE EN MARCHE - MAINTENANCE - SERVICE | G38: 02 FOUR - CHAUDIERE - TRAITEMENT FUMEE - GTA > 02.02 FOUR - CHAUDIERE - MAINTENANCE - SERVICE | I38: 02.02.04 | J38: 02 FOUR - CHAUDIERE - TRAITEMENT FUMEE - GTA > 02.02 FOUR - CHAUDIERE - MAINTENANCE - SERVICE | K38: Jean Roch DIDRY | L38: SERVICE | M38: Y | N38: 61560000 | O38: N/A | P38: OPEX | Q38: NORS-AC-ENC-FR | W38: 02.02.04 BOILER CLEANING SYSTEM IN OPERATION - MAINTENANCE - SERVICE | X38: 02 KILN - BOILER - FLUE GAS TREATMENT - TURBO-GENERATOR > 02.02 KILN - BOILER - MAINTENANCE - SERVICE | AA38: 02.02.04 SISTEMA DE LIMPIEZA DE CALDERA EN FUNCIONES - MANTENIMIENTO - SERVICIO TÉCNICO | AB38: 02 HORNO - CALDERA - TRATAMIENTO DEL HUMO - GTA > 02.02 HORNO - CALDERA - MANTENIMIENTO - SERVICIO TÉCNICO | AC38: ? | AG38: 22500000
D39: 02.02.05 EXTRACTEUR MACHEFERS - MAINTENANCE - SERVICE | E39: =RIGHT(D39,LEN(D39)-10) -> XTRACTEUR MACHEFERS - MAINTENANCE - SERVICE | F39: EXTRACTEUR MACHEFERS - MAINTENANCE - SERVICE | G39: 02 FOUR - CHAUDIERE - TRAITEMENT FUMEE - GTA > 02.02 FOUR - CHAUDIERE - MAINTENANCE - SERVICE | I39: 02.02.05 | J39: 02 FOUR - CHAUDIERE - TRAITEMENT FUMEE - GTA > 02.02 FOUR - CHAUDIERE - MAINTENANCE - SERVICE | K39: Jean Roch DIDRY | L39: SERVICE | M39: Y | N39: 61560000 | O39: N/A | P39: OPEX | Q39: NORS-AC-ENC-FR | W39: 02.02.05 BOTTOM ASH EXTRACTOR - MAINTENANCE - SERVICE | X39: 02 KILN - BOILER - FLUE GAS TREATMENT - TURBO-GENERATOR > 02.02 KILN - BOILER - MAINTENANCE - SERVICE | AA39: 02.02.05 EXTRACTOR DE ESCORIA - MANTENIMIENTO - SERVICIO TÉCNICO | AB39: 02 HORNO - CALDERA - TRATAMIENTO DEL HUMO - GTA > 02.02 HORNO - CALDERA - MANTENIMIENTO - SERVICIO TÉCNICO | AC39: ? | AG39: 22500000
D40: 02.02.06 GRILLE - MAINTENANCE - SERVICE | E40: =RIGHT(D40,LEN(D40)-10) -> RILLE - MAINTENANCE - SERVICE | F40: GRILLE - MAINTENANCE - SERVICE | G40: 02 FOUR - CHAUDIERE - TRAITEMENT FUMEE - GTA > 02.02 FOUR - CHAUDIERE - MAINTENANCE - SERVICE | I40: 02.02.06 | J40: 02 FOUR - CHAUDIERE - TRAITEMENT FUMEE - GTA > 02.02 FOUR - CHAUDIERE - MAINTENANCE - SERVICE | K40: Jean Roch DIDRY | L40: SERVICE | M40: Y | N40: 61560000 | O40: N/A | P40: OPEX | Q40: NORS-AC-ENC-FR | W40: 02.02.06 GRATE - MAINTENANCE - SERVICE | X40: 02 KILN - BOILER - FLUE GAS TREATMENT - TURBO-GENERATOR > 02.02 KILN - BOILER - MAINTENANCE - SERVICE | AA40: 02.02.06 REJA - MANTENIMIENTO - SERVICIO TÉCNICO | AB40: 02 HORNO - CALDERA - TRATAMIENTO DEL HUMO - GTA > 02.02 HORNO - CALDERA - MANTENIMIENTO - SERVICIO TÉCNICO | AC40: ? | AG40: 22500000
C41: 02.03 TRAITEMENT FUMEE | D41: 02.03.01 VENTILATEUR EXTRACTION - MATERIEL NEUF | E41: =RIGHT(D41,LEN(D41)-10) -> ENTILATEUR EXTRACTION - MATERIEL NEUF | F41: VENTILATEUR EXTRACTION - MATERIEL NEUF | G41: 02 FOUR - CHAUDIERE - TRAITEMENT FUMEE - GTA > 02.03 TRAITEMENT FUMEE | I41: 02.03.01 | J41: 02 FOUR - CHAUDIERE - TRAITEMENT FUMEE - GTA > 02.03 TRAITEMENT FUMEE | K41: Jean Roch DIDRY | L41: BIEN | M41: N | N41: 60500000 | O41: N/A | P41: OPEX | Q41: NORB-AC-DEB-FR | V41: 02.03 FLUE GAS TREATMENT | W41: 02.03.01 EXTRACTION FAN - NEW EQUIPMENT | X41: 02 KILN - BOILER - FLUE GAS TREATMENT - TURBO-GENERATOR > 02.03 FLUE GAS TREATMENT | Z41: 02.03 TRATAMIENTO DE HUMO | AA41: 02.03.01 VENTILADOR DE EXTRACCIÓN - MATERIAL NUEVO | AB41: 02 HORNO - CALDERA - TRATAMIENTO DEL HUMO - GTA > 02.03 TRATAMIENTO DE HUMO | AF41: 60500000
D42: 02.03.02 ALIMENTATION - INJECTION REACTIF | E42: =RIGHT(D42,LEN(D42)-10) -> LIMENTATION - INJECTION REACTIF | F42: ALIMENTATION - INJECTION REACTIF | G42: 02 FOUR - CHAUDIERE - TRAITEMENT FUMEE - GTA > 02.03 TRAITEMENT FUMEE | I42: 02.03.02 | J42: 02 FOUR - CHAUDIERE - TRAITEMENT FUMEE - GTA > 02.03 TRAITEMENT FUMEE | K42: Jean Roch DIDRY | L42: BIEN | M42: N | N42: 60500000 | O42: N/A | P42: OPEX | Q42: NORB-AC-DEB-FR | W42: 02.03.02 SUPPLY - REACTION INJECTION | X42: 02 KILN - BOILER - FLUE GAS TREATMENT - TURBO-GENERATOR > 02.03 FLUE GAS TREATMENT | AA42: 02.03.02 ALIMENTACIÓN - INYECCIÓN DE REACTIVO | AB42: 02 HORNO - CALDERA - TRATAMIENTO DEL HUMO - GTA > 02.03 TRATAMIENTO DE HUMO | AF42: 60500000
D43: 02.03.03 MANCHE DE FILTRE - MATERIEL NEUF | E43: =RIGHT(D43,LEN(D43)-10) -> ANCHE DE FILTRE - MATERIEL NEUF | F43: MANCHE DE FILTRE - MATERIEL NEUF | G43: 02 FOUR - CHAUDIERE - TRAITEMENT FUMEE - GTA > 02.03 TRAITEMENT FUMEE | I43: 02.03.03 | J43: 02 FOUR - CHAUDIERE - TRAITEMENT FUMEE - GTA > 02.03 TRAITEMENT FUMEE | K43: Jean Roch DIDRY | L43: BIEN | M43: N | N43: 60500000 | O43: N/A | P43: OPEX | Q43: NORB-AC-DEB-FR | W43: 02.03.03 FILTER SLEEVE - NEW EQUIPMENT | X43: 02 KILN - BOILER - FLUE GAS TREATMENT - TURBO-GENERATOR > 02.03 FLUE GAS TREATMENT | AA43: 02.03.03 MANGA DE FILTRO - MATERIAL NUEVO | AB43: 02 HORNO - CALDERA - TRATAMIENTO DEL HUMO - GTA > 02.03 TRATAMIENTO DE HUMO | AF43: 60500000
D44: 02.03.04 CATALYSEUR - MATERIEL NEUF | E44: =RIGHT(D44,LEN(D44)-10) -> ATALYSEUR - MATERIEL NEUF | F44: CATALYSEUR - MATERIEL NEUF | G44: 02 FOUR - CHAUDIERE - TRAITEMENT FUMEE - GTA > 02.03 TRAITEMENT FUMEE | I44: 02.03.04 | J44: 02 FOUR - CHAUDIERE - TRAITEMENT FUMEE - GTA > 02.03 TRAITEMENT FUMEE | K44: Jean Roch DIDRY | L44: BIEN | M44: N | N44: 60500000 | O44: N/A | P44: OPEX | Q44: NORB-AC-DEB-FR | W44: 02.03.04 CATALYST - NEW EQUIPMENT | X44: 02 KILN - BOILER - FLUE GAS TREATMENT - TURBO-GENERATOR > 02.03 FLUE GAS TREATMENT | AA44: 02.03.04 CATALIZADOR - MATERIAL NUEVO | AB44: 02 HORNO - CALDERA - TRATAMIENTO DEL HUMO - GTA > 02.03 TRATAMIENTO DE HUMO | AF44: 60500000
C45: 02.04 TRAITEMENT FUMEE - MAINTENANCE - SERVICE | D45: 02.04.01 VENTILATEUR EXTRACTION - MAINTENANCE - SERVICE | E45: =RIGHT(D45,LEN(D45)-10) -> ENTILATEUR EXTRACTION - MAINTENANCE - SERVICE | F45: VENTILATEUR EXTRACTION - MAINTENANCE - SERVICE | G45: 02 FOUR - CHAUDIERE - TRAITEMENT FUMEE - GTA > 02.04 TRAITEMENT FUMEE - MAINTENANCE - SERVICE | I45: 02.04.01 | J45: 02 FOUR - CHAUDIERE - TRAITEMENT FUMEE - GTA > 02.04 TRAITEMENT FUMEE - MAINTENANCE - SERVICE | K45: Jean Roch DIDRY | L45: SERVICE | M45: Y | N45: 61560000 | O45: N/A | P45: OPEX | Q45: NORS-AC-ENC-FR | V45: 02.04 FLUE GAS TREATMENT - MAINTENANCE - SERVICE | W45: 02.04.01 EXTRACTION FAN - MAINTENANCE - SERVICE | X45: 02 KILN - BOILER - FLUE GAS TREATMENT - TURBO-GENERATOR > 02.04 FLUE GAS TREATMENT - MAINTENANCE - SERVICE | Z45: 02.04 TRATAMIENTO DE HUMO - MANTENIMIENTO - SERVICIO TÉCNICO | AA45: 02.04.01 VENTILADOR DE EXTRACCIÓN - MANTENIMIENTO - SERVICIO TÉCNICO | AB45: 02 HORNO - CALDERA - TRATAMIENTO DEL HUMO - GTA > 02.04 TRATAMIENTO DE HUMO - MANTENIMIENTO - SERVICIO TÉCNICO | AC45: X | AD45: 23915400 | AE45: Réparation > 3000€ et augmente la valeur de vente et augmente la durée de vie du bien concerné par la maintenance
D46: 02.04.02 MANCHE DE FILTRE - POSE - SERVICE | E46: =RIGHT(D46,LEN(D46)-10) -> ANCHE DE FILTRE - POSE - SERVICE | F46: MANCHE DE FILTRE - POSE - SERVICE | G46: 02 FOUR - CHAUDIERE - TRAITEMENT FUMEE - GTA > 02.04 TRAITEMENT FUMEE - MAINTENANCE - SERVICE | I46: 02.04.02 | J46: 02 FOUR - CHAUDIERE - TRAITEMENT FUMEE - GTA > 02.04 TRAITEMENT FUMEE - MAINTENANCE - SERVICE | K46: Jean Roch DIDRY | L46: SERVICE | M46: Y | N46: 61560000 | O46: N/A | P46: OPEX | Q46: NORS-AC-ENC-FR | W46: 02.04.02 FILTER SLEEVE - INSTALLATION - SERVICE | X46: 02 KILN - BOILER - FLUE GAS TREATMENT - TURBO-GENERATOR > 02.04 FLUE GAS TREATMENT - MAINTENANCE - SERVICE | AA46: 02.04.02 MANGA DE FILTRO - COLOCACIÓN - SERVICIO TÉCNICO | AB46: 02 HORNO - CALDERA - TRATAMIENTO DEL HUMO - GTA > 02.04 TRATAMIENTO DE HUMO - MANTENIMIENTO - SERVICIO TÉCNICO | AC46: X | AD46: 23915400 | AE46: Réparation > 3000€ et augmente la valeur de vente et augmente la durée de vie du bien concerné par la maintenance
D47: 02.04.03 CATALYSEUR - POSE - SERVICE | E47: =RIGHT(D47,LEN(D47)-10) -> ATALYSEUR - POSE - SERVICE | F47: CATALYSEUR - POSE - SERVICE | G47: 02 FOUR - CHAUDIERE - TRAITEMENT FUMEE - GTA > 02.04 TRAITEMENT FUMEE - MAINTENANCE - SERVICE | I47: 02.04.03 | J47: 02 FOUR - CHAUDIERE - TRAITEMENT FUMEE - GTA > 02.04 TRAITEMENT FUMEE - MAINTENANCE - SERVICE | K47: Jean Roch DIDRY | L47: SERVICE | M47: Y | N47: 61560000 | O47: N/A | P47: OPEX | Q47: NORS-AC-ENC-FR | W47: 02.04.03 CATALYST- INSTALLATION - SERVICE | X47: 02 KILN - BOILER - FLUE GAS TREATMENT - TURBO-GENERATOR > 02.04 FLUE GAS TREATMENT - MAINTENANCE - SERVICE | AA47: 02.04.03 CATALIZADOR - COLOCACIÓN - SERVICIO TÉCNICO | AB47: 02 HORNO - CALDERA - TRATAMIENTO DEL HUMO - GTA > 02.04 TRATAMIENTO DE HUMO - MANTENIMIENTO - SERVICIO TÉCNICO | AC47: X | AD47: 23915400 | AE47: Réparation > 3000€ et augmente la valeur de vente et augmente la durée de vie du bien concerné par la maintenance
A48: 45377 | C48: 02.05 GROUPE TURBO ALTERNATEUR - TURBINE | D48: 02.05.01 TURBINE - MATERIEL NEUF | E48: =RIGHT(D48,LEN(D48)-10) -> URBINE - MATERIEL NEUF | F48: TURBINE - MATERIEL NEUF | G48: 02 FOUR - CHAUDIERE - TRAITEMENT FUMEE - GTA > 02.05 GROUPE TURBO ALTERNATEUR - TURBINE | I48: 02.05.01 | J48: 02 FOUR - CHAUDIERE - TRAITEMENT FUMEE - GTA > 02.05 GROUPE TURBO ALTERNATEUR - TURBINE | K48: Jean Roch DIDRY | L48: BIEN | M48: N | N48: 23915400 | O48: N/A | P48: CAPEX | Q48: NORB-AC-DEB-FR | V48: 02.05 TURBO-GENERATOR - TURBINE | W48: 02.05.01 TURBINE - NEW EQUIPMENT | X48: 02 KILN - BOILER - FLUE GAS TREATMENT - TURBO-GENERATOR > 02.05 TURBO-GENERATOR - TURBINE | Z48: 02.05 GRUPO TURBOALTERNADOR - TURBINA | AA48: 02.05.01 TURBINA - MATERIAL NUEVO | AB48: 02 HORNO - CALDERA - TRATAMIENTO DEL HUMO - GTA > 02.05 GRUPO TURBOALTERNADOR - TURBINA | AF48: 60500000 | AG48: 22500000
A49: 45377 | D49: 02.05.02 REDUCTEUR - MATERIEL NEUF | E49: =RIGHT(D49,LEN(D49)-10) -> EDUCTEUR - MATERIEL NEUF | F49: REDUCTEUR - MATERIEL NEUF | G49: 02 FOUR - CHAUDIERE - TRAITEMENT FUMEE - GTA > 02.05 GROUPE TURBO ALTERNATEUR - TURBINE | I49: 02.05.02 | J49: 02 FOUR - CHAUDIERE - TRAITEMENT FUMEE - GTA > 02.05 GROUPE TURBO ALTERNATEUR - TURBINE | K49: Jean Roch DIDRY | L49: BIEN | M49: N | N49: 23915400 | O49: N/A | P49: CAPEX | Q49: NORB-AC-DEB-FR | W49: 02.05.02 GEARBOX - NEW EQUIPMENT | X49: 02 KILN - BOILER - FLUE GAS TREATMENT - TURBO-GENERATOR > 02.05 TURBO-GENERATOR - TURBINE | AA49: 02.05.02 REDUCTOR - MATERIAL NUEVO | AB49: 02 HORNO - CALDERA - TRATAMIENTO DEL HUMO - GTA > 02.05 GRUPO TURBOALTERNADOR - TURBINA | AF49: 60500000 | AG49: 22500000
A50: 45377 | D50: 02.05.03 ALTERNATEUR - MATERIEL NEUF | E50: =RIGHT(D50,LEN(D50)-10) -> LTERNATEUR - MATERIEL NEUF | F50: ALTERNATEUR - MATERIEL NEUF | G50: 02 FOUR - CHAUDIERE - TRAITEMENT FUMEE - GTA > 02.05 GROUPE TURBO ALTERNATEUR - TURBINE | I50: 02.05.03 | J50: 02 FOUR - CHAUDIERE - TRAITEMENT FUMEE - GTA > 02.05 GROUPE TURBO ALTERNATEUR - TURBINE | K50: Jean Roch DIDRY | L50: BIEN | M50: N | N50: 23915400 | O50: N/A | P50: CAPEX | Q50: NORB-AC-DEB-FR | W50: 02.05.03 ALTERNATOR - NEW EQUIPMENT | X50: 02 KILN - BOILER - FLUE GAS TREATMENT - TURBO-GENERATOR > 02.05 TURBO-GENERATOR - TURBINE | AA50: 02.05.03 ALTERNADOR - MATERIAL NUEVO | AB50: 02 HORNO - CALDERA - TRATAMIENTO DEL HUMO - GTA > 02.05 GRUPO TURBOALTERNADOR - TURBINA | AF50: 60500000 | AG50: 22500000
A51: 45377 | D51: 02.05.04 TURBINE - REDUCTEUR - ALTERNATEUR - ACCESSOIRE - PIECE | E51: =RIGHT(D51,LEN(D51)-10) -> URBINE - REDUCTEUR - ALTERNATEUR - ACCESSOIRE - PIECE | F51: TURBINE - REDUCTEUR - ALTERNATEUR - ACCESSOIRE - PIECE | G51: 02 FOUR - CHAUDIERE - TRAITEMENT FUMEE - GTA > 02.05 GROUPE TURBO ALTERNATEUR - TURBINE | I51: 02.05.04 | J51: 02 FOUR - CHAUDIERE - TRAITEMENT FUMEE - GTA > 02.05 GROUPE TURBO ALTERNATEUR - TURBINE | K51: Jean Roch DIDRY | L51: BIEN | M51: N | N51: 60630000 | O51: N/A | P51: OPEX | Q51: NORB-AC-DEB-FR | W51: 02.05.04 TURBINE- GEARBOX - ALTERNATOR - ACCESSORIES - PARTS | X51: 02 KILN - BOILER - FLUE GAS TREATMENT - TURBO-GENERATOR > 02.05 TURBO-GENERATOR - TURBINE | AA51: 02.05.04 TURBINA - REDUCTOR - ALTERNADOR - ACCESORIO - PIEZA | AB51: 02 HORNO - CALDERA - TRATAMIENTO DEL HUMO - GTA > 02.05 GRUPO TURBOALTERNADOR - TURBINA | AC51: X | AD51: 23915400 | AE51: Immo si valeur unitaire > 500€ + durée d'utilisation du bien > 1 an | AF51: 60500000 | AG51: 22500000
C52: 02.06 GROUPE TURBO ALTERNATEUR - TURBINE - MAINTENANCE - SERVICE | D52: 02.06.01 GROUPE TURBO ALTERNATEUR - TURBINE - MAINTENANCE - SERVICE | E52: =RIGHT(D52,LEN(D52)-10) -> ROUPE TURBO ALTERNATEUR - TURBINE - MAINTENANCE - SERVICE | F52: GROUPE TURBO ALTERNATEUR - TURBINE - MAINTENANCE - SERVICE | G52: 02 FOUR - CHAUDIERE - TRAITEMENT FUMEE - GTA > 02.06 GROUPE TURBO ALTERNATEUR - TURBINE - MAINTENANCE - SERVICE | I52: 02.06.01 | J52: 02 FOUR - CHAUDIERE - TRAITEMENT FUMEE - GTA > 02.06 GROUPE TURBO ALTERNATEUR - TURBINE - MAINTENANCE - SERVICE | K52: Jean Roch DIDRY | L52: SERVICE | M52: Y | N52: 61560000 | O52: N/A | P52: OPEX | Q52: NORS-AC-ENC-FR | V52: 02.06 TURBO-GENERATOR - TURBINE - MAINTENANCE - SERVICE | W52: 02.06.01 TURBO-GENERATOR - TURBINE - MAINTENANCE - SERVICE | X52: 02 KILN - BOILER - FLUE GAS TREATMENT - TURBO-GENERATOR > 02.06 TURBO-GENERATOR - TURBINE - MAINTENANCE - SERVICE | Z52: 02.06 GRUPO TURBOALTERNADOR - TURBINA - MANTENIMIENTO - SERVICIO TÉCNICO | AA52: 02.06.01 GRUPO TURBOALTERNADOR - TURBINA - MANTENIMIENTO - SERVICIO TÉCNICO | AB52: 02 HORNO - CALDERA - TRATAMIENTO DEL HUMO - GTA > 02.06 GRUPO TURBOALTERNADOR - TURBINA - MANTENIMIENTO - SERVICIO TÉCNICO | AC52: X | AD52: 23915400 | AE52: Réparation > 3000€ et augmente la valeur de vente et augmente la durée de vie du bien concerné par la maintenance | AG52: 22500000
B53: 03 EQUIPEMENT - MAINTENANCE - PROCESS | C53: 03.01 PONT BASCULE - PORTIQUE | D53: 03.01.01 PONT BASCULE - MATERIEL NEUF | E53: =RIGHT(D53,LEN(D53)-10) -> ONT BASCULE - MATERIEL NEUF | F53: PONT BASCULE - MATERIEL NEUF | G53: 03 EQUIPEMENT - MAINTENANCE - PROCESS > 03.01 PONT BASCULE - PORTIQUE | I53: 03.01.01 | J53: 03 EQUIPEMENT - MAINTENANCE - PROCESS > 03.01 PONT BASCULE - PORTIQUE | K53: Camille BONNAVE | L53: BIEN | M53: N | N53: 23915400 | O53: F32C | P53: CBM | Q53: IMMB-AC-DEB-FR | R53: 60500000 | S53: N/A | T53: OPEX | U53: 03 EQUIPMENT - MAINTENANCE - PROCESS | V53: 03.01 WEIGHBRIDGE - GANTRY CRANE | W53: 03.01.01 WEIGHBRIDGE - NEW EQUIPMENT | X53: 03 EQUIPMENT - MAINTENANCE - PROCESS > 03.01 WEIGHBRIDGE - GANTRY CRANE | Y53: 03 EQUIPO - MANTENIMIENTO - PROCESO | Z53: 03.01 BÁSCULA PUENTE - PÓRTICO | AA53: 03.01.01 BÁSCULA PUENTE - MATERIAL NUEVO | AB53: 03 EQUIPO - MANTENIMIENTO - PROCESO > 03.01 BÁSCULA PUENTE - PÓRTICO | AF53: 60500000 | AG53: 22500000
D54: 03.01.02 BORNE DE PESEE - MATERIEL NEUF | E54: =RIGHT(D54,LEN(D54)-10) -> ORNE DE PESEE - MATERIEL NEUF | F54: BORNE DE PESEE - MATERIEL NEUF | G54: 03 EQUIPEMENT - MAINTENANCE - PROCESS > 03.01 PONT BASCULE - PORTIQUE | I54: 03.01.02 | J54: 03 EQUIPEMENT - MAINTENANCE - PROCESS > 03.01 PONT BASCULE - PORTIQUE | K54: Camille BONNAVE | L54: BIEN | M54: N | N54: 23915400 | O54: F32C | P54: CBM | Q54: IMMB-AC-DEB-FR | R54: 60500000 | S54: N/A | T54: OPEX | W54: 03.01.02 WEIGHING TERMINAL - NEW EQUIPMENT | X54: 03 EQUIPMENT - MAINTENANCE - PROCESS > 03.01 WEIGHBRIDGE - GANTRY CRANE | AA54: 03.01.02 TERMINAL DE PESAJE - MATERIAL NUEVO | AB54: 03 EQUIPO - MANTENIMIENTO - PROCESO > 03.01 BÁSCULA PUENTE - PÓRTICO | AF54: 60500000 | AG54: 22500000
D55: 03.01.03 BASCULE - MATERIEL NEUF | E55: =RIGHT(D55,LEN(D55)-10) -> ASCULE - MATERIEL NEUF | F55: BASCULE - MATERIEL NEUF | G55: 03 EQUIPEMENT - MAINTENANCE - PROCESS > 03.01 PONT BASCULE - PORTIQUE | I55: 03.01.03 | J55: 03 EQUIPEMENT - MAINTENANCE - PROCESS > 03.01 PONT BASCULE - PORTIQUE | K55: Camille BONNAVE | L55: BIEN | M55: N | N55: 23915400 | O55: F32C | P55: CBM | Q55: IMMB-AC-DEB-FR | R55: 60500000 | S55: N/A | T55: OPEX | W55: 03.01.03 SCALE - NEW EQUIPMENT | X55: 03 EQUIPMENT - MAINTENANCE - PROCESS > 03.01 WEIGHBRIDGE - GANTRY CRANE | AA55: 03.01.03 BÁSCULA - MATERIAL NUEVO | AB55: 03 EQUIPO - MANTENIMIENTO - PROCESO > 03.01 BÁSCULA PUENTE - PÓRTICO | AF55: 60500000 | AG55: 22500000
D56: 03.01.04 PORTIQUE RADIOACTIVITE - MATERIEL NEUF | E56: =RIGHT(D56,LEN(D56)-10) -> ORTIQUE RADIOACTIVITE - MATERIEL NEUF | F56: PORTIQUE RADIOACTIVITE - MATERIEL NEUF | G56: 03 EQUIPEMENT - MAINTENANCE - PROCESS > 03.01 PONT BASCULE - PORTIQUE | I56: 03.01.04 | J56: 03 EQUIPEMENT - MAINTENANCE - PROCESS > 03.01 PONT BASCULE - PORTIQUE | K56: Camille BONNAVE | L56: BIEN | M56: N | N56: 23915400 | O56: F32C | P56: CBM | Q56: IMMB-AC-DEB-FR | R56: 60500000 | S56: N/A | T56: OPEX | W56: 03.01.04 RADIOACTIVITY GANTRY CRANE - NEW EQUIPMENT | X56: 03 EQUIPMENT - MAINTENANCE - PROCESS > 03.01 WEIGHBRIDGE - GANTRY CRANE | AA56: 03.01.04 PÓRTICO DE RADIOACTIVIDAD - MATERIAL NUEVO | AB56: 03 EQUIPO - MANTENIMIENTO - PROCESO > 03.01 BÁSCULA PUENTE - PÓRTICO | AF56: 60500000 | AG56: 22500000
C57: 03.02 EQUIPEMENT LEVAGE | D57: 03.02.01 PONT ROULANT - MATERIEL NEUF | E57: =RIGHT(D57,LEN(D57)-10) -> ONT ROULANT - MATERIEL NEUF | F57: PONT ROULANT - MATERIEL NEUF | G57: 03 EQUIPEMENT - MAINTENANCE - PROCESS > 03.02 EQUIPEMENT LEVAGE | I57: 03.02.01 | J57: 03 EQUIPEMENT - MAINTENANCE - PROCESS > 03.02 EQUIPEMENT LEVAGE | K57: Jean Roch DIDRY | L57: BIEN | M57: N | N57: 23915400 | O57: F322 | P57: CAPEX | Q57: IMMB-AC-DEB-FR | R57: 60500000 | S57: N/A | T57: OPEX | V57: 03.02 LIFTING EQUIPMENT | W57: 03.02.01 BRIDGE CRANE - NEW EQUIPMENT | X57: 03 EQUIPMENT - MAINTENANCE - PROCESS > 03.02 LIFTING EQUIPMENT | Z57: 03.02 EQUIPO DE LEVANTAMIENTO | AA57: 03.02.01 PUENTE GRÚA - MATERIAL NUEVO | AB57: 03 EQUIPO - MANTENIMIENTO - PROCESO > 03.02 EQUIPO DE LEVANTAMIENTO | AF57: 60500000 | AG57: 22500000
D58: 03.02.02 PONT ROULANT - ACCESSOIRE - PIECE | E58: =RIGHT(D58,LEN(D58)-10) -> ONT ROULANT - ACCESSOIRE - PIECE | F58: PONT ROULANT - ACCESSOIRE - PIECE | G58: 03 EQUIPEMENT - MAINTENANCE - PROCESS > 03.02 EQUIPEMENT LEVAGE | I58: 03.02.02 | J58: 03 EQUIPEMENT - MAINTENANCE - PROCESS > 03.02 EQUIPEMENT LEVAGE | K58: Jean Roch DIDRY | L58: BIEN | M58: N | N58: 60230000 | O58: N/A | P58: OPEX | Q58: NORB-AC-DEB-FR | W58: 03.02.02 BRIDGE CRANE - ACCESSORIES - PARTS | X58: 03 EQUIPMENT - MAINTENANCE - PROCESS > 03.02 LIFTING EQUIPMENT | AA58: 03.02.02 PUENTE GRÚA - ACCESORIO - PIEZA | AB58: 03 EQUIPO - MANTENIMIENTO - PROCESO > 03.02 EQUIPO DE LEVANTAMIENTO | AC58: X | AD58: 23915400 | AE58: Immo si valeur unitaire > 500€ + durée d'utilisation du bien > 1 an | AG58: 22500000
D59: 03.02.03 PALAN - MATERIEL NEUF | E59: =RIGHT(D59,LEN(D59)-10) -> ALAN - MATERIEL NEUF | F59: PALAN - MATERIEL NEUF | G59: 03 EQUIPEMENT - MAINTENANCE - PROCESS > 03.02 EQUIPEMENT LEVAGE | I59: 03.02.03 | J59: 03 EQUIPEMENT - MAINTENANCE - PROCESS > 03.02 EQUIPEMENT LEVAGE | K59: Jean Roch DIDRY | L59: BIEN | M59: N | N59: 23915400 | O59: F322 | P59: CAPEX | Q59: IMMB-AC-DEB-FR | R59: 60500000 | S59: N/A | T59: OPEX | W59: 03.02.03 HOIST - NEW EQUIPMENT | X59: 03 EQUIPMENT - MAINTENANCE - PROCESS > 03.02 LIFTING EQUIPMENT | AA59: 03.02.03 POLIPASTO - MATERIAL NUEVO | AB59: 03 EQUIPO - MANTENIMIENTO - PROCESO > 03.02 EQUIPO DE LEVANTAMIENTO | AF59: 60500000 | AG59: 22500000
D60: 03.02.04 POTENCE - MATERIEL NEUF | E60: =RIGHT(D60,LEN(D60)-10) -> OTENCE - MATERIEL NEUF | F60: POTENCE - MATERIEL NEUF | G60: 03 EQUIPEMENT - MAINTENANCE - PROCESS > 03.02 EQUIPEMENT LEVAGE | I60: 03.02.04 | J60: 03 EQUIPEMENT - MAINTENANCE - PROCESS > 03.02 EQUIPEMENT LEVAGE | K60: Jean Roch DIDRY | L60: BIEN | M60: N | N60: 23915400 | O60: F322 | P60: CAPEX | Q60: IMMB-AC-DEB-FR | R60: 60500000 | S60: N/A | T60: OPEX | W60: 03.02.04 JIB CRANE - NEW EQUIPMENT | X60: 03 EQUIPMENT - MAINTENANCE - PROCESS > 03.02 LIFTING EQUIPMENT | AA60: 03.02.04 GRÚA PLUMA - MATERIAL NUEVO | AB60: 03 EQUIPO - MANTENIMIENTO - PROCESO > 03.02 EQUIPO DE LEVANTAMIENTO | AF60: 60500000 | AG60: 22500000
D61: 03.02.05 PORTIQUE - MATERIEL NEUF | E61: =RIGHT(D61,LEN(D61)-10) -> ORTIQUE - MATERIEL NEUF | F61: PORTIQUE - MATERIEL NEUF | G61: 03 EQUIPEMENT - MAINTENANCE - PROCESS > 03.02 EQUIPEMENT LEVAGE | I61: 03.02.05 | J61: 03 EQUIPEMENT - MAINTENANCE - PROCESS > 03.02 EQUIPEMENT LEVAGE | K61: Jean Roch DIDRY | L61: BIEN | M61: N | N61: 23915400 | O61: F322 | P61: CAPEX | Q61: IMMB-AC-DEB-FR | R61: 60500000 | S61: N/A | T61: OPEX | W61: 03.02.05 GANTRY CRANE - NEW EQUIPMENT | X61: 03 EQUIPMENT - MAINTENANCE - PROCESS > 03.02 LIFTING EQUIPMENT | AA61: 03.02.05 PÓRTICO - MATERIAL NUEVO | AB61: 03 EQUIPO - MANTENIMIENTO - PROCESO > 03.02 EQUIPO DE LEVANTAMIENTO | AF61: 60500000 | AG61: 22500000
D62: 03.02.06 GRAPPIN OM - MATERIEL NEUF | E62: =RIGHT(D62,LEN(D62)-10) -> RAPPIN OM - MATERIEL NEUF | F62: GRAPPIN OM - MATERIEL NEUF | G62: 03 EQUIPEMENT - MAINTENANCE - PROCESS > 03.02 EQUIPEMENT LEVAGE | I62: 03.02.06 | J62: 03 EQUIPEMENT - MAINTENANCE - PROCESS > 03.02 EQUIPEMENT LEVAGE | K62: Jean Roch DIDRY | L62: BIEN | M62: N | N62: 23915500 | O62: F322 | P62: CAPEX | Q62: IMMB-AC-DEB-FR | R62: 60500000 | S62: N/A | T62: OPEX | W62: 03.02.06 HOUSEHOLD WASTE GRAB - NEW EQUIPMENT | X62: 03 EQUIPMENT - MAINTENANCE - PROCESS > 03.02 LIFTING EQUIPMENT | AA62: 03.02.06 PINZA OM - MATERIAL NUEVO | AB62: 03 EQUIPO - MANTENIMIENTO - PROCESO > 03.02 EQUIPO DE LEVANTAMIENTO | AF62: 60500000 | AG62: 22500000
D63: 03.02.07 GRAPPIN OM - ACCESSOIRE - PIECE | E63: =RIGHT(D63,LEN(D63)-10) -> RAPPIN OM - ACCESSOIRE - PIECE | F63: GRAPPIN OM - ACCESSOIRE - PIECE | G63: 03 EQUIPEMENT - MAINTENANCE - PROCESS > 03.02 EQUIPEMENT LEVAGE | I63: 03.02.07 | J63: 03 EQUIPEMENT - MAINTENANCE - PROCESS > 03.02 EQUIPEMENT LEVAGE | K63: Jean Roch DIDRY | L63: BIEN | M63: N | N63: 60230000 | O63: N/A | P63: OPEX | Q63: NORB-AC-DEB-FR | W63: 03.02.07 HOUSEHOLD WASTE GRAB - ACCESSORIES - PARTS | X63: 03 EQUIPMENT - MAINTENANCE - PROCESS > 03.02 LIFTING EQUIPMENT | AA63: 03.02.07 PINZA OM - ACCESORIO - PIEZA | AB63: 03 EQUIPO - MANTENIMIENTO - PROCESO > 03.02 EQUIPO DE LEVANTAMIENTO | AC63: X | AD63: 23915400 | AE63: Immo si valeur unitaire > 500€ + durée d'utilisation du bien > 1 an | AG63: 22500000
D64: 03.02.08 GRUE PORTATIVE - MATERIEL NEUF | E64: =RIGHT(D64,LEN(D64)-10) -> RUE PORTATIVE - MATERIEL NEUF | F64: GRUE PORTATIVE - MATERIEL NEUF | G64: 03 EQUIPEMENT - MAINTENANCE - PROCESS > 03.02 EQUIPEMENT LEVAGE | I64: 03.02.08 | J64: 03 EQUIPEMENT - MAINTENANCE - PROCESS > 03.02 EQUIPEMENT LEVAGE | K64: Jean Roch DIDRY | L64: BIEN | M64: N | N64: 23915500 | O64: F322 | P64: CAPEX | Q64: IMMB-AC-DEB-FR | R64: 60500000 | S64: N/A | T64: OPEX | W64: 03.02.08 MOBILE CRANE - NEW EQUIPMENT | X64: 03 EQUIPMENT - MAINTENANCE - PROCESS > 03.02 LIFTING EQUIPMENT | AA64: 03.02.08 GRÚA PORTÁTIL - MATERIAL NUEVO | AB64: 03 EQUIPO - MANTENIMIENTO - PROCESO > 03.02 EQUIPO DE LEVANTAMIENTO | AF64: 60500000 | AG64: 22500000
C65: 03.03 EQUIPEMENT LEVAGE - PONT BASCULE - PORTIQUE - MAINTENANCE - SERVICE | D65: 03.03.01 PONT ROULANT - MAINTENANCE - SERVICE | E65: =RIGHT(D65,LEN(D65)-10) -> ONT ROULANT - MAINTENANCE - SERVICE | F65: PONT ROULANT - MAINTENANCE - SERVICE | G65: 03 EQUIPEMENT - MAINTENANCE - PROCESS > 03.03 EQUIPEMENT LEVAGE - PONT BASCULE - PORTIQUE - MAINTENANCE - SERVICE | I65: 03.03.01 | J65: 03 EQUIPEMENT - MAINTENANCE - PROCESS > 03.03 EQUIPEMENT LEVAGE - PONT BASCULE - PORTIQUE - MAINTENANCE - SERVICE | K65: Nicolas ROUX | L65: SERVICE | M65: Y | N65: 61550000 | O65: N/A | P65: OPEX | Q65: NORS-AC-ENC-FR | V65: 03.03 LIFTING EQUIPMENT - WEIGHBRIDGE - GANTRY CRANE - MAINTENANCE - SERVICE | W65: 03.03.01 BRIDGE CRANE - MAINTENANCE - SERVICE | X65: 03 EQUIPMENT - MAINTENANCE - PROCESS > 03.03 LIFTING EQUIPMENT - WEIGHBRIDGE - GANTRY CRANE - MAINTENANCE - SERVICE | Z65: 03.03 EQUIPO DE LEVANTAMIENTO - BÁSCULA PUENTE - PÓRTICO - MANTENIMIENTO - SERVICIO TÉCNICO | AA65: 03.03.01 PUENTE GRÚA - MANTENIMIENTO - SERVICIO TÉCNICO | AB65: 03 EQUIPO - MANTENIMIENTO - PROCESO > 03.03 EQUIPO DE LEVANTAMIENTO - BÁSCULA PUENTE - PÓRTICO - MANTENIMIENTO - SERVICIO TÉCNICO | AC65: X | AD65: 23915400 | AE65: Réparation > 3000€ et augmente la valeur de vente et augmente la durée de vie du bien concerné par la maintenance
D66: 03.03.02 PALAN - MAINTENANCE - SERVICE | E66: =RIGHT(D66,LEN(D66)-10) -> ALAN - MAINTENANCE - SERVICE | F66: PALAN - MAINTENANCE - SERVICE | G66: 03 EQUIPEMENT - MAINTENANCE - PROCESS > 03.03 EQUIPEMENT LEVAGE - PONT BASCULE - PORTIQUE - MAINTENANCE - SERVICE | I66: 03.03.02 | J66: 03 EQUIPEMENT - MAINTENANCE - PROCESS > 03.03 EQUIPEMENT LEVAGE - PONT BASCULE - PORTIQUE - MAINTENANCE - SERVICE | K66: Nicolas ROUX | L66: SERVICE | M66: Y | N66: 61550000 | O66: N/A | P66: OPEX | Q66: NORS-AC-ENC-FR | W66: 03.03.02 HOIST - MAINTENANCE - SERVICE | X66: 03 EQUIPMENT - MAINTENANCE - PROCESS > 03.03 LIFTING EQUIPMENT - WEIGHBRIDGE - GANTRY CRANE - MAINTENANCE - SERVICE | AA66: 03.03.02 POLIPASTO - MANTENIMIENTO - SERVICIO TÉCNICO | AB66: 03 EQUIPO - MANTENIMIENTO - PROCESO > 03.03 EQUIPO DE LEVANTAMIENTO - BÁSCULA PUENTE - PÓRTICO - MANTENIMIENTO - SERVICIO TÉCNICO | AC66: X | AD66: 23915400 | AE66: Réparation > 3000€ et augmente la valeur de vente et augmente la durée de vie du bien concerné par la maintenance
D67: 03.03.03 POTENCE - MAINTENANCE - SERVICE | E67: =RIGHT(D67,LEN(D67)-10) -> OTENCE - MAINTENANCE - SERVICE | F67: POTENCE - MAINTENANCE - SERVICE | G67: 03 EQUIPEMENT - MAINTENANCE - PROCESS > 03.03 EQUIPEMENT LEVAGE - PONT BASCULE - PORTIQUE - MAINTENANCE - SERVICE | I67: 03.03.03 | J67: 03 EQUIPEMENT - MAINTENANCE - PROCESS > 03.03 EQUIPEMENT LEVAGE - PONT BASCULE - PORTIQUE - MAINTENANCE - SERVICE | K67: Nicolas ROUX | L67: SERVICE | M67: Y | N67: 61550000 | O67: N/A | P67: OPEX | Q67: NORS-AC-ENC-FR | W67: 03.03.03 JIB CRANE - MAINTENANCE - SERVICE | X67: 03 EQUIPMENT - MAINTENANCE - PROCESS > 03.03 LIFTING EQUIPMENT - WEIGHBRIDGE - GANTRY CRANE - MAINTENANCE - SERVICE | AA67: 03.03.03 GRÚA PLUMA - MANTENIMIENTO - SERVICIO TÉCNICO | AB67: 03 EQUIPO - MANTENIMIENTO - PROCESO > 03.03 EQUIPO DE LEVANTAMIENTO - BÁSCULA PUENTE - PÓRTICO - MANTENIMIENTO - SERVICIO TÉCNICO | AC67: X | AD67: 23915400 | AE67: Réparation > 3000€ et augmente la valeur de vente et augmente la durée de vie du bien concerné par la maintenance
D68: 03.03.04 PORTIQUE - MAINTENANCE - SERVICE | E68: =RIGHT(D68,LEN(D68)-10) -> ORTIQUE - MAINTENANCE - SERVICE | F68: PORTIQUE - MAINTENANCE - SERVICE | G68: 03 EQUIPEMENT - MAINTENANCE - PROCESS > 03.03 EQUIPEMENT LEVAGE - PONT BASCULE - PORTIQUE - MAINTENANCE - SERVICE | I68: 03.03.04 | J68: 03 EQUIPEMENT - MAINTENANCE - PROCESS > 03.03 EQUIPEMENT LEVAGE - PONT BASCULE - PORTIQUE - MAINTENANCE - SERVICE | K68: Nicolas ROUX | L68: SERVICE | M68: Y | N68: 61550000 | O68: N/A | P68: OPEX | Q68: NORS-AC-ENC-FR | W68: 03.03.04 GANTRY CRANE - MAINTENANCE - SERVICE | X68: 03 EQUIPMENT - MAINTENANCE - PROCESS > 03.03 LIFTING EQUIPMENT - WEIGHBRIDGE - GANTRY CRANE - MAINTENANCE - SERVICE | AA68: 03.03.04 PÓRTICO - MANTENIMIENTO - SERVICIO TÉCNICO | AB68: 03 EQUIPO - MANTENIMIENTO - PROCESO > 03.03 EQUIPO DE LEVANTAMIENTO - BÁSCULA PUENTE - PÓRTICO - MANTENIMIENTO - SERVICIO TÉCNICO | AC68: X | AD68: 23915400 | AE68: Réparation > 3000€ et augmente la valeur de vente et augmente la durée de vie du bien concerné par la maintenance
D69: 03.03.05 GRAPPIN OM - MAINTENANCE - SERVICE | E69: =RIGHT(D69,LEN(D69)-10) -> RAPPIN OM - MAINTENANCE - SERVICE | F69: GRAPPIN OM - MAINTENANCE - SERVICE | G69: 03 EQUIPEMENT - MAINTENANCE - PROCESS > 03.03 EQUIPEMENT LEVAGE - PONT BASCULE - PORTIQUE - MAINTENANCE - SERVICE | I69: 03.03.05 | J69: 03 EQUIPEMENT - MAINTENANCE - PROCESS > 03.03 EQUIPEMENT LEVAGE - PONT BASCULE - PORTIQUE - MAINTENANCE - SERVICE | K69: Nicolas ROUX | L69: SERVICE | M69: Y | N69: 61550000 | O69: N/A | P69: OPEX | Q69: NORS-AC-ENC-FR | W69: 03.03.05 HOUSEHOLD WASTE GRAB - MAINTENANCE - SERVICE | X69: 03 EQUIPMENT - MAINTENANCE - PROCESS > 03.03 LIFTING EQUIPMENT - WEIGHBRIDGE - GANTRY CRANE - MAINTENANCE - SERVICE | AA69: 03.03.05 PINZA OM - MANTENIMIENTO - SERVICIO TÉCNICO | AB69: 03 EQUIPO - MANTENIMIENTO - PROCESO > 03.03 EQUIPO DE LEVANTAMIENTO - BÁSCULA PUENTE - PÓRTICO - MANTENIMIENTO - SERVICIO TÉCNICO | AC69: X | AD69: 23915400 | AE69: Réparation > 3000€ et augmente la valeur de vente et augmente la durée de vie du bien concerné par la maintenance
D70: 03.03.06 GRUE PORTATIVE - MAINTENANCE - SERVICE | E70: =RIGHT(D70,LEN(D70)-10) -> RUE PORTATIVE - MAINTENANCE - SERVICE | F70: GRUE PORTATIVE - MAINTENANCE - SERVICE | G70: 03 EQUIPEMENT - MAINTENANCE - PROCESS > 03.03 EQUIPEMENT LEVAGE - PONT BASCULE - PORTIQUE - MAINTENANCE - SERVICE | I70: 03.03.06 | J70: 03 EQUIPEMENT - MAINTENANCE - PROCESS > 03.03 EQUIPEMENT LEVAGE - PONT BASCULE - PORTIQUE - MAINTENANCE - SERVICE | K70: Nicolas ROUX | L70: SERVICE | M70: Y | N70: 61550000 | O70: N/A | P70: OPEX | Q70: NORS-AC-ENC-FR | W70: 03.03.06 MOBILE CRANE - MAINTENANCE - SERVICE | X70: 03 EQUIPMENT - MAINTENANCE - PROCESS > 03.03 LIFTING EQUIPMENT - WEIGHBRIDGE - GANTRY CRANE - MAINTENANCE - SERVICE | AA70: 03.03.06 GRÚA PORTÁTIL - MANTENIMIENTO - SERVICIO TÉCNICO | AB70: 03 EQUIPO - MANTENIMIENTO - PROCESO > 03.03 EQUIPO DE LEVANTAMIENTO - BÁSCULA PUENTE - PÓRTICO - MANTENIMIENTO - SERVICIO TÉCNICO | AC70: X | AD70: 23915400 | AE70: Réparation > 3000€ et augmente la valeur de vente et augmente la durée de vie du bien concerné par la maintenance
D71: 03.03.07 PONT BASCULE - MAINTENANCE - SERVICE | E71: =RIGHT(D71,LEN(D71)-10) -> ONT BASCULE - MAINTENANCE - SERVICE | F71: PONT BASCULE - MAINTENANCE - SERVICE | G71: 03 EQUIPEMENT - MAINTENANCE - PROCESS > 03.03 EQUIPEMENT LEVAGE - PONT BASCULE - PORTIQUE - MAINTENANCE - SERVICE | I71: 03.03.07 | J71: 03 EQUIPEMENT - MAINTENANCE - PROCESS > 03.03 EQUIPEMENT LEVAGE - PONT BASCULE - PORTIQUE - MAINTENANCE - SERVICE | K71: Sébastien HUART | L71: SERVICE | M71: Y | N71: 61550000 | O71: N/A | P71: OPEX | Q71: NORS-AC-ENC-FR | W71: 03.03.07 WEIGHBRIDGE - MAINTENANCE - SERVICE | X71: 03 EQUIPMENT - MAINTENANCE - PROCESS > 03.03 LIFTING EQUIPMENT - WEIGHBRIDGE - GANTRY CRANE - MAINTENANCE - SERVICE | AA71: 03.03.07 BÁSCULA PUENTE - MANTENIMIENTO - SERVICIO TÉCNICO | AB71: 03 EQUIPO - MANTENIMIENTO - PROCESO > 03.03 EQUIPO DE LEVANTAMIENTO - BÁSCULA PUENTE - PÓRTICO - MANTENIMIENTO - SERVICIO TÉCNICO | AC71: X | AD71: 23915400 | AE71: Réparation > 3000€ et augmente la valeur de vente et augmente la durée de vie du bien concerné par la maintenance
D72: 03.03.08 BORNE DE PESEE - MAINTENANCE - SERVICE | E72: =RIGHT(D72,LEN(D72)-10) -> ORNE DE PESEE - MAINTENANCE - SERVICE | F72: BORNE DE PESEE - MAINTENANCE - SERVICE | G72: 03 EQUIPEMENT - MAINTENANCE - PROCESS > 03.03 EQUIPEMENT LEVAGE - PONT BASCULE - PORTIQUE - MAINTENANCE - SERVICE | I72: 03.03.08 | J72: 03 EQUIPEMENT - MAINTENANCE - PROCESS > 03.03 EQUIPEMENT LEVAGE - PONT BASCULE - PORTIQUE - MAINTENANCE - SERVICE | K72: Sébastien HUART | L72: SERVICE | M72: Y | N72: 61550000 | O72: N/A | P72: OPEX | Q72: NORS-AC-ENC-FR | W72: 03.03.08 WEIGHING TERMINAL - MAINTENANCE - SERVICE | X72: 03 EQUIPMENT - MAINTENANCE - PROCESS > 03.03 LIFTING EQUIPMENT - WEIGHBRIDGE - GANTRY CRANE - MAINTENANCE - SERVICE | AA72: 03.03.08 TERMINAL DE PESAJE - MANTENIMIENTO - SERVICIO TÉCNICO | AB72: 03 EQUIPO - MANTENIMIENTO - PROCESO > 03.03 EQUIPO DE LEVANTAMIENTO - BÁSCULA PUENTE - PÓRTICO - MANTENIMIENTO - SERVICIO TÉCNICO | AC72: X | AD72: 23915400 | AE72: Réparation > 3000€ et augmente la valeur de vente et augmente la durée de vie du bien concerné par la maintenance
D73: 03.03.09 BASCULE - MAINTENANCE - SERVICE | E73: =RIGHT(D73,LEN(D73)-10) -> ASCULE - MAINTENANCE - SERVICE | F73: BASCULE - MAINTENANCE - SERVICE | G73: 03 EQUIPEMENT - MAINTENANCE - PROCESS > 03.03 EQUIPEMENT LEVAGE - PONT BASCULE - PORTIQUE - MAINTENANCE - SERVICE | I73: 03.03.09 | J73: 03 EQUIPEMENT - MAINTENANCE - PROCESS > 03.03 EQUIPEMENT LEVAGE - PONT BASCULE - PORTIQUE - MAINTENANCE - SERVICE | K73: Sébastien HUART | L73: SERVICE | M73: Y | N73: 61550000 | O73: N/A | P73: OPEX | Q73: NORS-AC-ENC-FR | W73: 03.03.09 SCALE - MAINTENANCE - SERVICE | X73: 03 EQUIPMENT - MAINTENANCE - PROCESS > 03.03 LIFTING EQUIPMENT - WEIGHBRIDGE - GANTRY CRANE - MAINTENANCE - SERVICE | AA73: 03.03.09 BÁSCULA - MANTENIMIENTO - SERVICIO TÉCNICO | AB73: 03 EQUIPO - MANTENIMIENTO - PROCESO > 03.03 EQUIPO DE LEVANTAMIENTO - BÁSCULA PUENTE - PÓRTICO - MANTENIMIENTO - SERVICIO TÉCNICO | AC73: X | AD73: 23915400 | AE73: Réparation > 3000€ et augmente la valeur de vente et augmente la durée de vie du bien concerné par la maintenance
D74: 03.03.10 PORTIQUE RADIOACTIVITE - MAINTENANCE - SERVICE | E74: =RIGHT(D74,LEN(D74)-10) -> ORTIQUE RADIOACTIVITE - MAINTENANCE - SERVICE | F74: PORTIQUE RADIOACTIVITE - MAINTENANCE - SERVICE | G74: 03 EQUIPEMENT - MAINTENANCE - PROCESS > 03.03 EQUIPEMENT LEVAGE - PONT BASCULE - PORTIQUE - MAINTENANCE - SERVICE | I74: 03.03.10 | J74: 03 EQUIPEMENT - MAINTENANCE - PROCESS > 03.03 EQUIPEMENT LEVAGE - PONT BASCULE - PORTIQUE - MAINTENANCE - SERVICE | K74: Sébastien HUART | L74: SERVICE | M74: Y | N74: 61550000 | O74: N/A | P74: OPEX | Q74: NORS-AC-ENC-FR | W74: 03.03.10 RADIOACTIVITY GANTRY CRANE - MAINTENANCE - SERVICE | X74: 03 EQUIPMENT - MAINTENANCE - PROCESS > 03.03 LIFTING EQUIPMENT - WEIGHBRIDGE - GANTRY CRANE - MAINTENANCE - SERVICE | AA74: 03.03.10 PÓRTICO DE RADIOACTIVIDAD - MANTENIMIENTO - SERVICIO TÉCNICO | AB74: 03 EQUIPO - MANTENIMIENTO - PROCESO > 03.03 EQUIPO DE LEVANTAMIENTO - BÁSCULA PUENTE - PÓRTICO - MANTENIMIENTO - SERVICIO TÉCNICO | AC74: X | AD74: 23915400 | AE74: Réparation > 3000€ et augmente la valeur de vente et augmente la durée de vie du bien concerné par la maintenance
C75: 03.04 CIRCUIT EAU - VAPEUR | D75: 03.04.01 ECHANGEUR CHALEUR - MATERIEL NEUF | E75: =RIGHT(D75,LEN(D75)-10) -> CHANGEUR CHALEUR - MATERIEL NEUF | F75: ECHANGEUR CHALEUR - MATERIEL NEUF | G75: 03 EQUIPEMENT - MAINTENANCE - PROCESS > 03.04 CIRCUIT EAU - VAPEUR | I75: 03.04.01 | J75: 03 EQUIPEMENT - MAINTENANCE - PROCESS > 03.04 CIRCUIT EAU - VAPEUR | K75: Jean Roch DIDRY | L75: BIEN | M75: N | N75: 60500000 | O75: N/A | P75: OPEX | Q75: NORB-AC-DEB-FR | V75: 03.04 WATER - STEAM CIRCUIT | W75: 03.04.01 HEAT EXCHANGER - NEW EQUIPMENT | X75: 03 EQUIPMENT - MAINTENANCE - PROCESS > 03.04 WATER - STEAM CIRCUIT | Z75: 03.04 CIRCUITO DE AGUA - VAPOR | AA75: 03.04.01 INTERCAMBIADOR DE CALOR - MATERIAL NUEVO | AB75: 03 EQUIPO - MANTENIMIENTO - PROCESO > 03.04 CIRCUITO DE AGUA - VAPOR | AF75: 60500000 | AG75: 22500000
D76: 03.04.02 ECHANGEUR CHALEUR - ACCESSOIRE - PIECE | E76: =RIGHT(D76,LEN(D76)-10) -> CHANGEUR CHALEUR - ACCESSOIRE - PIECE | F76: ECHANGEUR CHALEUR - ACCESSOIRE - PIECE | G76: 03 EQUIPEMENT - MAINTENANCE - PROCESS > 03.04 CIRCUIT EAU - VAPEUR | I76: 03.04.02 | J76: 03 EQUIPEMENT - MAINTENANCE - PROCESS > 03.04 CIRCUIT EAU - VAPEUR | K76: Jean Roch DIDRY | L76: BIEN | M76: N | N76: 60230000 | O76: N/A | P76: OPEX | Q76: NORB-AC-DEB-FR | W76: 03.04.02 HEAT EXCHANGER - ACCESSORIES - PARTS | X76: 03 EQUIPMENT - MAINTENANCE - PROCESS > 03.04 WATER - STEAM CIRCUIT | AA76: 03.04.02 INTERCAMBIADOR DE CALOR - ACCESORIO - PIEZA | AB76: 03 EQUIPO - MANTENIMIENTO - PROCESO > 03.04 CIRCUITO DE AGUA - VAPOR | AG76: 22500000
D77: 03.04.03 AEROCONDENSEUR - MATERIEL NEUF | E77: =RIGHT(D77,LEN(D77)-10) -> EROCONDENSEUR - MATERIEL NEUF | F77: AEROCONDENSEUR - MATERIEL NEUF | G77: 03 EQUIPEMENT - MAINTENANCE - PROCESS > 03.04 CIRCUIT EAU - VAPEUR | I77: 03.04.03 | J77: 03 EQUIPEMENT - MAINTENANCE - PROCESS > 03.04 CIRCUIT EAU - VAPEUR | K77: Jean Roch DIDRY | L77: BIEN | M77: N | N77: 60500000 | O77: N/A | P77: OPEX | Q77: NORB-AC-DEB-FR | W77: 03.04.03 EVAPORATIVE CONDENSER - NEW EQUIPMENT | X77: 03 EQUIPMENT - MAINTENANCE - PROCESS > 03.04 WATER - STEAM CIRCUIT | AA77: 03.04.03 AEROCONDENSADOR - MATERIAL NUEVO | AB77: 03 EQUIPO - MANTENIMIENTO - PROCESO > 03.04 CIRCUITO DE AGUA - VAPOR | AF77: 60500000 | AG77: 22500000
D78: 03.04.04 AEROCONDENSEUR - ACCESSOIRE - PIECE | E78: =RIGHT(D78,LEN(D78)-10) -> EROCONDENSEUR - ACCESSOIRE - PIECE | F78: AEROCONDENSEUR - ACCESSOIRE - PIECE | G78: 03 EQUIPEMENT - MAINTENANCE - PROCESS > 03.04 CIRCUIT EAU - VAPEUR | I78: 03.04.04 | J78: 03 EQUIPEMENT - MAINTENANCE - PROCESS > 03.04 CIRCUIT EAU - VAPEUR | K78: Jean Roch DIDRY | L78: BIEN | M78: N | N78: 60230000 | O78: N/A | P78: OPEX | Q78: NORB-AC-DEB-FR | W78: 03.04.04 EVAPORATIVE CONDENSER - ACCESSORIES - PARTS | X78: 03 EQUIPMENT - MAINTENANCE - PROCESS > 03.04 WATER - STEAM CIRCUIT | AA78: 03.04.04 AEROCONDENSADOR - ACCESORIO - PIEZA | AB78: 03 EQUIPO - MANTENIMIENTO - PROCESO > 03.04 CIRCUITO DE AGUA - VAPOR | AG78: 22500000
D79: 03.04.05 AEROREFRIGERANT - MATERIEL NEUF | E79: =RIGHT(D79,LEN(D79)-10) -> EROREFRIGERANT - MATERIEL NEUF | F79: AEROREFRIGERANT - MATERIEL NEUF | G79: 03 EQUIPEMENT - MAINTENANCE - PROCESS > 03.04 CIRCUIT EAU - VAPEUR | I79: 03.04.05 | J79: 03 EQUIPEMENT - MAINTENANCE - PROCESS > 03.04 CIRCUIT EAU - VAPEUR | K79: Jean Roch DIDRY | L79: BIEN | M79: N | N79: 60500000 | O79: N/A | P79: OPEX | Q79: NORB-AC-DEB-FR | W79: 03.04.05 AIR COOLING UNIT - NEW EQUIPMENT | X79: 03 EQUIPMENT - MAINTENANCE - PROCESS > 03.04 WATER - STEAM CIRCUIT | AA79: 03.04.05 AEROREFRIGERANTE - MATERIAL NUEVO | AB79: 03 EQUIPO - MANTENIMIENTO - PROCESO > 03.04 CIRCUITO DE AGUA - VAPOR | AF79: 60500000 | AG79: 22500000
D80: 03.04.06 AEROREFRIGERANT - ACCESSOIRE - PIECE | E80: =RIGHT(D80,LEN(D80)-10) -> EROREFRIGERANT - ACCESSOIRE - PIECE | F80: AEROREFRIGERANT - ACCESSOIRE - PIECE | G80: 03 EQUIPEMENT - MAINTENANCE - PROCESS > 03.04 CIRCUIT EAU - VAPEUR | I80: 03.04.06 | J80: 03 EQUIPEMENT - MAINTENANCE - PROCESS > 03.04 CIRCUIT EAU - VAPEUR | K80: Jean Roch DIDRY | L80: BIEN | M80: N | N80: 60230000 | O80: N/A | P80: OPEX | Q80: NORB-AC-DEB-FR | W80: 03.04.06 AIR COOLING UNIT - ACCESSORIES - PARTS | X80: 03 EQUIPMENT - MAINTENANCE - PROCESS > 03.04 WATER - STEAM CIRCUIT | AA80: 03.04.06 AEROREFRIGERANTE - ACCESORIO - PIEZA | AB80: 03 EQUIPO - MANTENIMIENTO - PROCESO > 03.04 CIRCUITO DE AGUA - VAPOR | AG80: 22500000
D81: 03.04.07 VIS CHAUFFANTE - MATERIEL NEUF | E81: =RIGHT(D81,LEN(D81)-10) -> IS CHAUFFANTE - MATERIEL NEUF | F81: VIS CHAUFFANTE - MATERIEL NEUF | G81: 03 EQUIPEMENT - MAINTENANCE - PROCESS > 03.04 CIRCUIT EAU - VAPEUR | I81: 03.04.07 | J81: 03 EQUIPEMENT - MAINTENANCE - PROCESS > 03.04 CIRCUIT EAU - VAPEUR | K81: Jean Roch DIDRY | L81: BIEN | M81: N | N81: 60500000 | O81: N/A | P81: OPEX | Q81: NORB-AC-DEB-FR | W81: 03.04.07 HEATING COIL - NEW EQUIPMENT | X81: 03 EQUIPMENT - MAINTENANCE - PROCESS > 03.04 WATER - STEAM CIRCUIT | AA81: 03.04.07 SIN FIN DE SECADO - MATERIAL NUEVO | AB81: 03 EQUIPO - MANTENIMIENTO - PROCESO > 03.04 CIRCUITO DE AGUA - VAPOR | AF81: 60500000 | AG81: 22500000
D82: 03.04.08 VIS CHAUFFANTE - ACCESSOIRE - PIECE | E82: =RIGHT(D82,LEN(D82)-10) -> IS CHAUFFANTE - ACCESSOIRE - PIECE | F82: VIS CHAUFFANTE - ACCESSOIRE - PIECE | G82: 03 EQUIPEMENT - MAINTENANCE - PROCESS > 03.04 CIRCUIT EAU - VAPEUR | I82: 03.04.08 | J82: 03 EQUIPEMENT - MAINTENANCE - PROCESS > 03.04 CIRCUIT EAU - VAPEUR | K82: Jean Roch DIDRY | L82: BIEN | M82: N | N82: 60230000 | O82: N/A | P82: OPEX | Q82: NORB-AC-DEB-FR | W82: 03.04.08 HEATING COIL - ACCESSORIES - PARTS | X82: 03 EQUIPMENT - MAINTENANCE - PROCESS > 03.04 WATER - STEAM CIRCUIT | AA82: 03.04.08 SIN FIN DE SECADO - ACCESORIO - PIEZA | AB82: 03 EQUIPO - MANTENIMIENTO - PROCESO > 03.04 CIRCUITO DE AGUA - VAPOR | AG82: 22500000
D83: 03.04.09 BACHE ALIMENTAIRE - DEGAZEUR | E83: =RIGHT(D83,LEN(D83)-10) -> ACHE ALIMENTAIRE - DEGAZEUR | F83: BACHE ALIMENTAIRE - DEGAZEUR | G83: 03 EQUIPEMENT - MAINTENANCE - PROCESS > 03.04 CIRCUIT EAU - VAPEUR | I83: 03.04.09 | J83: 03 EQUIPEMENT - MAINTENANCE - PROCESS > 03.04 CIRCUIT EAU - VAPEUR | K83: Jean Roch DIDRY | L83: BIEN | M83: N | N83: 60500000 | O83: N/A | P83: OPEX | Q83: NORB-AC-DEB-FR | W83: 03.04.09 FEED TARP - DEGASIFIER | X83: 03 EQUIPMENT - MAINTENANCE - PROCESS > 03.04 WATER - STEAM CIRCUIT | AA83: 03.04.09 TANQUE DE ALIMENTACIÓN - DESGASIFICADOR | AB83: 03 EQUIPO - MANTENIMIENTO - PROCESO > 03.04 CIRCUITO DE AGUA - VAPOR | AF83: 60500000 | AG83: 22500000
C84: 03.05 CIRCUIT EAU - VAPEUR - MAINTENANCE - SERVICE | D84: 03.05.01 ECHANGEUR CHALEUR - MAINTENANCE - SERVICE | E84: =RIGHT(D84,LEN(D84)-10) -> CHANGEUR CHALEUR - MAINTENANCE - SERVICE | F84: ECHANGEUR CHALEUR - MAINTENANCE - SERVICE | G84: 03 EQUIPEMENT - MAINTENANCE - PROCESS > 03.05 CIRCUIT EAU - VAPEUR - MAINTENANCE - SERVICE | I84: 03.05.01 | J84: 03 EQUIPEMENT - MAINTENANCE - PROCESS > 03.05 CIRCUIT EAU - VAPEUR - MAINTENANCE - SERVICE | K84: Nicolas ROUX | L84: SERVICE | M84: Y | N84: 61550000 | O84: N/A | P84: OPEX | Q84: NORS-AC-ENC-FR | V84: 03.05 WATER - STEAM CIRCUIT - MAINTENANCE - SERVICE | W84: 03.05.01 HEAT EXCHANGER - MAINTENANCE - SERVICE | X84: 03 EQUIPMENT - MAINTENANCE - PROCESS > 03.05 WATER - STEAM CIRCUIT - MAINTENANCE - SERVICE | Z84: 03.05 CIRCUITO DE AGUA - VAPOR - MANTENIMIENTO - SERVICIO TÉCNICO | AA84: 03.05.01 INTERCAMBIADOR DE CALOR - MANTENIMIENTO - SERVICIO TÉCNICO | AB84: 03 EQUIPO - MANTENIMIENTO - PROCESO > 03.05 CIRCUITO DE AGUA - VAPOR - MANTENIMIENTO - SERVICIO TÉCNICO | AC84: ? | AG84: 22500000
D85: 03.05.02 AEROCONDENSEUR - MAINTENANCE - SERVICE | E85: =RIGHT(D85,LEN(D85)-10) -> EROCONDENSEUR - MAINTENANCE - SERVICE | F85: AEROCONDENSEUR - MAINTENANCE - SERVICE | G85: 03 EQUIPEMENT - MAINTENANCE - PROCESS > 03.05 CIRCUIT EAU - VAPEUR - MAINTENANCE - SERVICE | I85: 03.05.02 | J85: 03 EQUIPEMENT - MAINTENANCE - PROCESS > 03.05 CIRCUIT EAU - VAPEUR - MAINTENANCE - SERVICE | K85: Nicolas ROUX | L85: SERVICE | M85: Y | N85: 61550000 | O85: N/A | P85: OPEX | Q85: NORS-AC-ENC-FR | W85: 03.05.02 EVAPORATIVE CONDENSER - MAINTENANCE - SERVICE | X85: 03 EQUIPMENT - MAINTENANCE - PROCESS > 03.05 WATER - STEAM CIRCUIT - MAINTENANCE - SERVICE | AA85: 03.05.02 AEROCONDENSADOR - MANTENIMIENTO - SERVICIO TÉCNICO | AB85: 03 EQUIPO - MANTENIMIENTO - PROCESO > 03.05 CIRCUITO DE AGUA - VAPOR - MANTENIMIENTO - SERVICIO TÉCNICO | AC85: ? | AG85: 22500000
D86: 03.05.03 AEROREFRIGERANT - MAINTENANCE - SERVICE | E86: =RIGHT(D86,LEN(D86)-10) -> EROREFRIGERANT - MAINTENANCE - SERVICE | F86: AEROREFRIGERANT - MAINTENANCE - SERVICE | G86: 03 EQUIPEMENT - MAINTENANCE - PROCESS > 03.05 CIRCUIT EAU - VAPEUR - MAINTENANCE - SERVICE | I86: 03.05.03 | J86: 03 EQUIPEMENT - MAINTENANCE - PROCESS > 03.05 CIRCUIT EAU - VAPEUR - MAINTENANCE - SERVICE | K86: Nicolas ROUX | L86: SERVICE | M86: Y | N86: 61550000 | O86: N/A | P86: OPEX | Q86: NORS-AC-ENC-FR | W86: 03.05.03 AIR COOLING UNIT - MAINTENANCE - SERVICE | X86: 03 EQUIPMENT - MAINTENANCE - PROCESS > 03.05 WATER - STEAM CIRCUIT - MAINTENANCE - SERVICE | AA86: 03.05.03 AEROREFRIGERANTE - MANTENIMIENTO - SERVICIO TÉCNICO | AB86: 03 EQUIPO - MANTENIMIENTO - PROCESO > 03.05 CIRCUITO DE AGUA - VAPOR - MANTENIMIENTO - SERVICIO TÉCNICO | AC86: ? | AG86: 22500000
D87: 03.05.04 VIS CHAUFFANTE - MAINTENANCE - SERVICE | E87: =RIGHT(D87,LEN(D87)-10) -> IS CHAUFFANTE - MAINTENANCE - SERVICE | F87: VIS CHAUFFANTE - MAINTENANCE - SERVICE | G87: 03 EQUIPEMENT - MAINTENANCE - PROCESS > 03.05 CIRCUIT EAU - VAPEUR - MAINTENANCE - SERVICE | I87: 03.05.04 | J87: 03 EQUIPEMENT - MAINTENANCE - PROCESS > 03.05 CIRCUIT EAU - VAPEUR - MAINTENANCE - SERVICE | K87: Nicolas ROUX | L87: SERVICE | M87: Y | N87: 61550000 | O87: N/A | P87: OPEX | Q87: NORS-AC-ENC-FR | W87: 03.05.04 HEATING COIL - MAINTENANCE - SERVICE | X87: 03 EQUIPMENT - MAINTENANCE - PROCESS > 03.05 WATER - STEAM CIRCUIT - MAINTENANCE - SERVICE | AA87: 03.05.04 SIN FIN DE SECADO - MANTENIMIENTO - SERVICIO TÉCNICO | AB87: 03 EQUIPO - MANTENIMIENTO - PROCESO > 03.05 CIRCUITO DE AGUA - VAPOR - MANTENIMIENTO - SERVICIO TÉCNICO | AC87: ? | AG87: 22500000
C88: 03.06 MOTEUR | D88: 03.06.01 MOTEUR - MATERIEL NEUF | E88: =RIGHT(D88,LEN(D88)-10) -> OTEUR - MATERIEL NEUF | F88: MOTEUR - MATERIEL NEUF | G88: 03 EQUIPEMENT - MAINTENANCE - PROCESS > 03.06 MOTEUR | I88: 03.06.01 | J88: 03 EQUIPEMENT - MAINTENANCE - PROCESS > 03.06 MOTEUR | K88: Jean Roch DIDRY | L88: BIEN | M88: N | N88: 23915400 | O88: F322 | P88: CAPEX | Q88: IMMB-AC-DEB-FR | R88: 60500000 | S88: N/A | T88: OPEX | V88: 03.06 ENGINE | W88: 03.06.01 ENGINE - NEW EQUIPMENT | X88: 03 EQUIPMENT - MAINTENANCE - PROCESS > 03.06 ENGINE | Z88: 03.06 MOTOR | AA88: 03.06.01 MOTOR - MATERIAL NUEVO | AB88: 03 EQUIPO - MANTENIMIENTO - PROCESO > 03.06 MOTOR | AF88: 60500000 | AG88: 22500000
D89: 03.06.02 MOTEUR - ACCESSOIRE - PIECE | E89: =RIGHT(D89,LEN(D89)-10) -> OTEUR - ACCESSOIRE - PIECE | F89: MOTEUR - ACCESSOIRE - PIECE | G89: 03 EQUIPEMENT - MAINTENANCE - PROCESS > 03.06 MOTEUR | I89: 03.06.02 | J89: 03 EQUIPEMENT - MAINTENANCE - PROCESS > 03.06 MOTEUR | K89: Jean Roch DIDRY | L89: BIEN | M89: N | N89: 60230000 | O89: N/A | P89: OPEX | Q89: NORB-AC-DEB-FR | W89: 03.06.02 ENGINE - ACCESSORIES - PARTS | X89: 03 EQUIPMENT - MAINTENANCE - PROCESS > 03.06 ENGINE | AA89: 03.06.02 MOTOR - ACCESORIO - PIEZA | AB89: 03 EQUIPO - MANTENIMIENTO - PROCESO > 03.06 MOTOR | AC89: X | AD89: 23915400 | AE89: Immo si valeur unitaire > 500€ + durée d'utilisation du bien > 1 an | AG89: 22500000
C90: 03.07 POMPE | D90: 03.07.01 POMPE ALIMENTAIRE - MATERIEL NEUF | E90: =RIGHT(D90,LEN(D90)-10) -> OMPE ALIMENTAIRE - MATERIEL NEUF | F90: POMPE ALIMENTAIRE - MATERIEL NEUF | G90: 03 EQUIPEMENT - MAINTENANCE - PROCESS > 03.07 POMPE | I90: 03.07.01 | J90: 03 EQUIPEMENT - MAINTENANCE - PROCESS > 03.07 POMPE | K90: Jean Roch DIDRY | L90: BIEN | M90: N | N90: 23915400 | O90: F322 | P90: CAPEX | Q90: IMMB-AC-DEB-FR | R90: 60500000 | S90: N/A | T90: OPEX | V90: 03.07 PUMP | W90: 03.07.01 FEED PUMP - NEW EQUIPMENT | X90: 03 EQUIPMENT - MAINTENANCE - PROCESS > 03.07 PUMP | Z90: 03.07 BOMBA | AA90: 03.07.01 BOMBA DE ALIMENTACIÓN - MATERIAL NUEVO | AB90: 03 EQUIPO - MANTENIMIENTO - PROCESO > 03.07 BOMBA | AF90: 60500000 | AG90: 22500000
D91: 03.07.02 POMPE ALIMENTAIRE - ACCESSOIRE - PIECE | E91: =RIGHT(D91,LEN(D91)-10) -> OMPE ALIMENTAIRE - ACCESSOIRE - PIECE | F91: POMPE ALIMENTAIRE - ACCESSOIRE - PIECE | G91: 03 EQUIPEMENT - MAINTENANCE - PROCESS > 03.07 POMPE | I91: 03.07.02 | J91: 03 EQUIPEMENT - MAINTENANCE - PROCESS > 03.07 POMPE | K91: Jean Roch DIDRY | L91: BIEN | M91: N | N91: 60230000 | O91: N/A | P91: OPEX | Q91: NORB-AC-DEB-FR | W91: 03.07.02 FEED PUMP - ACCESSORIES - PARTS | X91: 03 EQUIPMENT - MAINTENANCE - PROCESS > 03.07 PUMP | AA91: 03.07.02 BOMBA DE ALIMENTACIÓN - ACCESORIO - PIEZA | AB91: 03 EQUIPO - MANTENIMIENTO - PROCESO > 03.07 BOMBA | AC91: X | AD91: 23915400 | AE91: Immo si valeur unitaire > 500€ + durée d'utilisation du bien > 1 an | AG91: 22500000
D92: 03.07.03 POMPE EXTRACTION CONDENSAT - MATERIEL NEUF | E92: =RIGHT(D92,LEN(D92)-10) -> OMPE EXTRACTION CONDENSAT - MATERIEL NEUF | F92: POMPE EXTRACTION CONDENSAT - MATERIEL NEUF | G92: 03 EQUIPEMENT - MAINTENANCE - PROCESS > 03.07 POMPE | I92: 03.07.03 | J92: 03 EQUIPEMENT - MAINTENANCE - PROCESS > 03.07 POMPE | K92: Jean Roch DIDRY | L92: BIEN | M92: N | N92: 23915400 | O92: F322 | P92: CAPEX | Q92: IMMB-AC-DEB-FR | R92: 60500000 | S92: N/A | T92: OPEX | W92: 03.07.03 CONDENSATE EXTRACTION PUMP - NEW EQUIPMENT | X92: 03 EQUIPMENT - MAINTENANCE - PROCESS > 03.07 PUMP | AA92: 03.07.03 BOMBA DE EXTRACCIÓN DE CONDENSADO - MATERIAL NUEVO | AB92: 03 EQUIPO - MANTENIMIENTO - PROCESO > 03.07 BOMBA | AF92: 60500000 | AG92: 22500000
D93: 03.07.04 POMPE EXTRACTION CONDENSAT - ACCESSOIRE - PIECE | E93: =RIGHT(D93,LEN(D93)-10) -> OMPE EXTRACTION CONDENSAT - ACCESSOIRE - PIECE | F93: POMPE EXTRACTION CONDENSAT - ACCESSOIRE - PIECE | G93: 03 EQUIPEMENT - MAINTENANCE - PROCESS > 03.07 POMPE | I93: 03.07.04 | J93: 03 EQUIPEMENT - MAINTENANCE - PROCESS > 03.07 POMPE | K93: Jean Roch DIDRY | L93: BIEN | M93: N | N93: 60230000 | O93: N/A | P93: OPEX | Q93: NORB-AC-DEB-FR | W93: 03.07.04 CONDENSATE EXTRACTION PUMP - ACCESSORIES - PARTS | X93: 03 EQUIPMENT - MAINTENANCE - PROCESS > 03.07 PUMP | AA93: 03.07.04 BOMBA DE EXTRACCIÓN DE CONDENSADO - ACCESORIO - PIEZA | AB93: 03 EQUIPO - MANTENIMIENTO - PROCESO > 03.07 BOMBA | AC93: X | AD93: 23915400 | AE93: Immo si valeur unitaire > 500€ + durée d'utilisation du bien > 1 an | AG93: 22500000
D94: 03.07.05 POMPE EAU BRUTE - MATERIEL NEUF | E94: =RIGHT(D94,LEN(D94)-10) -> OMPE EAU BRUTE - MATERIEL NEUF | F94: POMPE EAU BRUTE - MATERIEL NEUF | G94: 03 EQUIPEMENT - MAINTENANCE - PROCESS > 03.07 POMPE | I94: 03.07.05 | J94: 03 EQUIPEMENT - MAINTENANCE - PROCESS > 03.07 POMPE | K94: Jean Roch DIDRY | L94: BIEN | M94: N | N94: 23915400 | O94: F322 | P94: CAPEX | Q94: IMMB-AC-DEB-FR | R94: 60500000 | S94: N/A | T94: OPEX | W94: 03.07.05 UNTREATED WATER PUMP - NEW EQUIPMENT | X94: 03 EQUIPMENT - MAINTENANCE - PROCESS > 03.07 PUMP | AA94: 03.07.05 BOMBA DE AGUA BRUTA - MATERIAL NUEVO | AB94: 03 EQUIPO - MANTENIMIENTO - PROCESO > 03.07 BOMBA | AF94: 60500000 | AG94: 22500000
D95: 03.07.06 POMPE EAU BRUTE - ACCESSOIRE - PIECE | E95: =RIGHT(D95,LEN(D95)-10) -> OMPE EAU BRUTE - ACCESSOIRE - PIECE | F95: POMPE EAU BRUTE - ACCESSOIRE - PIECE | G95: 03 EQUIPEMENT - MAINTENANCE - PROCESS > 03.07 POMPE | I95: 03.07.06 | J95: 03 EQUIPEMENT - MAINTENANCE - PROCESS > 03.07 POMPE | K95: Jean Roch DIDRY | L95: BIEN | M95: N | N95: 60230000 | O95: N/A | P95: OPEX | Q95: NORB-AC-DEB-FR | W95: 03.07.06 UNTREATED WATER PUMP - ACCESSORIES - PARTS | X95: 03 EQUIPMENT - MAINTENANCE - PROCESS > 03.07 PUMP | AA95: 03.07.06 BOMBA DE AGUA BRUTA - ACCESORIO - PIEZA | AB95: 03 EQUIPO - MANTENIMIENTO - PROCESO > 03.07 BOMBA | AC95: X | AD95: 23915400 | AE95: Immo si valeur unitaire > 500€ + durée d'utilisation du bien > 1 an | AG95: 22500000
D96: 03.07.07 POMPE EAU DEMINERALISEE - MATERIEL NEUF | E96: =RIGHT(D96,LEN(D96)-10) -> OMPE EAU DEMINERALISEE - MATERIEL NEUF | F96: POMPE EAU DEMINERALISEE - MATERIEL NEUF | G96: 03 EQUIPEMENT - MAINTENANCE - PROCESS > 03.07 POMPE | I96: 03.07.07 | J96: 03 EQUIPEMENT - MAINTENANCE - PROCESS > 03.07 POMPE | K96: Jean Roch DIDRY | L96: BIEN | M96: N | N96: 23915400 | O96: F322 | P96: CAPEX | Q96: IMMB-AC-DEB-FR | R96: 60500000 | S96: N/A | T96: OPEX | W96: 03.07.07 DEMINERALISED WATER PUMP - NEW EQUIPMENT | X96: 03 EQUIPMENT - MAINTENANCE - PROCESS > 03.07 PUMP | AA96: 03.07.07 BOMBA DE AGUA DESMINERALIZADA - MATERIAL NUEVO | AB96: 03 EQUIPO - MANTENIMIENTO - PROCESO > 03.07 BOMBA | AF96: 60500000 | AG96: 22500000
D97: 03.07.08 POMPE EAU DEMINERALISEE - ACCESSOIRE - PIECE | E97: =RIGHT(D97,LEN(D97)-10) -> OMPE EAU DEMINERALISEE - ACCESSOIRE - PIECE | F97: POMPE EAU DEMINERALISEE - ACCESSOIRE - PIECE | G97: 03 EQUIPEMENT - MAINTENANCE - PROCESS > 03.07 POMPE | I97: 03.07.08 | J97: 03 EQUIPEMENT - MAINTENANCE - PROCESS > 03.07 POMPE | K97: Jean Roch DIDRY | L97: BIEN | M97: N | N97: 60230000 | O97: N/A | P97: OPEX | Q97: NORB-AC-DEB-FR | W97: 03.07.08 DEMINERALISED WATER PUMP - ACCESSORIES - PARTS | X97: 03 EQUIPMENT - MAINTENANCE - PROCESS > 03.07 PUMP | AA97: 03.07.08 BOMBA DE AGUA DESMINERALIZADA - ACCESORIO - PIEZA | AB97: 03 EQUIPO - MANTENIMIENTO - PROCESO > 03.07 BOMBA | AC97: X | AD97: 23915400 | AE97: Immo si valeur unitaire > 500€ + durée d'utilisation du bien > 1 an | AG97: 22500000
D98: 03.07.09 AUTRE POMPE - MATERIEL NEUF | E98: =RIGHT(D98,LEN(D98)-10) -> UTRE POMPE - MATERIEL NEUF | F98: AUTRE POMPE - MATERIEL NEUF | G98: 03 EQUIPEMENT - MAINTENANCE - PROCESS > 03.07 POMPE | I98: 03.07.09 | J98: 03 EQUIPEMENT - MAINTENANCE - PROCESS > 03.07 POMPE | K98: Jean Roch DIDRY | L98: BIEN | M98: N | N98: 23915400 | O98: F322 | P98: CAPEX | Q98: IMMB-AC-DEB-FR | R98: 60500000 | S98: N/A | T98: OPEX | W98: 03.07.09 OTHER PUMP - NEW EQUIPMENT | X98: 03 EQUIPMENT - MAINTENANCE - PROCESS > 03.07 PUMP | AA98: 03.07.09 OTRA BOMBA - MATERIAL NUEVO | AB98: 03 EQUIPO - MANTENIMIENTO - PROCESO > 03.07 BOMBA | AF98: 60500000 | AG98: 22500000
D99: 03.07.10 AUTRE POMPE - ACCESSOIRE - PIECE | E99: =RIGHT(D99,LEN(D99)-10) -> UTRE POMPE - ACCESSOIRE - PIECE | F99: AUTRE POMPE - ACCESSOIRE - PIECE | G99: 03 EQUIPEMENT - MAINTENANCE - PROCESS > 03.07 POMPE | I99: 03.07.10 | J99: 03 EQUIPEMENT - MAINTENANCE - PROCESS > 03.07 POMPE | K99: Jean Roch DIDRY | L99: BIEN | M99: N | N99: 60230000 | O99: N/A | P99: OPEX | Q99: NORB-AC-DEB-FR | W99: 03.07.10 OTHER PUMP - ACCESSORIES - PARTS | X99: 03 EQUIPMENT - MAINTENANCE - PROCESS > 03.07 PUMP | AA99: 03.07.10 OTRA BOMBA - ACCESORIO - PIEZA | AB99: 03 EQUIPO - MANTENIMIENTO - PROCESO > 03.07 BOMBA | AC99: X | AD99: 23915400 | AE99: Immo si valeur unitaire > 500€ + durée d'utilisation du bien > 1 an
C100: 03.08 POMPE - MOTEUR - MAINTENANCE - SERVICE | D100: 03.08.01 POMPE ALIMENTAIRE - MAINTENANCE - SERVICE | E100: =RIGHT(D100,LEN(D100)-10) -> OMPE ALIMENTAIRE - MAINTENANCE - SERVICE | F100: POMPE ALIMENTAIRE - MAINTENANCE - SERVICE | G100: 03 EQUIPEMENT - MAINTENANCE - PROCESS > 03.08 POMPE - MOTEUR - MAINTENANCE - SERVICE | I100: 03.08.01 | J100: 03 EQUIPEMENT - MAINTENANCE - PROCESS > 03.08 POMPE - MOTEUR - MAINTENANCE - SERVICE | K100: Jean Roch DIDRY | L100: SERVICE | M100: Y | N100: 61550000 | O100: N/A | P100: OPEX | Q100: NORS-AC-ENC-FR | V100: 03.08 PUMP - ENGINE - MAINTENANCE - SERVICE | W100: 03.08.01 FEED PUMP - MAINTENANCE - SERVICE | X100: 03 EQUIPMENT - MAINTENANCE - PROCESS > 03.08 PUMP - ENGINE - MAINTENANCE - SERVICE | Z100: 03.08 BOMBA - MOTOR - MANTENIMIENTO - SERVICIO TÉCNICO | AA100: 03.08.01 BOMBA DE ALIMENTACIÓN - MANTENIMIENTO - SERVICIO TÉCNICO | AB100: 03 EQUIPO - MANTENIMIENTO - PROCESO > 03.08 BOMBA - MOTOR - MANTENIMIENTO - SERVICIO TÉCNICO | AC100: X | AD100: 23915400 | AE100: Réparation > 3000€ et augmente la valeur de vente et augmente la durée de vie du bien concerné par la maintenance
...

Sheet Formulaires intelligents EN
C2: Nom du formulaire | D2: Règle Nom du formulaire | E2: Mots-clés | F2: Règle Mots clés | G2: Type de ligne | H2: Description de l'article | I2: Limiter à la catégorie de navigation | J2: Règle "Limiter à la catégorie de navigation" | K2: Nom de la catégorie | L2: Champ précédent modifiable par l'utilisateur | M2: Quantité | N2: Unité de mesure | O2: Champ précédent modifiable par l'utilisateur | P2: Prix | Q2: Champ précédent modifiable par l'utilisateur | R2: Devise | S2: Champ précédent modifiable par l'utilisateur | T2: Numéro Accord | U2: Champ précédent modifiable par l'utilisateur | V2: Fournisseur | W2: Champ précédent modifiable par l'utilisateur | X2: Site fournisseur | Y2: Champ précédent modifiable par l'utilisateur | Z2: Article fournisseur | AA2: Champ précédent modifiable par l'utilisateur | AB2: Négocié | AC2: Champ précédent modifiable par l'utilisateur | AD2: Telephone | AE2: Champ précédent modifiable par l'utilisateur | AF2: Negociation requise | AG2: Champ précédent modifiable par l'utilisateur
C4: 01.01 CONTENANT - Hors Catalogue | D4: {=_xlfn.TEXTJOIN(" -",,_xlfn._xlws.FILTER(Nomenclature!$V$3:$V$615,LEFT(Nomenclature!$V$3:$V$615,5)=LEFT('Formulaires intelligents EN'!C4,5)),_xlfn.IFS($G4="fourniture","Non Catalog",$G4="Presta forfait","-Fixed Price - Non Catalog",$G4="presta quantite","-Qty based - Non Catalog"))} -> 01.01 CONTAINER -Non Catalog | E4: 01.01 CONTENANT 01.01.01 ARMOIRE DMD - DMS 01.01.02 BAC ROULANT - MATERIEL NEUF 01.01.03 BAC ROULANT - ACCESSOIRE - PIECE 01.01.04 BENNE - BORNE - CAISSON - COLONNE AV - MATERIEL NEUF 01.01.05 BENNE - BORNE - CAISSON - COLONNE AV - ACCESSOIRE - PIECE 01.01.06 BIG BAG 01.01.07 CAISSE GRILLAGEE 01.01.08 CAISSE PALETTE - RIGIDE 01.01.09 CAISSON MARITIME 01.01.10 PLOMB 01.01.11 ROLL 01.01.12 SAC 01.01.13 COMPACTEUR MONOBLOC- MATERIEL NEUF 01.01.14 COMPACTEUR MONOBLOC- ACCESSOIRE - PIECE 01.01.15 COMPACTEUR POSTE FIXE- MATERIEL NEUF 01.01.16 COMPACTEUR POSTE FIXE- ACCESSOIRE - PIECE | F4: ='[1]Formulaires intelligents EN'!$A$4 -> 01.01 CONTAINER | G4: Fourniture | I4: 01.01 CONTENANT | J4: {=_xlfn._xlws.FILTER(Nomenclature!$V$3:$V$615,LEFT(Nomenclature!$V$3:$V$615,5)=LEFT('Formulaires intelligents EN'!C4,5))} -> 01.01 CONTAINER | L4: Oui | N4: Unité | O4: Oui | Q4: Oui | R4: EUR | S4: Oui | U4: Non | W4: Oui | Y4: Oui | AA4: Oui | AB4: Oui | AC4: Non | AE4: Oui | AG4: Non
C5: 01.02 CONTENANT - MAINTENANCE - SERVICE - Forfait - Hors Catalogue | D5: {=_xlfn.TEXTJOIN(" -",,_xlfn._xlws.FILTER(Nomenclature!$V$3:$V$615,LEFT(Nomenclature!$V$3:$V$615,5)=LEFT('Formulaires intelligents EN'!C5,5)),_xlfn.IFS($G5="fourniture","Non Catalog",$G5="Presta forfait","-Fixed Price - Non Catalog",$G5="presta quantite","-Qty based - Non Catalog"))} -> 01.02 CONTAINER - MAINTENANCE - SERVICE --Fixed Price - Non Catalog | E5: 01.02 CONTENANT - MAINTENANCE - SERVICE 01.02.01 BAC ROULANT - MAINTENANCE - SERVICE 01.02.02 BENNE - BORNE - CAISSON - COLONNE AV - MAINTENANCE - SERVICE 01.02.03 COMPACTEUR MONOBLOC- MAINTENANCE - SERVICE 01.02.04 COMPACTEUR POSTE FIXE- MAINTENANCE - SERVICE | F5: {=_xlfn.TEXTJOIN(" -",,$I5,_xlfn._xlws.FILTER(Nomenclature!$W$3:$W$615,LEFT(Nomenclature!$W$3:$W$615,5)=LEFT($I5,5)))} -> 01.02 CONTENANT - MAINTENANCE - SERVICE -01.02.01 WHEELED BIN - MAINTENANCE - SERVICE -01.02.02 SKIP - BIN - CONTAINER - GLASS COLLECTION BIN - MAINTENANCE - SERVICE -01.02.03 MOBILE COMPACTOR - MAINTENANCE - SERVICE -01.02.04 FIXED COMPACTOR - MAINTENANCE - SERVICE | G5: Presta Forfait | I5: 01.02 CONTENANT - MAINTENANCE - SERVICE | J5: {=_xlfn._xlws.FILTER(Nomenclature!$V$3:$V$615,LEFT(Nomenclature!$V$3:$V$615,5)=LEFT('Formulaires intelligents EN'!C5,5))} -> 01.02 CONTAINER - MAINTENANCE - SERVICE | L5: Oui | O5: Oui | Q5: Oui | R5: EUR | S5: Oui | U5: Non | W5: Oui | Y5: Oui | AA5: Oui | AB5: Oui | AC5: Non | AE5: Oui | AG5: Non
C6: 01.02 CONTENANT - MAINTENANCE - SERVICE - Régie - Hors Catalogue | D6: {=_xlfn.TEXTJOIN(" -",,_xlfn._xlws.FILTER(Nomenclature!$V$3:$V$615,LEFT(Nomenclature!$V$3:$V$615,5)=LEFT('Formulaires intelligents EN'!C6,5)),_xlfn.IFS($G6="fourniture","Non Catalog",$G6="Presta forfait","-Fixed Price - Non Catalog",$G6="presta quantite","-Qty based - Non Catalog"))} -> 01.02 CONTAINER - MAINTENANCE - SERVICE --Qty based - Non Catalog | E6: 01.02 CONTENANT - MAINTENANCE - SERVICE 01.02.01 BAC ROULANT - MAINTENANCE - SERVICE 01.02.02 BENNE - BORNE - CAISSON - COLONNE AV - MAINTENANCE - SERVICE 01.02.03 COMPACTEUR MONOBLOC- MAINTENANCE - SERVICE 01.02.04 COMPACTEUR POSTE FIXE- MAINTENANCE - SERVICE | F6: 01.02 CONTAINER - MAINTENANCE - SERVICE 01.02.01 WHEELED BIN - MAINTENANCE - SERVICE 01.02.02 SKIP - BIN - CONTAINER - GLASS COLLECTION BIN - MAINTENANCE - SERVICE 01.02.03 MOBILE COMPACTOR - MAINTENANCE - SERVICE 01.02.04 FIXED COMPACTOR - MAINTENANCE - SERVICE | G6: Presta Quantite | I6: 01.02 CONTENANT - MAINTENANCE - SERVICE | J6: {=_xlfn._xlws.FILTER(Nomenclature!$V$3:$V$615,LEFT(Nomenclature!$V$3:$V$615,5)=LEFT('Formulaires intelligents EN'!C6,5))} -> 01.02 CONTAINER - MAINTENANCE - SERVICE | L6: Oui | N6: Unité | O6: Oui | Q6: Oui | R6: EUR | S6: Oui | U6: Non | W6: Oui | Y6: Oui | AA6: Oui | AB6: Oui | AC6: Non | AE6: Oui | AG6: Non
B7: {=_xlfn.IFS($G7="fourniture","Non Catalog",$G7="Presta forfait","-Fixed Price - Non Catalog",$G7="presta quantité","-Qty based - Non Catalog")} -> Non Catalog | C7: 02.01 FOUR - CHAUDIERE - Hors Catalogue | D7: {=_xlfn.TEXTJOIN(" -",,_xlfn._xlws.FILTER(Nomenclature!$V$3:$V$615,LEFT(Nomenclature!$V$3:$V$615,5)=LEFT('Formulaires intelligents EN'!C7,5)),_xlfn.IFS($G7="fourniture","Non Catalog",$G7="Presta forfait","-Fixed Price - Non Catalog",$G7="presta quantité","-Qty based - Non Catalog"))} -> 02.01 KILN - BOILER -Non Catalog | E7: 02.01 FOUR - CHAUDIERE 02.01.01 REFRACTAIRE - MATERIEL NEUF 02.01.02 PIECE DE FONDERIE CHAUDIERE - FOUR - MATERIEL NEUF 02.01.03 TUBE - ELEMENT CHAUDIERE - MATERIEL NEUF 02.01.04 BRULEUR - MATERIEL NEUF 02.01.05 BRULEUR - ACCESSOIRE - PIECE 02.01.06 SYSTEME NETTOYAGE CHAUDIERE EN MARCHE - MATERIEL NEUF 02.01.07 SYSTÈME NETTOYAGE CHAUDIERE EN MARCHE - ACCESSOIRE - PIECE 02.01.08 CHAUDIERE - REVAMPING 02.01.09 EXTRACTEUR MACHEFERS - MATERIEL NEUF 02.01.10 EXTRACTEUR MACHEFERS - ACCESSOIRE - PIECE 02.01.11 GRILLE - MATERIEL NEUF 02.01.12 GRILLE - ACCESSOIRE - PIECE | F7: 01.02 CONTAINER - MAINTENANCE - SERVICE 01.02.01 WHEELED BIN - MAINTENANCE - SERVICE 01.02.02 SKIP - BIN - CONTAINER - GLASS COLLECTION BIN - MAINTENANCE - SERVICE 01.02.03 MOBILE COMPACTOR - MAINTENANCE - SERVICE 01.02.04 FIXED COMPACTOR - MAINTENANCE - SERVICE | G7: Fourniture | I7: 02.01 FOUR - CHAUDIERE | J7: {=_xlfn._xlws.FILTER(Nomenclature!$V$3:$V$615,LEFT(Nomenclature!$V$3:$V$615,5)=LEFT('Formulaires intelligents EN'!C7,5))} -> 02.01 KILN - BOILER | L7: Oui | N7: Unité | O7: Oui | Q7: Oui | R7: EUR | S7: Oui | U7: Non | W7: Oui | Y7: Oui | AA7: Oui | AB7: Oui | AC7: Non | AE7: Oui | AG7: Non
C8: 02.02 FOUR - CHAUDIERE - MAINTENANCE - SERVICE - Forfait - Hors Catalogue | D8: {=_xlfn.TEXTJOIN(" -",,_xlfn._xlws.FILTER(Nomenclature!$V$3:$V$615,LEFT(Nomenclature!$V$3:$V$615,5)=LEFT('Formulaires intelligents EN'!C8,5)),_xlfn.IFS($G8="fourniture","Non Catalog",$G8="Presta forfait","-Fixed Price - Non Catalog",$G8="presta quantité","-Qty based - Non Catalog"))} -> 02.02 KILN - BOILER - MAINTENANCE - SERVICE --Fixed Price - Non Catalog | E8: 02.02 FOUR - CHAUDIERE - MAINTENANCE - SERVICE 02.02.01 PIECE DE FONDERIE CHAUDIERE - FOUR - MAINTENANCE - SERVICE 02.02.02 TUBE - ELEMENT CHAUDIERE - MAINTENANCE - SERVICE 02.02.03 BRULEUR - MAINTENANCE - SERVICE 02.02.04 SYSTÈME NETTOYAGE CHAUDIERE EN MARCHE - MAINTENANCE - SERVICE 02.02.05 EXTRACTEUR MACHEFERS - MAINTENANCE - SERVICE 02.02.06 GRILLE - MAINTENANCE - SERVICE | F8: 01.02 CONTAINER - MAINTENANCE - SERVICE 01.02.01 WHEELED BIN - MAINTENANCE - SERVICE 01.02.02 SKIP - BIN - CONTAINER - GLASS COLLECTION BIN - MAINTENANCE - SERVICE 01.02.03 MOBILE COMPACTOR - MAINTENANCE - SERVICE 01.02.04 FIXED COMPACTOR - MAINTENANCE - SERVICE | G8: Presta Forfait | I8: 02.02 FOUR - CHAUDIERE - MAINTENANCE - SERVICE | J8: {=_xlfn._xlws.FILTER(Nomenclature!$V$3:$V$615,LEFT(Nomenclature!$V$3:$V$615,5)=LEFT('Formulaires intelligents EN'!C8,5))} -> 02.02 KILN - BOILER - MAINTENANCE - SERVICE | L8: Oui | O8: Oui | Q8: Oui | R8: EUR | S8: Oui | U8: Non | W8: Oui | Y8: Oui | AA8: Oui | AB8: Oui | AC8: Non | AE8: Oui | AG8: Non
C9: 02.02 FOUR - CHAUDIERE - MAINTENANCE - SERVICE - Régie - Hors Catalogue | E9: 02.02 FOUR - CHAUDIERE - MAINTENANCE - SERVICE 02.02.01 PIECE DE FONDERIE CHAUDIERE - FOUR - MAINTENANCE - SERVICE 02.02.02 TUBE - ELEMENT CHAUDIERE - MAINTENANCE - SERVICE 02.02.03 BRULEUR - MAINTENANCE - SERVICE 02.02.04 SYSTÈME NETTOYAGE CHAUDIERE EN MARCHE - MAINTENANCE - SERVICE 02.02.05 EXTRACTEUR MACHEFERS - MAINTENANCE - SERVICE 02.02.06 GRILLE - MAINTENANCE - SERVICE | F9: 01.02 CONTAINER - MAINTENANCE - SERVICE 01.02.01 WHEELED BIN - MAINTENANCE - SERVICE 01.02.02 SKIP - BIN - CONTAINER - GLASS COLLECTION BIN - MAINTENANCE - SERVICE 01.02.03 MOBILE COMPACTOR - MAINTENANCE - SERVICE 01.02.04 FIXED COMPACTOR - MAINTENANCE - SERVICE | G9: Presta Quantite | I9: 02.02 FOUR - CHAUDIERE - MAINTENANCE - SERVICE | L9: Oui | N9: Unité | O9: Oui | Q9: Oui | R9: EUR | S9: Oui | U9: Non | W9: Oui | Y9: Oui | AA9: Oui | AB9: Oui | AC9: Non | AE9: Oui | AG9: Non
C10: 02.03 TRAITEMENT FUMEE - Hors Catalogue | E10: 02.03 TRAITEMENT FUMEE 02.03.01 VENTILATEUR EXTRACTION - MATERIEL NEUF 02.03.02 ALIMENTATION - INJECTION REACTIF 02.03.03 MANCHE DE FILTRE - MATERIEL NEUF 02.03.04 CATALYSEUR - MATERIEL NEUF | F10: 01.02 CONTAINER - MAINTENANCE - SERVICE 01.02.01 WHEELED BIN - MAINTENANCE - SERVICE 01.02.02 SKIP - BIN - CONTAINER - GLASS COLLECTION BIN - MAINTENANCE - SERVICE 01.02.03 MOBILE COMPACTOR - MAINTENANCE - SERVICE 01.02.04 FIXED COMPACTOR - MAINTENANCE - SERVICE | G10: Fourniture | I10: 02.03 TRAITEMENT FUMEE | L10: Oui | N10: Unité | O10: Oui | Q10: Oui | R10: EUR | S10: Oui | U10: Non | W10: Oui | Y10: Oui | AA10: Oui | AB10: Oui | AC10: Non | AE10: Oui | AG10: Non
C11: 02.04 TRAITEMENT FUMEE - MAINTENANCE - SERVICE - Forfait - Hors Catalogue | E11: 02.04 TRAITEMENT FUMEE - MAINTENANCE - SERVICE 02.04.01 VENTILATEUR EXTRACTION - MAINTENANCE - SERVICE 02.04.02 MANCHE DE FILTRE - POSE - SERVICE 02.04.03 CATALYSEUR - POSE - SERVICE | F11: 01.02 CONTAINER - MAINTENANCE - SERVICE 01.02.01 WHEELED BIN - MAINTENANCE - SERVICE 01.02.02 SKIP - BIN - CONTAINER - GLASS COLLECTION BIN - MAINTENANCE - SERVICE 01.02.03 MOBILE COMPACTOR - MAINTENANCE - SERVICE 01.02.04 FIXED COMPACTOR - MAINTENANCE - SERVICE | G11: Presta Forfait | I11: 02.04 TRAITEMENT FUMEE - MAINTENANCE - SERVICE | L11: Oui | O11: Oui | Q11: Oui | R11: EUR | S11: Oui | U11: Non | W11: Oui | Y11: Oui | AA11: Oui | AB11: Oui | AC11: Non | AE11: Oui | AG11: Non
C12: 02.04 TRAITEMENT FUMEE - MAINTENANCE - SERVICE - Régie - Hors Catalogue | E12: 02.04 TRAITEMENT FUMEE - MAINTENANCE - SERVICE 02.04.01 VENTILATEUR EXTRACTION - MAINTENANCE - SERVICE 02.04.02 MANCHE DE FILTRE - POSE - SERVICE 02.04.03 CATALYSEUR - POSE - SERVICE | F12: 01.02 CONTAINER - MAINTENANCE - SERVICE 01.02.01 WHEELED BIN - MAINTENANCE - SERVICE 01.02.02 SKIP - BIN - CONTAINER - GLASS COLLECTION BIN - MAINTENANCE - SERVICE 01.02.03 MOBILE COMPACTOR - MAINTENANCE - SERVICE 01.02.04 FIXED COMPACTOR - MAINTENANCE - SERVICE | G12: Presta Quantite | I12: 02.04 TRAITEMENT FUMEE - MAINTENANCE - SERVICE | L12: Oui | N12: Unité | O12: Oui | Q12: Oui | R12: EUR | S12: Oui | U12: Non | W12: Oui | Y12: Oui | AA12: Oui | AB12: Oui | AC12: Non | AE12: Oui | AG12: Non
C13: 02.05 GROUPE TURBO ALTERNATEUR - TURBINE - Hors Catalogue | E13: 02.05 GROUPE TURBO ALTERNATEUR - TURBINE 02.05.01 TURBINE - MATERIEL NEUF 02.05.02 REDUCTEUR - MATERIEL NEUF 02.05.03 ALTERNATEUR - MATERIEL NEUF 02.05.04 TURBINE - REDUCTEUR - ALTERNATEUR - ACCESSOIRE - PIECE | F13: 01.02 CONTAINER - MAINTENANCE - SERVICE 01.02.01 WHEELED BIN - MAINTENANCE - SERVICE 01.02.02 SKIP - BIN - CONTAINER - GLASS COLLECTION BIN - MAINTENANCE - SERVICE 01.02.03 MOBILE COMPACTOR - MAINTENANCE - SERVICE 01.02.04 FIXED COMPACTOR - MAINTENANCE - SERVICE | G13: Fourniture | I13: 02.05 GROUPE TURBO ALTERNATEUR - TURBINE | L13: Oui | N13: Unité | O13: Oui | Q13: Oui | R13: EUR | S13: Oui | U13: Non | W13: Oui | Y13: Oui | AA13: Oui | AB13: Oui | AC13: Non | AE13: Oui | AG13: Non
C14: 02.06 GROUPE TURBO ALTERNATEUR - TURBINE - MAINTENANCE - SERVICE - Forfait - Hors Catalogue | E14: 02.06 GROUPE TURBO ALTERNATEUR - TURBINE - MAINTENANCE - SERVICE 02.06.01 GROUPE TURBO ALTERNATEUR - TURBINE - MAINTENANCE - SERVICE | F14: 01.02 CONTAINER - MAINTENANCE - SERVICE 01.02.01 WHEELED BIN - MAINTENANCE - SERVICE 01.02.02 SKIP - BIN - CONTAINER - GLASS COLLECTION BIN - MAINTENANCE - SERVICE 01.02.03 MOBILE COMPACTOR - MAINTENANCE - SERVICE 01.02.04 FIXED COMPACTOR - MAINTENANCE - SERVICE | G14: Presta Forfait | I14: 02.06 GROUPE TURBO ALTERNATEUR - TURBINE - MAINTENANCE - SERVICE | L14: Oui | O14: Oui | Q14: Oui | R14: EUR | S14: Oui | U14: Non | W14: Oui | Y14: Oui | AA14: Oui | AB14: Oui | AC14: Non | AE14: Oui | AG14: Non
C15: 02.06 GROUPE TURBO ALTERNATEUR - TURBINE - MAINTENANCE - SERVICE - Régie - Hors Catalogue | E15: 02.06 GROUPE TURBO ALTERNATEUR - TURBINE - MAINTENANCE - SERVICE 02.06.01 GROUPE TURBO ALTERNATEUR - TURBINE - MAINTENANCE - SERVICE | F15: 01.02 CONTAINER - MAINTENANCE - SERVICE 01.02.01 WHEELED BIN - MAINTENANCE - SERVICE 01.02.02 SKIP - BIN - CONTAINER - GLASS COLLECTION BIN - MAINTENANCE - SERVICE 01.02.03 MOBILE COMPACTOR - MAINTENANCE - SERVICE 01.02.04 FIXED COMPACTOR - MAINTENANCE - SERVICE | G15: Presta Quantite | I15: 02.06 GROUPE TURBO ALTERNATEUR - TURBINE - MAINTENANCE - SERVICE | L15: Oui | N15: Unité | O15: Oui | Q15: Oui | R15: EUR | S15: Oui | U15: Non | W15: Oui | Y15: Oui | AA15: Oui | AB15: Oui | AC15: Non | AE15: Oui | AG15: Non
C16: 03.01 PONT BASCULE - PORTIQUE - Hors Catalogue | E16: 03.01 PONT BASCULE - PORTIQUE 03.01.01 PONT BASCULE - MATERIEL NEUF 03.01.02 BORNE DE PESEE - MATERIEL NEUF 03.01.03 BASCULE - MATERIEL NEUF 03.01.04 PORTIQUE RADIOACTIVITE - MATERIEL NEUF | F16: 01.02 CONTAINER - MAINTENANCE - SERVICE 01.02.01 WHEELED BIN - MAINTENANCE - SERVICE 01.02.02 SKIP - BIN - CONTAINER - GLASS COLLECTION BIN - MAINTENANCE - SERVICE 01.02.03 MOBILE COMPACTOR - MAINTENANCE - SERVICE 01.02.04 FIXED COMPACTOR - MAINTENANCE - SERVICE | G16: Fourniture | I16: 03.01 PONT BASCULE - PORTIQUE | L16: Oui | N16: Unité | O16: Oui | Q16: Oui | R16: EUR | S16: Oui | U16: Non | W16: Oui | Y16: Oui | AA16: Oui | AB16: Oui | AC16: Non | AE16: Oui | AG16: Non
C17: 03.02 EQUIPEMENT LEVAGE - Hors Catalogue | E17: 03.02 EQUIPEMENT LEVAGE 03.02.01 PONT ROULANT - MATERIEL NEUF 03.02.02 PONT ROULANT - ACCESSOIRE - PIECE 03.02.03 PALAN - MATERIEL NEUF 03.02.04 POTENCE - MATERIEL NEUF 03.02.05 PORTIQUE - MATERIEL NEUF 03.02.06 GRAPPIN OM - MATERIEL NEUF 03.02.07 GRAPPIN OM - ACCESSOIRE - PIECE 03.02.08 GRUE PORTATIVE - MATERIEL NEUF | F17: 01.02 CONTAINER - MAINTENANCE - SERVICE 01.02.01 WHEELED BIN - MAINTENANCE - SERVICE 01.02.02 SKIP - BIN - CONTAINER - GLASS COLLECTION BIN - MAINTENANCE - SERVICE 01.02.03 MOBILE COMPACTOR - MAINTENANCE - SERVICE 01.02.04 FIXED COMPACTOR - MAINTENANCE - SERVICE | G17: Fourniture | I17: 03.02 EQUIPEMENT LEVAGE | L17: Oui | N17: Unité | O17: Oui | Q17: Oui | R17: EUR | S17: Oui | U17: Non | W17: Oui | Y17: Oui | AA17: Oui | AB17: Oui | AC17: Non | AE17: Oui | AG17: Non
C18: 03.03 EQUIPEMENT LEVAGE - PONT BASCULE - PORTIQUE - MAINTENANCE - SERVICE - Forfait - Hors Catalogue | E18: 03.03 EQUIPEMENT LEVAGE - PONT BASCULE - PORTIQUE - MAINTENANCE - SERVICE 03.03.01 PONT ROULANT - MAINTENANCE - SERVICE 03.03.02 PALAN - MAINTENANCE - SERVICE 03.03.03 POTENCE - MAINTENANCE - SERVICE 03.03.04 PORTIQUE - MAINTENANCE - SERVICE 03.03.05 GRAPPIN OM - MAINTENANCE - SERVICE 03.03.06 GRUE PORTATIVE - MAINTENANCE - SERVICE 03.03.07 PONT BASCULE - MAINTENANCE - SERVICE 03.03.08 BORNE DE PESEE - MAINTENANCE - SERVICE 03.03.09 BASCULE - MAINTENANCE - SERVICE 03.03.10 PORTIQUE RADIOACTIVITE - MAINTENANCE - SERVICE | F18: 01.02 CONTAINER - MAINTENANCE - SERVICE 01.02.01 WHEELED BIN - MAINTENANCE - SERVICE 01.02.02 SKIP - BIN - CONTAINER - GLASS COLLECTION BIN - MAINTENANCE - SERVICE 01.02.03 MOBILE COMPACTOR - MAINTENANCE - SERVICE 01.02.04 FIXED COMPACTOR - MAINTENANCE - SERVICE | G18: Presta Forfait | I18: 03.03 EQUIPEMENT LEVAGE - PONT BASCULE - PORTIQUE - MAINTENANCE - SERVICE | L18: Oui | O18: Oui | Q18: Oui | R18: EUR | S18: Oui | U18: Non | W18: Oui | Y18: Oui | AA18: Oui | AB18: Oui | AC18: Non | AE18: Oui | AG18: Non
C19: 03.03 EQUIPEMENT LEVAGE - PONT BASCULE - PORTIQUE - MAINTENANCE - SERVICE - Régie - Hors Catalogue | E19: 03.03 EQUIPEMENT LEVAGE - PONT BASCULE - PORTIQUE - MAINTENANCE - SERVICE 03.03.01 PONT ROULANT - MAINTENANCE - SERVICE 03.03.02 PALAN - MAINTENANCE - SERVICE 03.03.03 POTENCE - MAINTENANCE - SERVICE 03.03.04 PORTIQUE - MAINTENANCE - SERVICE 03.03.05 GRAPPIN OM - MAINTENANCE - SERVICE 03.03.06 GRUE PORTATIVE - MAINTENANCE - SERVICE 03.03.07 PONT BASCULE - MAINTENANCE - SERVICE 03.03.08 BORNE DE PESEE - MAINTENANCE - SERVICE 03.03.09 BASCULE - MAINTENANCE - SERVICE 03.03.10 PORTIQUE RADIOACTIVITE - MAINTENANCE - SERVICE | F19: 01.02 CONTAINER - MAINTENANCE - SERVICE 01.02.01 WHEELED BIN - MAINTENANCE - SERVICE 01.02.02 SKIP - BIN - CONTAINER - GLASS COLLECTION BIN - MAINTENANCE - SERVICE 01.02.03 MOBILE COMPACTOR - MAINTENANCE - SERVICE 01.02.04 FIXED COMPACTOR - MAINTENANCE - SERVICE | G19: Presta Quantite | I19: 03.03 EQUIPEMENT LEVAGE - PONT BASCULE - PORTIQUE - MAINTENANCE - SERVICE | L19: Oui | N19: Unité | O19: Oui | Q19: Oui | R19: EUR | S19: Oui | U19: Non | W19: Oui | Y19: Oui | AA19: Oui | AB19: Oui | AC19: Non | AE19: Oui | AG19: Non
C20: 03.04 CIRCUIT EAU - VAPEUR - Hors Catalogue | E20: 03.04 CIRCUIT EAU - VAPEUR 03.04.01 ECHANGEUR CHALEUR - MATERIEL NEUF 03.04.02 ECHANGEUR CHALEUR - ACCESSOIRE - PIECE 03.04.03 AEROCONDENSEUR - MATERIEL NEUF 03.04.04 AEROCONDENSEUR - ACCESSOIRE - PIECE 03.04.05 AEROREFRIGERANT - MATERIEL NEUF 03.04.06 AEROREFRIGERANT - ACCESSOIRE - PIECE 03.04.07 VIS CHAUFFANTE - MATERIEL NEUF 03.04.08 VIS CHAUFFANTE - ACCESSOIRE - PIECE 03.04.09 BACHE ALIMENTAIRE - DEGAZEUR | F20: 01.02 CONTAINER - MAINTENANCE - SERVICE 01.02.01 WHEELED BIN - MAINTENANCE - SERVICE 01.02.02 SKIP - BIN - CONTAINER - GLASS COLLECTION BIN - MAINTENANCE - SERVICE 01.02.03 MOBILE COMPACTOR - MAINTENANCE - SERVICE 01.02.04 FIXED COMPACTOR - MAINTENANCE - SERVICE | G20: Fourniture | I20: 03.04 CIRCUIT EAU - VAPEUR | L20: Oui | N20: Unité | O20: Oui | Q20: Oui | R20: EUR | S20: Oui | U20: Non | W20: Oui | Y20: Oui | AA20: Oui | AB20: Oui | AC20: Non | AE20: Oui | AG20: Non
C21: 03.05 CIRCUIT EAU - VAPEUR - MAINTENANCE - SERVICE - Forfait - Hors Catalogue | E21: 03.05 CIRCUIT EAU - VAPEUR - MAINTENANCE - SERVICE 03.05.01 ECHANGEUR CHALEUR - MAINTENANCE - SERVICE 03.05.02 AEROCONDENSEUR - MAINTENANCE - SERVICE 03.05.03 AEROREFRIGERANT - MAINTENANCE - SERVICE 03.05.04 VIS CHAUFFANTE - MAINTENANCE - SERVICE | F21: 01.02 CONTAINER - MAINTENANCE - SERVICE 01.02.01 WHEELED BIN - MAINTENANCE - SERVICE 01.02.02 SKIP - BIN - CONTAINER - GLASS COLLECTION BIN - MAINTENANCE - SERVICE 01.02.03 MOBILE COMPACTOR - MAINTENANCE - SERVICE 01.02.04 FIXED COMPACTOR - MAINTENANCE - SERVICE | G21: Presta Forfait | I21: 03.05 CIRCUIT EAU - VAPEUR - MAINTENANCE - SERVICE | L21: Oui | O21: Oui | Q21: Oui | R21: EUR | S21: Oui | U21: Non | W21: Oui | Y21: Oui | AA21: Oui | AB21: Oui | AC21: Non | AE21: Oui | AG21: Non
C22: 03.05 CIRCUIT EAU - VAPEUR - MAINTENANCE - SERVICE - Régie - Hors Catalogue | E22: 03.05 CIRCUIT EAU - VAPEUR - MAINTENANCE - SERVICE 03.05.01 ECHANGEUR CHALEUR - MAINTENANCE - SERVICE 03.05.02 AEROCONDENSEUR - MAINTENANCE - SERVICE 03.05.03 AEROREFRIGERANT - MAINTENANCE - SERVICE 03.05.04 VIS CHAUFFANTE - MAINTENANCE - SERVICE | F22: 01.02 CONTAINER - MAINTENANCE - SERVICE 01.02.01 WHEELED BIN - MAINTENANCE - SERVICE 01.02.02 SKIP - BIN - CONTAINER - GLASS COLLECTION BIN - MAINTENANCE - SERVICE 01.02.03 MOBILE COMPACTOR - MAINTENANCE - SERVICE 01.02.04 FIXED COMPACTOR - MAINTENANCE - SERVICE | G22: Presta Quantite | I22: 03.05 CIRCUIT EAU - VAPEUR - MAINTENANCE - SERVICE | L22: Oui | N22: Unité | O22: Oui | Q22: Oui | R22: EUR | S22: Oui | U22: Non | W22: Oui | Y22: Oui | AA22: Oui | AB22: Oui | AC22: Non | AE22: Oui | AG22: Non
C23: 03.06 MOTEUR - Hors Catalogue | E23: 03.06 MOTEUR 03.06.01 MOTEUR - MATERIEL NEUF 03.06.02 MOTEUR - ACCESSOIRE - PIECE | F23: 01.02 CONTAINER - MAINTENANCE - SERVICE 01.02.01 WHEELED BIN - MAINTENANCE - SERVICE 01.02.02 SKIP - BIN - CONTAINER - GLASS COLLECTION BIN - MAINTENANCE - SERVICE 01.02.03 MOBILE COMPACTOR - MAINTENANCE - SERVICE 01.02.04 FIXED COMPACTOR - MAINTENANCE - SERVICE | G23: Fourniture | I23: 03.06 MOTEUR | L23: Oui | N23: Unité | O23: Oui | Q23: Oui | R23: EUR | S23: Oui | U23: Non | W23: Oui | Y23: Oui | AA23: Oui | AB23: Oui | AC23: Non | AE23: Oui | AG23: Non
C24: 03.07 POMPE - Hors Catalogue | E24: 03.07 POMPE 03.07.01 POMPE ALIMENTAIRE - MATERIEL NEUF 03.07.02 POMPE ALIMENTAIRE - ACCESSOIRE - PIECE 03.07.03 POMPE EXTRACTION CONDENSAT - MATERIEL NEUF 03.07.04 POMPE EXTRACTION CONDENSAT - ACCESSOIRE - PIECE 03.07.05 POMPE EAU BRUTE - MATERIEL NEUF 03.07.06 POMPE EAU BRUTE - ACCESSOIRE - PIECE 03.07.07 POMPE EAU DEMINERALISEE - MATERIEL NEUF 03.07.08 POMPE EAU DEMINERALISEE - ACCESSOIRE - PIECE 03.07.09 AUTRE POMPE - MATERIEL NEUF 03.07.10 AUTRE POMPE - ACCESSOIRE - PIECE | F24: 01.02 CONTAINER - MAINTENANCE - SERVICE 01.02.01 WHEELED BIN - MAINTENANCE - SERVICE 01.02.02 SKIP - BIN - CONTAINER - GLASS COLLECTION BIN - MAINTENANCE - SERVICE 01.02.03 MOBILE COMPACTOR - MAINTENANCE - SERVICE 01.02.04 FIXED COMPACTOR - MAINTENANCE - SERVICE | G24: Fourniture | I24: 03.07 POMPE | L24: Oui | N24: Unité | O24: Oui | Q24: Oui | R24: EUR | S24: Oui | U24: Non | W24: Oui | Y24: Oui | AA24: Oui | AB24: Oui | AC24: Non | AE24: Oui | AG24: Non
C25: 03.08 POMPE - MOTEUR - MAINTENANCE - SERVICE - Forfait - Hors Catalogue | E25: 03.08 POMPE - MOTEUR - MAINTENANCE - SERVICE 03.08.01 POMPE ALIMENTAIRE - MAINTENANCE - SERVICE 03.08.02 POMPE EXTRACTION CONDENSAT - MAINTENANCE - SERVICE 03.08.03 POMPE EAU BRUTE - MAINTENANCE - SERVICE 03.08.04 POMPE EAU DEMINERALISEE - MAINTENANCE - SERVICE 03.08.05 AUTRE POMPE - MAINTENANCE - SERVICE 03.08.06 MOTEUR - MAINTENANCE - SERVICE | F25: 01.02 CONTAINER - MAINTENANCE - SERVICE 01.02.01 WHEELED BIN - MAINTENANCE - SERVICE 01.02.02 SKIP - BIN - CONTAINER - GLASS COLLECTION BIN - MAINTENANCE - SERVICE 01.02.03 MOBILE COMPACTOR - MAINTENANCE - SERVICE 01.02.04 FIXED COMPACTOR - MAINTENANCE - SERVICE | G25: Presta Forfait | I25: 03.08 POMPE - MOTEUR - MAINTENANCE - SERVICE | L25: Oui | O25: Oui | Q25: Oui | R25: EUR | S25: Oui | U25: Non | W25: Oui | Y25: Oui | AA25: Oui | AB25: Oui | AC25: Non | AE25: Oui | AG25: Non
C26: 03.08 POMPE - MOTEUR - MAINTENANCE - SERVICE - Régie - Hors Catalogue | E26: 03.08 POMPE - MOTEUR - MAINTENANCE - SERVICE 03.08.01 POMPE ALIMENTAIRE - MAINTENANCE - SERVICE 03.08.02 POMPE EXTRACTION CONDENSAT - MAINTENANCE - SERVICE 03.08.03 POMPE EAU BRUTE - MAINTENANCE - SERVICE 03.08.04 POMPE EAU DEMINERALISEE - MAINTENANCE - SERVICE 03.08.05 AUTRE POMPE - MAINTENANCE - SERVICE 03.08.06 MOTEUR - MAINTENANCE - SERVICE | F26: 01.02 CONTAINER - MAINTENANCE - SERVICE 01.02.01 WHEELED BIN - MAINTENANCE - SERVICE 01.02.02 SKIP - BIN - CONTAINER - GLASS COLLECTION BIN - MAINTENANCE - SERVICE 01.02.03 MOBILE COMPACTOR - MAINTENANCE - SERVICE 01.02.04 FIXED COMPACTOR - MAINTENANCE - SERVICE | G26: Presta Quantite | I26: 03.08 POMPE - MOTEUR - MAINTENANCE - SERVICE | L26: Oui | N26: Unité | O26: Oui | Q26: Oui | R26: EUR | S26: Oui | U26: Non | W26: Oui | Y26: Oui | AA26: Oui | AB26: Oui | AC26: Non | AE26: Oui | AG26: Non
C27: 03.09 BROYEUR - Hors Catalogue | E27: 03.09 BROYEUR 03.09.01 BROYEUR BOIS - MATERIEL NEUF 03.09.02 BROYEUR DECHETS VERTS - MATERIEL NEUF 03.09.03 BROYEUR DI - MATERIEL NEUF 03.09.04 BROYEUR METAL- MATERIEL NEUF 03.09.05 BROYEUR PLASTIQUE - MATERIEL NEUF 03.09.06 BROYEUR BICAR - MATERIEL NEUF 03.09.07 BROYEUR - ACCESSOIRE - PIECE 03.09.08 CISAILLE FERRAILLE - METAUX | F27: 01.02 CONTAINER - MAINTENANCE - SERVICE 01.02.01 WHEELED BIN - MAINTENANCE - SERVICE 01.02.02 SKIP - BIN - CONTAINER - GLASS COLLECTION BIN - MAINTENANCE - SERVICE 01.02.03 MOBILE COMPACTOR - MAINTENANCE - SERVICE 01.02.04 FIXED COMPACTOR - MAINTENANCE - SERVICE | G27: Fourniture | I27: 03.09 BROYEUR | L27: Oui | N27: Unité | O27: Oui | Q27: Oui | R27: EUR | S27: Oui | U27: Non | W27: Oui | Y27: Oui | AA27: Oui | AB27: Oui | AC27: Non | AE27: Oui | AG27: Non
C28: 03.10 EQUIPEMENT TRI - Hors Catalogue | E28: 03.10 EQUIPEMENT TRI 03.10.01 TRIEUR OPTIQUE - MATERIEL NEUF 03.10.02 TRIEUR OPTIQUE - ACCESSOIRE - PIECE 03.10.03 TROMMEL - MATERIEL NEUF 03.10.04 TROMMEL - ACCESSOIRE - PIECE 03.10.05 SEPARATEUR BALISTIQUE - MATERIEL NEUF 03.10.06 SEPARATEUR BALISTIQUE - ACCESSOIRE - PIECE 03.10.07 CRIBLE - MATERIEL NEUF 03.10.08 CRIBLE - ACCESSOIRE - PIECE 03.10.09 COURANT DE FOUCAULT- MATERIEL NEUF 03.10.10 COURANT DE FOUCAULT - ACCESSOIRE - PIECE 03.10.11 DECONDITIONNEUR - MATERIEL NEUF 03.10.12 DECONDITIONNEUR - ACCESSOIRE - PIECE 03.10.13 OVERBAND - MATERIEL NEUF 03.10.14 OVERBAND - ACCESSOIRE - PIECE 03.10.15 GUILLOTINE - MATERIEL NEUF 03.10.16 SYSTÈME D'ALIMENTATION - OUVREUR DE SACS - MATERIEL NEUF 03.10.17 SYSTÈME D'ALIMENTATION - OUVREUR DE SACS - ACCESSOIRE - PIECE | F28: 01.02 CONTAINER - MAINTENANCE - SERVICE 01.02.01 WHEELED BIN - MAINTENANCE - SERVICE 01.02.02 SKIP - BIN - CONTAINER - GLASS COLLECTION BIN - MAINTENANCE - SERVICE 01.02.03 MOBILE COMPACTOR - MAINTENANCE - SERVICE 01.02.04 FIXED COMPACTOR - MAINTENANCE - SERVICE | G28: Fourniture | I28: 03.10 EQUIPEMENT TRI | L28: Oui | N28: Unité | O28: Oui | Q28: Oui | R28: EUR | S28: Oui | U28: Non | W28: Oui | Y28: Oui | AA28: Oui | AB28: Oui | AC28: Non | AE28: Oui | AG28: Non
C29: 03.11 EQUIPEMENT TRI - BROYEUR - MAINTENANCE - SERVICE - Forfait - Hors Catalogue | E29: 03.11 EQUIPEMENT TRI - BROYEUR - MAINTENANCE - SERVICE 03.11.01 TRIEUR OPTIQUE - MAINTENANCE - SERVICE 03.11.02 TROMMEL - MAINTENANCE - SERVICE 03.11.03 SEPARATEUR BALISTIQUE - MAINTENANCE - SERVICE 03.11.04 CRIBLE - MAINTENANCE - SERVICE 03.11.05 COURANT DE FOUCAULT- MAINTENANCE - SERVICE 03.11.06 DECONDITIONNEUR - MAINTENANCE - SERVICE 03.11.07 OVERBAND - MAINTENANCE - SERVICE 03.11.08 GUILLOTINE - MAINTENANCE - SERVICE 03.11.09 SYSTÈME D'ALIMENTATION - OUVREUR DE SACS - MAINTENANCE - SERVICE 03.11.10 BROYEUR - MAINTENANCE - SERVICE | F29: 01.02 CONTAINER - MAINTENANCE - SERVICE 01.02.01 WHEELED BIN - MAINTENANCE - SERVICE 01.02.02 SKIP - BIN - CONTAINER - GLASS COLLECTION BIN - MAINTENANCE - SERVICE 01.02.03 MOBILE COMPACTOR - MAINTENANCE - SERVICE 01.02.04 FIXED COMPACTOR - MAINTENANCE - SERVICE | G29: Presta Forfait | I29: 03.11 EQUIPEMENT TRI - BROYEUR - MAINTENANCE - SERVICE | L29: Oui | O29: Oui | Q29: Oui | R29: EUR | S29: Oui | U29: Non | W29: Oui | Y29: Oui | AA29: Oui | AB29: Oui | AC29: Non | AE29: Oui | AG29: Non
C30: 03.11 EQUIPEMENT TRI - BROYEUR - MAINTENANCE - SERVICE - Régie - Hors Catalogue | E30: 03.11 EQUIPEMENT TRI - BROYEUR - MAINTENANCE - SERVICE 03.11.01 TRIEUR OPTIQUE - MAINTENANCE - SERVICE 03.11.02 TROMMEL - MAINTENANCE - SERVICE 03.11.03 SEPARATEUR BALISTIQUE - MAINTENANCE - SERVICE 03.11.04 CRIBLE - MAINTENANCE - SERVICE 03.11.05 COURANT DE FOUCAULT- MAINTENANCE - SERVICE 03.11.06 DECONDITIONNEUR - MAINTENANCE - SERVICE 03.11.07 OVERBAND - MAINTENANCE - SERVICE 03.11.08 GUILLOTINE - MAINTENANCE - SERVICE 03.11.09 SYSTÈME D'ALIMENTATION - OUVREUR DE SACS - MAINTENANCE - SERVICE 03.11.10 BROYEUR - MAINTENANCE - SERVICE | F30: 01.02 CONTAINER - MAINTENANCE - SERVICE 01.02.01 WHEELED BIN - MAINTENANCE - SERVICE 01.02.02 SKIP - BIN - CONTAINER - GLASS COLLECTION BIN - MAINTENANCE - SERVICE 01.02.03 MOBILE COMPACTOR - MAINTENANCE - SERVICE 01.02.04 FIXED COMPACTOR - MAINTENANCE - SERVICE | G30: Presta Quantite | I30: 03.11 EQUIPEMENT TRI - BROYEUR - MAINTENANCE - SERVICE | L30: Oui | N30: Unité | O30: Oui | Q30: Oui | R30: EUR | S30: Oui | U30: Non | W30: Oui | Y30: Oui | AA30: Oui | AB30: Oui | AC30: Non | AE30: Oui | AG30: Non
C31: 03.12 PRESSE - Hors Catalogue | E31: 03.12 PRESSE 03.12.01 PRESSE A BALLE - MATERIEL NEUF 03.12.02 PRESSE A BALLE - ACCESSOIRE - PIECE 03.12.03 PRESSE A CANNETTE - MATERIEL NEUF 03.12.04 PRESSE A CANNETTE - ACCESSOIRE - PIECE 03.12.05 PRESSE A METAL - MATERIEL NEUF 03.12.06 PRESSE A METAL - ACCESSOIRE - PIECE 03.12.07 PRESSE A FUT - MATERIEL NEUF 03.12.08 PRESSE A FUT - ACCESSOIRE - PIECE 03.12.09 PRESSE A POLYSTYRENE - MATERIEL NEUF 03.12.10 PRESSE A POLYSTYRENE - ACCESSOIRE - PIECE 03.12.11 PRESSE REFLEX - MATERIEL NEUF 03.12.12 PRESSE REFLEX - ACCESSOIRE - PIECE 03.12.13 PRESSE VERTICALE - MATERIEL NEUF 03.12.14 PRESSE VERTICALE - ACCESSOIRE - PIECE 03.12.15 PRESSE A PAQUET - MATERIEL NEUF 03.12.16 PRESSE A PAQUET - ACCESSOIRE - PIECE 03.12.17 ENRUBANNEUSE - MATERIEL NEUF 03.12.18 ENRUBANNEUSE - ACCESSOIRE - PIECE | F31: 01.02 CONTAINER - MAINTENANCE - SERVICE 01.02.01 WHEELED BIN - MAINTENANCE - SERVICE 01.02.02 SKIP - BIN - CONTAINER - GLASS COLLECTION BIN - MAINTENANCE - SERVICE 01.02.03 MOBILE COMPACTOR - MAINTENANCE - SERVICE 01.02.04 FIXED COMPACTOR - MAINTENANCE - SERVICE | G31: Fourniture | I31: 03.12 PRESSE | L31: Oui | N31: Unité | O31: Oui | Q31: Oui | R31: EUR | S31: Oui | U31: Non | W31: Oui | Y31: Oui | AA31: Oui | AB31: Oui | AC31: Non | AE31: Oui | AG31: Non
C32: 03.13 PRESSE - MAINTENANCE - SERVICE - Forfait - Hors Catalogue | E32: 03.13 PRESSE - MAINTENANCE - SERVICE 03.13.01 PRESSE A BALLE - MAINTENANCE - SERVICE 03.13.02 PRESSE A CANNETTE - MAINTENANCE - SERVICE 03.13.03 PRESSE A METAL - MAINTENANCE - SERVICE 03.13.04 PRESSE A FUT - MAINTENANCE - SERVICE 03.13.05 PRESSE A POLYSTYRENE - MAINTENANCE - SERVICE 03.13.06 PRESSE REFLEX - MAINTENANCE - SERVICE 03.13.07 PRESSE VERTICALE - MAINTENANCE - SERVICE 03.13.08 PRESSE A PAQUET - MAINTENANCE - SERVICE 03.13.09 ENRUBANNEUSE - MAINTENANCE - SERVICE | F32: 01.02 CONTAINER - MAINTENANCE - SERVICE 01.02.01 WHEELED BIN - MAINTENANCE - SERVICE 01.02.02 SKIP - BIN - CONTAINER - GLASS COLLECTION BIN - MAINTENANCE - SERVICE 01.02.03 MOBILE COMPACTOR - MAINTENANCE - SERVICE 01.02.04 FIXED COMPACTOR - MAINTENANCE - SERVICE | G32: Presta Forfait | I32: 03.13 PRESSE - MAINTENANCE - SERVICE | L32: Oui | O32: Oui | Q32: Oui | R32: EUR | S32: Oui | U32: Non | W32: Oui | Y32: Oui | AA32: Oui | AB32: Oui | AC32: Non | AE32: Oui | AG32: Non
C33: 03.13 PRESSE - MAINTENANCE - SERVICE - Régie - Hors Catalogue | E33: 03.13 PRESSE - MAINTENANCE - SERVICE 03.13.01 PRESSE A BALLE - MAINTENANCE - SERVICE 03.13.02 PRESSE A CANNETTE - MAINTENANCE - SERVICE 03.13.03 PRESSE A METAL - MAINTENANCE - SERVICE 03.13.04 PRESSE A FUT - MAINTENANCE - SERVICE 03.13.05 PRESSE A POLYSTYRENE - MAINTENANCE - SERVICE 03.13.06 PRESSE REFLEX - MAINTENANCE - SERVICE 03.13.07 PRESSE VERTICALE - MAINTENANCE - SERVICE 03.13.08 PRESSE A PAQUET - MAINTENANCE - SERVICE 03.13.09 ENRUBANNEUSE - MAINTENANCE - SERVICE | F33: 01.02 CONTAINER - MAINTENANCE - SERVICE 01.02.01 WHEELED BIN - MAINTENANCE - SERVICE 01.02.02 SKIP - BIN - CONTAINER - GLASS COLLECTION BIN - MAINTENANCE - SERVICE 01.02.03 MOBILE COMPACTOR - MAINTENANCE - SERVICE 01.02.04 FIXED COMPACTOR - MAINTENANCE - SERVICE | G33: Presta Quantite | I33: 03.13 PRESSE - MAINTENANCE - SERVICE | L33: Oui | N33: Unité | O33: Oui | Q33: Oui | R33: EUR | S33: Oui | U33: Non | W33: Oui | Y33: Oui | AA33: Oui | AB33: Oui | AC33: Non | AE33: Oui | AG33: Non
C34: 03.14 CUVE STOCKAGE - SILO - Hors Catalogue | E34: 03.14 CUVE STOCKAGE - SILO 03.14.01 CUVE DE STOCKAGE - MATERIEL NEUF 03.14.02 CUVE DE STOCKAGE - ACCESSOIRE - PIECE 03.14.03 TRAITEMENT BACTERIDICIDE - CUVE STATION 03.14.04 SILO - MATERIEL NEUF 03.14.05 SILO - ACCESSOIRE - PIECE 03.14.06 TRANSFERT - MATERIEL NEUF | F34: 01.02 CONTAINER - MAINTENANCE - SERVICE 01.02.01 WHEELED BIN - MAINTENANCE - SERVICE 01.02.02 SKIP - BIN - CONTAINER - GLASS COLLECTION BIN - MAINTENANCE - SERVICE 01.02.03 MOBILE COMPACTOR - MAINTENANCE - SERVICE 01.02.04 FIXED COMPACTOR - MAINTENANCE - SERVICE | G34: Fourniture | I34: 03.14 CUVE STOCKAGE - SILO | L34: Oui | N34: Unité | O34: Oui | Q34: Oui | R34: EUR | S34: Oui | U34: Non | W34: Oui | Y34: Oui | AA34: Oui | AB34: Oui | AC34: Non | AE34: Oui | AG34: Non
C35: 03.15 CUVE STOCKAGE - SILO - MAINTENANCE - SERVICE - Forfait - Hors Catalogue | E35: 03.15 CUVE STOCKAGE - SILO - MAINTENANCE - SERVICE 03.15.01 SILO - MAINTENANCE 03.15.02 TRANSFERT - MAINTENANCE | F35: 01.02 CONTAINER - MAINTENANCE - SERVICE 01.02.01 WHEELED BIN - MAINTENANCE - SERVICE 01.02.02 SKIP - BIN - CONTAINER - GLASS COLLECTION BIN - MAINTENANCE - SERVICE 01.02.03 MOBILE COMPACTOR - MAINTENANCE - SERVICE 01.02.04 FIXED COMPACTOR - MAINTENANCE - SERVICE | G35: Presta Forfait | I35: 03.15 CUVE STOCKAGE - SILO - MAINTENANCE - SERVICE | L35: Oui | O35: Oui | Q35: Oui | R35: EUR | S35: Oui | U35: Non | W35: Oui | Y35: Oui | AA35: Oui | AB35: Oui | AC35: Non | AE35: Oui | AG35: Non
C36: 03.15 CUVE STOCKAGE - SILO - MAINTENANCE - SERVICE - Régie - Hors Catalogue | E36: 03.15 CUVE STOCKAGE - SILO - MAINTENANCE - SERVICE 03.15.01 SILO - MAINTENANCE 03.15.02 TRANSFERT - MAINTENANCE | F36: 01.02 CONTAINER - MAINTENANCE - SERVICE 01.02.01 WHEELED BIN - MAINTENANCE - SERVICE 01.02.02 SKIP - BIN - CONTAINER - GLASS COLLECTION BIN - MAINTENANCE - SERVICE 01.02.03 MOBILE COMPACTOR - MAINTENANCE - SERVICE 01.02.04 FIXED COMPACTOR - MAINTENANCE - SERVICE | G36: Presta Quantite | I36: 03.15 CUVE STOCKAGE - SILO - MAINTENANCE - SERVICE | L36: Oui | N36: Unité | O36: Oui | Q36: Oui | R36: EUR | S36: Oui | U36: Non | W36: Oui | Y36: Oui | AA36: Oui | AB36: Oui | AC36: Non | AE36: Oui | AG36: Non
C37: 03.16 CONVOYEUR - Hors Catalogue | E37: 03.16 CONVOYEUR 03.16.01 CONVOYEUR A VIS - MATERIEL NEUF 03.16.02 CONVOYEUR A VIS - ACCESSOIRE - PIECE 03.16.03 CONVOYEUR A BANDE - MATERIEL NEUF 03.16.04 CONVOYEUR A BANDE - BANDE DE RECHANGE 03.16.05 CONVOYEUR A BANDE - AUTRE ACCESSOIRE - PIECE 03.16.06 CONVOYEUR A CHAINE - MATERIEL NEUF 03.16.07 CONVOYEUR A CHAINE - ACCESSOIRE - PIECE 03.16.08 CONVOYEUR AUTRE - MATERIEL NEUF 03.16.09 CONVOYEUR AUTRE - ACCESSOIRE - PIECE | F37: 01.02 CONTAINER - MAINTENANCE - SERVICE 01.02.01 WHEELED BIN - MAINTENANCE - SERVICE 01.02.02 SKIP - BIN - CONTAINER - GLASS COLLECTION BIN - MAINTENANCE - SERVICE 01.02.03 MOBILE COMPACTOR - MAINTENANCE - SERVICE 01.02.04 FIXED COMPACTOR - MAINTENANCE - SERVICE | G37: Fourniture | I37: 03.16 CONVOYEUR | L37: Oui | N37: Unité | O37: Oui | Q37: Oui | R37: EUR | S37: Oui | U37: Non | W37: Oui | Y37: Oui | AA37: Oui | AB37: Oui | AC37: Non | AE37: Oui | AG37: Non
C38: 03.17 MALAXEUR - Hors Catalogue | E38: 03.17 MALAXEUR 03.17.01 MALAXEUR - MATERIEL NEUF 03.17.02 MALAXEUR - ACCESSOIRE - PIECE | F38: 01.02 CONTAINER - MAINTENANCE - SERVICE 01.02.01 WHEELED BIN - MAINTENANCE - SERVICE 01.02.02 SKIP - BIN - CONTAINER - GLASS COLLECTION BIN - MAINTENANCE - SERVICE 01.02.03 MOBILE COMPACTOR - MAINTENANCE - SERVICE 01.02.04 FIXED COMPACTOR - MAINTENANCE - SERVICE | G38: Fourniture | I38: 03.17 MALAXEUR | L38: Oui | N38: Unité | O38: Oui | Q38: Oui | R38: EUR | S38: Oui | U38: Non | W38: Oui | Y38: Oui | AA38: Oui | AB38: Oui | AC38: Non | AE38: Oui | AG38: Non
C39: 03.18 MALAXEUR - CONVOYEUR- MAINTENANCE - SERVICE - Forfait - Hors Catalogue | E39: 03.18 MALAXEUR - CONVOYEUR- MAINTENANCE - SERVICE 03.18.01 MALAXEUR - MAINTENANCE - SERVICE 03.18.02 CONVOYEUR A VIS - MAINTENANCE - SERVICE 03.18.03 CONVOYEUR A BANDE - MAINTENANCE - SERVICE 03.18.04 CONVOYEUR A CHAINE - MAINTENANCE - SERVICE 03.18.05 CONVOYEUR AUTRE - MAINTENANCE - SERVICE | F39: 01.02 CONTAINER - MAINTENANCE - SERVICE 01.02.01 WHEELED BIN - MAINTENANCE - SERVICE 01.02.02 SKIP - BIN - CONTAINER - GLASS COLLECTION BIN - MAINTENANCE - SERVICE 01.02.03 MOBILE COMPACTOR - MAINTENANCE - SERVICE 01.02.04 FIXED COMPACTOR - MAINTENANCE - SERVICE | G39: Presta Forfait | I39: 03.18 MALAXEUR - CONVOYEUR- MAINTENANCE - SERVICE | L39: Oui | O39: Oui | Q39: Oui | R39: EUR | S39: Oui | U39: Non | W39: Oui | Y39: Oui | AA39: Oui | AB39: Oui | AC39: Non | AE39: Oui | AG39: Non
C40: 03.18 MALAXEUR - CONVOYEUR- MAINTENANCE - SERVICE - Régie - Hors Catalogue | E40: 03.18 MALAXEUR - CONVOYEUR- MAINTENANCE - SERVICE 03.18.01 MALAXEUR - MAINTENANCE - SERVICE 03.18.02 CONVOYEUR A VIS - MAINTENANCE - SERVICE 03.18.03 CONVOYEUR A BANDE - MAINTENANCE - SERVICE 03.18.04 CONVOYEUR A CHAINE - MAINTENANCE - SERVICE 03.18.05 CONVOYEUR AUTRE - MAINTENANCE - SERVICE | F40: 01.02 CONTAINER - MAINTENANCE - SERVICE 01.02.01 WHEELED BIN - MAINTENANCE - SERVICE 01.02.02 SKIP - BIN - CONTAINER - GLASS COLLECTION BIN - MAINTENANCE - SERVICE 01.02.03 MOBILE COMPACTOR - MAINTENANCE - SERVICE 01.02.04 FIXED COMPACTOR - MAINTENANCE - SERVICE | G40: Presta Quantite | I40: 03.18 MALAXEUR - CONVOYEUR- MAINTENANCE - SERVICE | L40: Oui | N40: Unité | O40: Oui | Q40: Oui | R40: EUR | S40: Oui | U40: Non | W40: Oui | Y40: Oui | AA40: Oui | AB40: Oui | AC40: Non | AE40: Oui | AG40: Non
C41: 03.19 MACHINE PRODUCTION PLASTIQUE - Hors Catalogue | E41: 03.19 MACHINE PRODUCTION PLASTIQUE 03.19.01 LAVAGE - MATERIEL NEUF 03.19.02 LAVAGE - ACCESSOIRE - PIECE 03.19.03 STEP - MATERIEL NEUF 03.19.04 STEP - ACCESSOIRE - PIECE 03.19.05 DOSEUR - MATERIEL NEUF 03.19.06 DOSEUR - ACCESSOIRE - PIECE 03.19.07 DECHIQUETEUR- MATERIEL NEUF 03.19.08 DECHIQUETEUR - ACCESSOIRE - PIECE 03.19.09 SEPARATION - MATERIEL NEUF 03.19.10 SEPARATION - ACCESSOIRE - PIECE 03.19.11 EXTRUSION - MATERIEL NEUF 03.19.12 EXTRUSION - ACCESSOIRE - PIECE 03.19.13 FILTRATION EXTRUDEUSE- MATERIEL NEUF 03.19.14 FILTRATION EXTRUDEUSE - ACCESSOIRE - PIECE 03.19.15 MICRONISATION - MATERIEL NEUF 03.19.16 MICRONISATION - ACCESSOIRE - PIECE 03.19.17 DECONTAMINATION - MATERIEL NEUF 03.19.18 DECONTAMINATION - ACCESSOIRE - PIECE | F41: 01.02 CONTAINER - MAINTENANCE - SERVICE 01.02.01 WHEELED BIN - MAINTENANCE - SERVICE 01.02.02 SKIP - BIN - CONTAINER - GLASS COLLECTION BIN - MAINTENANCE - SERVICE 01.02.03 MOBILE COMPACTOR - MAINTENANCE - SERVICE 01.02.04 FIXED COMPACTOR - MAINTENANCE - SERVICE | G41: Fourniture | I41: 03.19 MACHINE PRODUCTION PLASTIQUE | L41: Oui | N41: Unité | O41: Oui | Q41: Oui | R41: EUR | S41: Oui | U41: Non | W41: Oui | Y41: Oui | AA41: Oui | AB41: Oui | AC41: Non | AE41: Oui | AG41: Non
C42: 03.20 MACHINE PRODUCTION PLASTIQUE - MAINTENANCE - SERVICE - Forfait - Hors Catalogue | E42: 03.20 MACHINE PRODUCTION PLASTIQUE - MAINTENANCE - SERVICE 03.20.01 LAVAGE - MAINTENANCE - SERVICE 03.20.02 STEP - MAINTENANCE - SERVICE 03.20.03 DOSEUR - MAINTENANCE - SERVICE 03.20.04 DECHIQUETEUR - MAINTENANCE - SERVICE 03.20.05 SEPARATION- MAINTENANCE - SERVICE 03.20.06 EXTRUSION - MAINTENANCE - SERVICE 03.20.07 FILTRATION EXTRUDEUSE- MAINTENANCE - SERVICE 03.20.08 MICRONISATION - MAINTENANCE - SERVICE 03.20.09 DECONTAMINATION - MAINTENANCE - SERVICE | F42: 01.02 CONTAINER - MAINTENANCE - SERVICE 01.02.01 WHEELED BIN - MAINTENANCE - SERVICE 01.02.02 SKIP - BIN - CONTAINER - GLASS COLLECTION BIN - MAINTENANCE - SERVICE 01.02.03 MOBILE COMPACTOR - MAINTENANCE - SERVICE 01.02.04 FIXED COMPACTOR - MAINTENANCE - SERVICE | G42: Presta Forfait | I42: 03.20 MACHINE PRODUCTION PLASTIQUE - MAINTENANCE - SERVICE | L42: Oui | O42: Oui | Q42: Oui | R42: EUR | S42: Oui | U42: Non | W42: Oui | Y42: Oui | AA42: Oui | AB42: Oui | AC42: Non | AE42: Oui | AG42: Non
C43: 03.20 MACHINE PRODUCTION PLASTIQUE - MAINTENANCE - SERVICE - Régie - Hors Catalogue | E43: 03.20 MACHINE PRODUCTION PLASTIQUE - MAINTENANCE - SERVICE 03.20.01 LAVAGE - MAINTENANCE - SERVICE 03.20.02 STEP - MAINTENANCE - SERVICE 03.20.03 DOSEUR - MAINTENANCE - SERVICE 03.20.04 DECHIQUETEUR - MAINTENANCE - SERVICE 03.20.05 SEPARATION- MAINTENANCE - SERVICE 03.20.06 EXTRUSION - MAINTENANCE - SERVICE 03.20.07 FILTRATION EXTRUDEUSE- MAINTENANCE - SERVICE 03.20.08 MICRONISATION - MAINTENANCE - SERVICE 03.20.09 DECONTAMINATION - MAINTENANCE - SERVICE | F43: 01.02 CONTAINER - MAINTENANCE - SERVICE 01.02.01 WHEELED BIN - MAINTENANCE - SERVICE 01.02.02 SKIP - BIN - CONTAINER - GLASS COLLECTION BIN - MAINTENANCE - SERVICE 01.02.03 MOBILE COMPACTOR - MAINTENANCE - SERVICE 01.02.04 FIXED COMPACTOR - MAINTENANCE - SERVICE | G43: Presta Quantite | I43: 03.20 MACHINE PRODUCTION PLASTIQUE - MAINTENANCE - SERVICE | L43: Oui | N43: Unité | O43: Oui | Q43: Oui | R43: EUR | S43: Oui | U43: Non | W43: Oui | Y43: Oui | AA43: Oui | AB43: Oui | AC43: Non | AE43: Oui | AG43: Non
C44: 03.21 PRODUCTION AIR - Hors Catalogue | E44: 03.21 PRODUCTION AIR 03.21.01 VENTILATEUR - MATERIEL NEUF 03.21.02 VENTILATEUR - ACCESSOIRE - PIECE 03.21.03 COMPRESSEUR AIR - MATERIEL NEUF 03.21.04 COMPRESSEUR AIR - ACCESSOIRE - PIECE 03.21.05 SECHEUR AIR - MATERIEL NEUF 03.21.06 SECHEUR AIR - ACCESSOIRE - PIECE 03.21.07 CUVE AIR - MATERIEL NEUF 03.21.08 CUVE AIR - ACCESSOIRE - PIECE 03.21.09 RECHAUFFEUR AIR - MATERIEL NEUF 03.21.10 RECHAUFFEUR AIR - ACCESSOIRE - PIECE 03.21.11 RESEAU AIR - MATERIEL NEUF 03.21.12 RESEAU AIR - ACCESSOIRE - PIECE | F44: 01.02 CONTAINER - MAINTENANCE - SERVICE 01.02.01 WHEELED BIN - MAINTENANCE - SERVICE 01.02.02 SKIP - BIN - CONTAINER - GLASS COLLECTION BIN - MAINTENANCE - SERVICE 01.02.03 MOBILE COMPACTOR - MAINTENANCE - SERVICE 01.02.04 FIXED COMPACTOR - MAINTENANCE - SERVICE | G44: Fourniture | I44: 03.21 PRODUCTION AIR | L44: Oui | N44: Unité | O44: Oui | Q44: Oui | R44: EUR | S44: Oui | U44: Non | W44: Oui | Y44: Oui | AA44: Oui | AB44: Oui | AC44: Non | AE44: Oui | AG44: Non
C45: 03.22 TRAITEMENT AIR - Hors Catalogue | E45: 03.22 TRAITEMENT AIR 03.22.01 DEPOUSSIEREUR - MATERIEL NEUF 03.22.02 DEPOUSSIEREUR - ACCESSOIRE - PIECE 03.22.03 ASPIRATION CENTRALISEE - MATERIEL NEUF 03.22.04 ASPIRATION CENTRALISEE - ACCESSOIRE - PIECE 03.22.05 TRAITEMENT ODEURS - MATERIEL NEUF 03.22.06 TRAITEMENT ODEURS - ACCESSOIRE - PIECE | F45: 01.02 CONTAINER - MAINTENANCE - SERVICE 01.02.01 WHEELED BIN - MAINTENANCE - SERVICE 01.02.02 SKIP - BIN - CONTAINER - GLASS COLLECTION BIN - MAINTENANCE - SERVICE 01.02.03 MOBILE COMPACTOR - MAINTENANCE - SERVICE 01.02.04 FIXED COMPACTOR - MAINTENANCE - SERVICE | G45: Fourniture | I45: 03.22 TRAITEMENT AIR | L45: Oui | N45: Unité | O45: Oui | Q45: Oui | R45: EUR | S45: Oui | U45: Non | W45: Oui | Y45: Oui | AA45: Oui | AB45: Oui | AC45: Non | AE45: Oui | AG45: Non
C46: 03.23 PRODUCTION - TRAITEMENT AIR - MAINTENANCE - SERVICE - Forfait - Hors Catalogue | E46: 03.23 PRODUCTION - TRAITEMENT AIR - MAINTENANCE - SERVICE 03.23.01 DEPOUSSIEREUR - MAINTENANCE - SERVICE 03.23.02 ASPIRATION CENTRALISEE - MAINTENANCE - SERVICE 03.23.03 TRAITEMENT ODEURS - -MAINTENANCE -SERVICE 03.23.04 VENTILATEUR - MAINTENANCE - SERVICE 03.23.05 COMPRESSEUR AIR - MAINTENANCE - SERVICE 03.23.06 SECHEUR AIR - MAINTENANCE - SERVICE 03.23.07 CUVE AIR - MAINTENANCE - SERVICE 03.23.08 RECHAUFFEUR AIR - MAINTENANCE - SERVICE 03.23.09 RESEAU AIR - MAINTENANCE - SERVICE | F46: 01.02 CONTAINER - MAINTENANCE - SERVICE 01.02.01 WHEELED BIN - MAINTENANCE - SERVICE 01.02.02 SKIP - BIN - CONTAINER - GLASS COLLECTION BIN - MAINTENANCE - SERVICE 01.02.03 MOBILE COMPACTOR - MAINTENANCE - SERVICE 01.02.04 FIXED COMPACTOR - MAINTENANCE - SERVICE | G46: Presta Forfait | I46: 03.23 PRODUCTION - TRAITEMENT AIR - MAINTENANCE - SERVICE | L46: Oui | O46: Oui | Q46: Oui | R46: EUR | S46: Oui | U46: Non | W46: Oui | Y46: Oui | AA46: Oui | AB46: Oui | AC46: Non | AE46: Oui | AG46: Non
C47: 03.23 PRODUCTION - TRAITEMENT AIR - MAINTENANCE - SERVICE - Régie - Hors Catalogue | E47: 03.23 PRODUCTION - TRAITEMENT AIR - MAINTENANCE - SERVICE 03.23.01 DEPOUSSIEREUR - MAINTENANCE - SERVICE 03.23.02 ASPIRATION CENTRALISEE - MAINTENANCE - SERVICE 03.23.03 TRAITEMENT ODEURS - -MAINTENANCE -SERVICE 03.23.04 VENTILATEUR - MAINTENANCE - SERVICE 03.23.05 COMPRESSEUR AIR - MAINTENANCE - SERVICE 03.23.06 SECHEUR AIR - MAINTENANCE - SERVICE 03.23.07 CUVE AIR - MAINTENANCE - SERVICE 03.23.08 RECHAUFFEUR AIR - MAINTENANCE - SERVICE 03.23.09 RESEAU AIR - MAINTENANCE - SERVICE | F47: 01.02 CONTAINER - MAINTENANCE - SERVICE 01.02.01 WHEELED BIN - MAINTENANCE - SERVICE 01.02.02 SKIP - BIN - CONTAINER - GLASS COLLECTION BIN - MAINTENANCE - SERVICE 01.02.03 MOBILE COMPACTOR - MAINTENANCE - SERVICE 01.02.04 FIXED COMPACTOR - MAINTENANCE - SERVICE | G47: Presta Quantite | I47: 03.23 PRODUCTION - TRAITEMENT AIR - MAINTENANCE - SERVICE | L47: Oui | N47: Unité | O47: Oui | Q47: Oui | R47: EUR | S47: Oui | U47: Non | W47: Oui | Y47: Oui | AA47: Oui | AB47: Oui | AC47: Non | AE47: Oui | AG47: Non
C48: 03.24 VALORISATION BIOGAZ - Hors Catalogue | E48: 03.24 VALORISATION BIOGAZ 03.24.01 TORCHERE - MATERIEL NEUF 03.24.02 TORCHERE - ACCESSOIRE - PIECE 03.24.03 GAZOMETRE 03.24.04 DESULFURATION BIOGAZ - MATERIEL NEUF 03.24.05 PURIFICATEUR BIOGAZ - MATERIEL NEUF 03.24.06 STATION TRAITEMENT BIOGAZ 03.24.07 CHAUDIERE CO GENERATION 03.24.08 MOTEUR BIOGAZ - MATERIEL NEUF 03.24.09 MOTEUR BIOGAZ - ACCESSOIRE - PIECE | F48: 01.02 CONTAINER - MAINTENANCE - SERVICE 01.02.01 WHEELED BIN - MAINTENANCE - SERVICE 01.02.02 SKIP - BIN - CONTAINER - GLASS COLLECTION BIN - MAINTENANCE - SERVICE 01.02.03 MOBILE COMPACTOR - MAINTENANCE - SERVICE 01.02.04 FIXED COMPACTOR - MAINTENANCE - SERVICE | G48: Fourniture | I48: 03.24 VALORISATION BIOGAZ | L48: Oui | N48: Unité | O48: Oui | Q48: Oui | R48: EUR | S48: Oui | U48: Non | W48: Oui | Y48: Oui | AA48: Oui | AB48: Oui | AC48: Non | AE48: Oui | AG48: Non
C49: 03.25 TRAITEMENT LIXIVIAT - Hors Catalogue | E49: 03.25 TRAITEMENT LIXIVIAT 03.25.01 STATION TRAITEMENT LIXIVIAT - MATERIEL NEUF 03.25.02 TRAITEMENT LIXIVIAT MOBILE - MATERIEL NEUF | F49: 01.02 CONTAINER - MAINTENANCE - SERVICE 01.02.01 WHEELED BIN - MAINTENANCE - SERVICE 01.02.02 SKIP - BIN - CONTAINER - GLASS COLLECTION BIN - MAINTENANCE - SERVICE 01.02.03 MOBILE COMPACTOR - MAINTENANCE - SERVICE 01.02.04 FIXED COMPACTOR - MAINTENANCE - SERVICE | G49: Fourniture | I49: 03.25 TRAITEMENT LIXIVIAT | L49: Oui | N49: Unité | O49: Oui | Q49: Oui | R49: EUR | S49: Oui | U49: Non | W49: Oui | Y49: Oui | AA49: Oui | AB49: Oui | AC49: Non | AE49: Oui | AG49: Non
C50: 03.26 TRAITEMENT LIXIVIAT - VALO BIOGAZ - MAINTENANCE - SERVICE - Forfait - Hors Catalogue | E50: 03.26 TRAITEMENT LIXIVIAT - VALO BIOGAZ - MAINTENANCE - SERVICE 03.26.01 TRAITEMENT LIXIVIAT - MAINTENANCE - SERVICE 03.26.02 TORCHERE - MAINTENANCE - SERVICE 03.26.03 DESULFURATION BIOGAZ - MAINTENANCE - SERVICE 03.26.04 PURIFICATEUR BIOGAZ - MAINTENANCE - SERVICE 03.26.05 STATION TRAITEMENT BIOGAZ - MAINTENANCE - SERVICE 03.26.06 MOTEUR BIOGAZ - MAINTENANCE - SERVICE | F50: 01.02 CONTAINER - MAINTENANCE - SERVICE 01.02.01 WHEELED BIN - MAINTENANCE - SERVICE 01.02.02 SKIP - BIN - CONTAINER - GLASS COLLECTION BIN - MAINTENANCE - SERVICE 01.02.03 MOBILE COMPACTOR - MAINTENANCE - SERVICE 01.02.04 FIXED COMPACTOR - MAINTENANCE - SERVICE | G50: Presta Forfait | I50: 03.26 TRAITEMENT LIXIVIAT - VALO BIOGAZ - MAINTENANCE - SERVICE | L50: Oui | O50: Oui | Q50: Oui | R50: EUR | S50: Oui | U50: Non | W50: Oui | Y50: Oui | AA50: Oui | AB50: Oui | AC50: Non | AE50: Oui | AG50: Non
C51: 03.26 TRAITEMENT LIXIVIAT - VALO BIOGAZ - MAINTENANCE - SERVICE - Régie - Hors Catalogue | E51: 03.26 TRAITEMENT LIXIVIAT - VALO BIOGAZ - MAINTENANCE - SERVICE 03.26.01 TRAITEMENT LIXIVIAT - MAINTENANCE - SERVICE 03.26.02 TORCHERE - MAINTENANCE - SERVICE 03.26.03 DESULFURATION BIOGAZ - MAINTENANCE - SERVICE 03.26.04 PURIFICATEUR BIOGAZ - MAINTENANCE - SERVICE 03.26.05 STATION TRAITEMENT BIOGAZ - MAINTENANCE - SERVICE 03.26.06 MOTEUR BIOGAZ - MAINTENANCE - SERVICE | F51: 01.02 CONTAINER - MAINTENANCE - SERVICE 01.02.01 WHEELED BIN - MAINTENANCE - SERVICE 01.02.02 SKIP - BIN - CONTAINER - GLASS COLLECTION BIN - MAINTENANCE - SERVICE 01.02.03 MOBILE COMPACTOR - MAINTENANCE - SERVICE 01.02.04 FIXED COMPACTOR - MAINTENANCE - SERVICE | G51: Presta Quantite | I51: 03.26 TRAITEMENT LIXIVIAT - VALO BIOGAZ - MAINTENANCE - SERVICE | L51: Oui | N51: Unité | O51: Oui | Q51: Oui | R51: EUR | S51: Oui | U51: Non | W51: Oui | Y51: Oui | AA51: Oui | AB51: Oui | AC51: Non | AE51: Oui | AG51: Non
C52: 03.27 MAINTENANCE GENERALE INDUSTRIELLE - Forfait - Hors Catalogue | E52: 03.27 MAINTENANCE GENERALE INDUSTRIELLE 03.27.01 PRESTATION - CHAUDRONNERIE - TUYAUTERIE - SERRURERIE 03.27.02 PRESTATION - TRAVAUX SUR SITE EXPLOITATION 03.27.03 PRESTATION - TRAVAUX SUR ECHAFAUDAGE 03.27.04 PRESTATION - TRAVAUX CALORIFUGES 03.27.05 PRESTATION - TRAVAUX EN HAUTEUR 03.27.06 HYDROCURAGE 03.27.07 NETTOYAGE CHAUDIERE 03.27.08 NETTOYAGE AUTRE EQUIPEMENT INDUSTRIEL | F52: 01.02 CONTAINER - MAINTENANCE - SERVICE 01.02.01 WHEELED BIN - MAINTENANCE - SERVICE 01.02.02 SKIP - BIN - CONTAINER - GLASS COLLECTION BIN - MAINTENANCE - SERVICE 01.02.03 MOBILE COMPACTOR - MAINTENANCE - SERVICE 01.02.04 FIXED COMPACTOR - MAINTENANCE - SERVICE | G52: Presta Forfait | I52: 03.27 MAINTENANCE GENERALE INDUSTRIELLE | L52: Oui | O52: Oui | Q52: Oui | R52: EUR | S52: Oui | U52: Non | W52: Oui | Y52: Oui | AA52: Oui | AB52: Oui | AC52: Non | AE52: Oui | AG52: Non
C53: 03.27 MAINTENANCE GENERALE INDUSTRIELLE - Régie - Hors Catalogue | E53: 03.27 MAINTENANCE GENERALE INDUSTRIELLE 03.27.01 PRESTATION - CHAUDRONNERIE - TUYAUTERIE - SERRURERIE 03.27.02 PRESTATION - TRAVAUX SUR SITE EXPLOITATION 03.27.03 PRESTATION - TRAVAUX SUR ECHAFAUDAGE 03.27.04 PRESTATION - TRAVAUX CALORIFUGES 03.27.05 PRESTATION - TRAVAUX EN HAUTEUR 03.27.06 HYDROCURAGE 03.27.07 NETTOYAGE CHAUDIERE 03.27.08 NETTOYAGE AUTRE EQUIPEMENT INDUSTRIEL | F53: 01.02 CONTAINER - MAINTENANCE - SERVICE 01.02.01 WHEELED BIN - MAINTENANCE - SERVICE 01.02.02 SKIP - BIN - CONTAINER - GLASS COLLECTION BIN - MAINTENANCE - SERVICE 01.02.03 MOBILE COMPACTOR - MAINTENANCE - SERVICE 01.02.04 FIXED COMPACTOR - MAINTENANCE - SERVICE | G53: Presta Quantite | I53: 03.27 MAINTENANCE GENERALE INDUSTRIELLE | L53: Oui | N53: Unité | O53: Oui | Q53: Oui | R53: EUR | S53: Oui | U53: Non | W53: Oui | Y53: Oui | AA53: Oui | AB53: Oui | AC53: Non | AE53: Oui | AG53: Non
C54: 04.01 REACTIF - Hors Catalogue | E54: 04.01 REACTIF 04.01.01 AMMONIAQUE ALCALI 04.01.02 BICARBONATE DE SODIUM 04.01.03 CARBONATE DE CALCIUM 04.01.04 CHAUX HYDRATEE 04.01.05 CHAUX VIVE 04.01.06 LAIT DE CHAUX 04.01.07 LESSIVE DE SOUDE 04.01.08 SOUDE MICROPERLEE 04.01.09 ACIDE CHLORHYDRIQUE 04.01.10 ACIDE NITRIQUE 04.01.11 ACIDE SULFURIQUE 04.01.12 CHLORURE FERRIQUE 40% 04.01.13 GLYCOL 04.01.14 BISULFITE DE SODIUM 04.01.15 CHLORURE DE SODIUM 04.01.16 UREE LIQUIDE 04.01.17 UREE SOLIDE | F54: 01.02 CONTAINER - MAINTENANCE - SERVICE 01.02.01 WHEELED BIN - MAINTENANCE - SERVICE 01.02.02 SKIP - BIN - CONTAINER - GLASS COLLECTION BIN - MAINTENANCE - SERVICE 01.02.03 MOBILE COMPACTOR - MAINTENANCE - SERVICE 01.02.04 FIXED COMPACTOR - MAINTENANCE - SERVICE | G54: Fourniture | I54: 04.01 REACTIF | L54: Oui | N54: Unité | O54: Oui | Q54: Oui | R54: EUR | S54: Oui | U54: Non | W54: Oui | Y54: Oui | AA54: Oui | AB54: Oui | AC54: Non | AE54: Oui | AG54: Non
C55: 04.02 REACTIF EAU - Hors Catalogue | E55: 04.02 REACTIF EAU 04.02.01 EAU DEMINERALISEE 04.02.02 EAU OSMOSEE | F55: 01.02 CONTAINER - MAINTENANCE - SERVICE 01.02.01 WHEELED BIN - MAINTENANCE - SERVICE 01.02.02 SKIP - BIN - CONTAINER - GLASS COLLECTION BIN - MAINTENANCE - SERVICE 01.02.03 MOBILE COMPACTOR - MAINTENANCE - SERVICE 01.02.04 FIXED COMPACTOR - MAINTENANCE - SERVICE | G55: Fourniture | I55: 04.02 REACTIF EAU | L55: Oui | N55: Unité | O55: Oui | Q55: Oui | R55: EUR | S55: Oui | U55: Non | W55: Oui | Y55: Oui | AA55: Oui | AB55: Oui | AC55: Non | AE55: Oui | AG55: Non
C56: 04.03 FILTRATION - Hors Catalogue | E56: 04.03 FILTRATION 04.03.01 CHARBON ACTIF 04.03.02 COKE DE LIGNITE 04.03.03 DIOXORBE - SIMILAIRE ARGILE 04.03.04 RESINE ECHANGEUSE IONS 04.03.05 SABLE POUR TRAITEMENT | F56: 01.02 CONTAINER - MAINTENANCE - SERVICE 01.02.01 WHEELED BIN - MAINTENANCE - SERVICE 01.02.02 SKIP - BIN - CONTAINER - GLASS COLLECTION BIN - MAINTENANCE - SERVICE 01.02.03 MOBILE COMPACTOR - MAINTENANCE - SERVICE 01.02.04 FIXED COMPACTOR - MAINTENANCE - SERVICE | G56: Fourniture | I56: 04.03 FILTRATION | L56: Oui | N56: Unité | O56: Oui | Q56: Oui | R56: EUR | S56: Oui | U56: Non | W56: Oui | Y56: Oui | AA56: Oui | AB56: Oui | AC56: Non | AE56: Oui | AG56: Non
C57: 04.04 PRODUIT CONDITIONNEMENT - Hors Catalogue | E57: 04.04 PRODUIT CONDITIONNEMENT 04.04.01 ANTICORROSION 04.04.02 ANTIMOUSSE 04.04.03 ANTIODEUR 04.04.04 ANTITARTRE 04.04.05 REDUCTEUR OXYGENE | F57: 01.02 CONTAINER - MAINTENANCE - SERVICE 01.02.01 WHEELED BIN - MAINTENANCE - SERVICE 01.02.02 SKIP - BIN - CONTAINER - GLASS COLLECTION BIN - MAINTENANCE - SERVICE 01.02.03 MOBILE COMPACTOR - MAINTENANCE - SERVICE 01.02.04 FIXED COMPACTOR - MAINTENANCE - SERVICE | G57: Fourniture | I57: 04.04 PRODUIT CONDITIONNEMENT | L57: Oui | N57: Unité | O57: Oui | Q57: Oui | R57: EUR | S57: Oui | U57: Non | W57: Oui | Y57: Oui | AA57: Oui | AB57: Oui | AC57: Non | AE57: Oui | AG57: Non
C58: 04.05 DESINFECTANT - Hors Catalogue | E58: 04.05 DESINFECTANT 04.05.01 DESINFECTANT DASRI VIRUCID 04.05.02 DESINFECTANT OXYDANT | F58: 01.02 CONTAINER - MAINTENANCE - SERVICE 01.02.01 WHEELED BIN - MAINTENANCE - SERVICE 01.02.02 SKIP - BIN - CONTAINER - GLASS COLLECTION BIN - MAINTENANCE - SERVICE 01.02.03 MOBILE COMPACTOR - MAINTENANCE - SERVICE 01.02.04 FIXED COMPACTOR - MAINTENANCE - SERVICE | G58: Fourniture | I58: 04.05 DESINFECTANT | L58: Oui | N58: Unité | O58: Oui | Q58: Oui | R58: EUR | S58: Oui | U58: Non | W58: Oui | Y58: Oui | AA58: Oui | AB58: Oui | AC58: Non | AE58: Oui | AG58: Non
C59: 04.06 ADJUVANT - COLORANT - Hors Catalogue | E59: 04.06 ADJUVANT - COLORANT 04.06.01 COLORANT 04.06.02 ADJUVANT PRODUCTION PLASTIQUE | F59: 01.02 CONTAINER - MAINTENANCE - SERVICE 01.02.01 WHEELED BIN - MAINTENANCE - SERVICE 01.02.02 SKIP - BIN - CONTAINER - GLASS COLLECTION BIN - MAINTENANCE - SERVICE 01.02.03 MOBILE COMPACTOR - MAINTENANCE - SERVICE 01.02.04 FIXED COMPACTOR - MAINTENANCE - SERVICE | G59: Fourniture | I59: 04.06 ADJUVANT - COLORANT | L59: Oui | N59: Unité | O59: Oui | Q59: Oui | R59: EUR | S59: Oui | U59: Non | W59: Oui | Y59: Oui | AA59: Oui | AB59: Oui | AC59: Non | AE59: Oui | AG59: Non
C60: 05.01 ENGIN LEVAGE - Hors Catalogue | E60: 05.01 ENGIN LEVAGE 05.01.01 TRANSPALETTE - MATERIEL NEUF 05.01.02 GERBEUR - MATERIEL NEUF 05.01.03 CHARIOT ELEVATEUR - MATERIEL NEUF 05.01.04 CHARIOT ELEVATEUR - ACCESSOIRE - PIECE 05.01.05 CHARIOT TELESCOPIQUE- MATERIEL NEUF 05.01.06 CHARIOT TELESCOPIQUE - ACCESSOIRE - PIECE 05.01.07 TRACTEUR - MATERIEL NEUF 05.01.08 TRACTEUR - ACCESSOIRE - PIECE 05.01.09 NACELLE - MATERIEL NEUF 05.01.10 NACELLE - ACCESSOIRE - PIECE 05.01.11 ENGIN LEVAGE - OCCASION | F60: 01.02 CONTAINER - MAINTENANCE - SERVICE 01.02.01 WHEELED BIN - MAINTENANCE - SERVICE 01.02.02 SKIP - BIN - CONTAINER - GLASS COLLECTION BIN - MAINTENANCE - SERVICE 01.02.03 MOBILE COMPACTOR - MAINTENANCE - SERVICE 01.02.04 FIXED COMPACTOR - MAINTENANCE - SERVICE | G60: Fourniture | I60: 05.01 ENGIN LEVAGE | L60: Oui | N60: Unité | O60: Oui | Q60: Oui | R60: EUR | S60: Oui | U60: Non | W60: Oui | Y60: Oui | AA60: Oui | AB60: Oui | AC60: Non | AE60: Oui | AG60: Non
C61: 05.02 ENGIN LEVAGE - MAINTENANCE - SERVICE - Forfait - Hors Catalogue | E61: 05.02 ENGIN LEVAGE - MAINTENANCE - SERVICE 05.02.01 TRANSPALETTE - GERBEUR - MAINTENANCE - SERVICE 05.02.02 CHARIOT ELEVATEUR - MAINTENANCE - SERVICE 05.02.03 CHARIOT TELESCOPIQUE - MAINTENANCE - SERVICE 05.02.04 TRACTEUR - MAINTENANCE - SERVICE 05.02.05 NACELLE - MAINTENANCE - SERVICE 05.02.06 ENGIN LEVAGE - LOCATION - < 6 MOIS 05.02.07 ENGIN LEVAGE - LOCATION - 6 MOIS --> 1 AN 05.02.08 ENGIN LEVAGE - LOCATION - > 1 AN | F61: 01.02 CONTAINER - MAINTENANCE - SERVICE 01.02.01 WHEELED BIN - MAINTENANCE - SERVICE 01.02.02 SKIP - BIN - CONTAINER - GLASS COLLECTION BIN - MAINTENANCE - SERVICE 01.02.03 MOBILE COMPACTOR - MAINTENANCE - SERVICE 01.02.04 FIXED COMPACTOR - MAINTENANCE - SERVICE | G61: Presta Forfait | I61: 05.02 ENGIN LEVAGE - MAINTENANCE - SERVICE | L61: Oui | O61: Oui | Q61: Oui | R61: EUR | S61: Oui | U61: Non | W61: Oui | Y61: Oui | AA61: Oui | AB61: Oui | AC61: Non | AE61: Oui | AG61: Non
C62: 05.02 ENGIN LEVAGE - MAINTENANCE - SERVICE - Régie - Hors Catalogue | E62: 05.02 ENGIN LEVAGE - MAINTENANCE - SERVICE 05.02.01 TRANSPALETTE - GERBEUR - MAINTENANCE - SERVICE 05.02.02 CHARIOT ELEVATEUR - MAINTENANCE - SERVICE 05.02.03 CHARIOT TELESCOPIQUE - MAINTENANCE - SERVICE 05.02.04 TRACTEUR - MAINTENANCE - SERVICE 05.02.05 NACELLE - MAINTENANCE - SERVICE 05.02.06 ENGIN LEVAGE - LOCATION - < 6 MOIS 05.02.07 ENGIN LEVAGE - LOCATION - 6 MOIS --> 1 AN 05.02.08 ENGIN LEVAGE - LOCATION - > 1 AN | F62: 01.02 CONTAINER - MAINTENANCE - SERVICE 01.02.01 WHEELED BIN - MAINTENANCE - SERVICE 01.02.02 SKIP - BIN - CONTAINER - GLASS COLLECTION BIN - MAINTENANCE - SERVICE 01.02.03 MOBILE COMPACTOR - MAINTENANCE - SERVICE 01.02.04 FIXED COMPACTOR - MAINTENANCE - SERVICE | G62: Presta Quantite | I62: 05.02 ENGIN LEVAGE - MAINTENANCE - SERVICE | L62: Oui | N62: Unité | O62: Oui | Q62: Oui | R62: EUR | S62: Oui | U62: Non | W62: Oui | Y62: Oui | AA62: Oui | AB62: Oui | AC62: Non | AE62: Oui | AG62: Non
C63: 05.03 ENGIN MANUTENTION - Hors Catalogue | E63: 05.03 ENGIN MANUTENTION 05.03.01 CHARGEUSE - MATERIEL NEUF 05.03.02 CHARGEUSE - ACCESSOIRE - PIECE 05.03.03 COMPACTEUR PIED DE MOUTON - MATERIEL NEUF 05.03.04 COMPACTEUR PIEDS DE MOUTON - ACCESSOIRE - PIECE 05.03.05 COMPACTEUR A ROULEAU 05.03.06 COMPACTEUR A ROULEAU - ACCESSOIRE - PIECE 05.03.07 PELLE A PNEUS - MATERIEL NEUF 05.03.08 MINI-PELLE - MATERIEL NEUF 05.03.09 PELLE - ACCESSOIRE - PIECE 05.03.10 BULL - TOMBEREAU - MATERIEL NEUF 05.03.11 BULL - TOMBEREAU - ACCESSOIRE - PIECE 05.03.12 TRACTEUR AGRICOLE - MATERIEL NEUF 05.03.13 TRACTEUR AGRICOLE - ACCESSOIRE - PIECE 05.03.14 ENGIN MANUTENTION - OCCASION | F63: 01.02 CONTAINER - MAINTENANCE - SERVICE 01.02.01 WHEELED BIN - MAINTENANCE - SERVICE 01.02.02 SKIP - BIN - CONTAINER - GLASS COLLECTION BIN - MAINTENANCE - SERVICE 01.02.03 MOBILE COMPACTOR - MAINTENANCE - SERVICE 01.02.04 FIXED COMPACTOR - MAINTENANCE - SERVICE | G63: Fourniture | I63: 05.03 ENGIN MANUTENTION | L63: Oui | N63: Unité | O63: Oui | Q63: Oui | R63: EUR | S63: Oui | U63: Non | W63: Oui | Y63: Oui | AA63: Oui | AB63: Oui | AC63: Non | AE63: Oui | AG63: Non
C64: 05.04 ENGIN MANUTENTION - MAINTENANCE - SERVICE - Forfait - Hors Catalogue | E64: 05.04 ENGIN MANUTENTION - MAINTENANCE - SERVICE 05.04.01 CHARGEUSE - MAINTENANCE - SERVICE 05.04.02 COMPACTEUR PIEDS DE MOUTON - MAINTENANCE - SERVICE 05.04.03 COMPACTEUR A ROULEAU - MAINTENANCE - SERVICE 05.04.04 PELLE - MAINTENANCE - SERVICE 05.04.05 BULL - TOMBEREAU - MAINTENANCE - SERVICE 05.04.06 TRACTEUR AGRICOLE - MAINTENANCE - SERVICE 05.04.07 ENGIN MANUTENTION - LOCATION - < 6 MOIS 05.04.08 ENGIN MANUTENTION - LOCATION - 6 MOIS --> 1 AN 05.04.09 ENGIN MANUTENTION - LOCATION - > 1 AN | F64: 01.02 CONTAINER - MAINTENANCE - SERVICE 01.02.01 WHEELED BIN - MAINTENANCE - SERVICE 01.02.02 SKIP - BIN - CONTAINER - GLASS COLLECTION BIN - MAINTENANCE - SERVICE 01.02.03 MOBILE COMPACTOR - MAINTENANCE - SERVICE 01.02.04 FIXED COMPACTOR - MAINTENANCE - SERVICE | G64: Presta Forfait | I64: 05.04 ENGIN MANUTENTION - MAINTENANCE - SERVICE | L64: Oui | O64: Oui | Q64: Oui | R64: EUR | S64: Oui | U64: Non | W64: Oui | Y64: Oui | AA64: Oui | AB64: Oui | AC64: Non | AE64: Oui | AG64: Non
C65: 05.04 ENGIN MANUTENTION - MAINTENANCE - SERVICE - Régie - Hors Catalogue | E65: 05.04 ENGIN MANUTENTION - MAINTENANCE - SERVICE 05.04.01 CHARGEUSE - MAINTENANCE - SERVICE 05.04.02 COMPACTEUR PIEDS DE MOUTON - MAINTENANCE - SERVICE 05.04.03 COMPACTEUR A ROULEAU - MAINTENANCE - SERVICE 05.04.04 PELLE - MAINTENANCE - SERVICE 05.04.05 BULL - TOMBEREAU - MAINTENANCE - SERVICE 05.04.06 TRACTEUR AGRICOLE - MAINTENANCE - SERVICE 05.04.07 ENGIN MANUTENTION - LOCATION - < 6 MOIS 05.04.08 ENGIN MANUTENTION - LOCATION - 6 MOIS --> 1 AN 05.04.09 ENGIN MANUTENTION - LOCATION - > 1 AN | F65: 01.02 CONTAINER - MAINTENANCE - SERVICE 01.02.01 WHEELED BIN - MAINTENANCE - SERVICE 01.02.02 SKIP - BIN - CONTAINER - GLASS COLLECTION BIN - MAINTENANCE - SERVICE 01.02.03 MOBILE COMPACTOR - MAINTENANCE - SERVICE 01.02.04 FIXED COMPACTOR - MAINTENANCE - SERVICE | G65: Presta Quantite | I65: 05.04 ENGIN MANUTENTION - MAINTENANCE - SERVICE | L65: Oui | N65: Unité | O65: Oui | Q65: Oui | R65: EUR | S65: Oui | U65: Non | W65: Oui | Y65: Oui | AA65: Oui | AB65: Oui | AC65: Non | AE65: Oui | AG65: Non
C66: 05.05 POIDS LOURD - Hors Catalogue | E66: 05.05 POIDS LOURD 05.05.01 PL - OCCASION 05.05.02 PL - ACCESSOIRE - PIECE 05.05.03 BALAYEUSE 05.05.04 BOM -MATERIEL NEUF 05.05.05 BRAS 05.05.06 CHASSIS 05.05.07 FOURGON PL - MATERIEL NEUF 05.05.08 GRUE - GRUE PL 05.05.09 HYDROCUREUR 05.05.10 LAVEUSE | F66: 01.02 CONTAINER - MAINTENANCE - SERVICE 01.02.01 WHEELED BIN - MAINTENANCE - SERVICE 01.02.02 SKIP - BIN - CONTAINER - GLASS COLLECTION BIN - MAINTENANCE - SERVICE 01.02.03 MOBILE COMPACTOR - MAINTENANCE - SERVICE 01.02.04 FIXED COMPACTOR - MAINTENANCE - SERVICE | G66: Fourniture | I66: 05.05 POIDS LOURD | L66: Oui | N66: Unité | O66: Oui | Q66: Oui | R66: EUR | S66: Oui | U66: Non | W66: Oui | Y66: Oui | AA66: Oui | AB66: Oui | AC66: Non | AE66: Oui | AG66: Non
C67: 05.06 POIDS LOURD MAINTENANCE - SERVICE - Forfait - Hors Catalogue | E67: 05.06 POIDS LOURD MAINTENANCE - SERVICE 05.06.01 PL- MAINTENANCE - SERVICE 05.06.02 BOM - LOCATION - < 6 MOIS 05.06.03 BOM - LOCATION - 6 MOIS --> 1 AN 05.06.04 BOM - LOCATION - > 1 AN 05.06.05 PL - LOCATION - < 6 MOIS 05.06.06 PL - LOCATION - 6 MOIS --> 1 AN 05.06.07 PL - LOCATION - > 1 AN | F67: 01.02 CONTAINER - MAINTENANCE - SERVICE 01.02.01 WHEELED BIN - MAINTENANCE - SERVICE 01.02.02 SKIP - BIN - CONTAINER - GLASS COLLECTION BIN - MAINTENANCE - SERVICE 01.02.03 MOBILE COMPACTOR - MAINTENANCE - SERVICE 01.02.04 FIXED COMPACTOR - MAINTENANCE - SERVICE | G67: Presta Forfait | I67: 05.06 POIDS LOURD MAINTENANCE - SERVICE | L67: Oui | O67: Oui | Q67: Oui | R67: EUR | S67: Oui | U67: Non | W67: Oui | Y67: Oui | AA67: Oui | AB67: Oui | AC67: Non | AE67: Oui | AG67: Non
C68: 05.06 POIDS LOURD MAINTENANCE - SERVICE - Régie - Hors Catalogue | E68: 05.06 POIDS LOURD MAINTENANCE - SERVICE 05.06.01 PL- MAINTENANCE - SERVICE 05.06.02 BOM - LOCATION - < 6 MOIS 05.06.03 BOM - LOCATION - 6 MOIS --> 1 AN 05.06.04 BOM - LOCATION - > 1 AN 05.06.05 PL - LOCATION - < 6 MOIS 05.06.06 PL - LOCATION - 6 MOIS --> 1 AN 05.06.07 PL - LOCATION - > 1 AN | F68: 01.02 CONTAINER - MAINTENANCE - SERVICE 01.02.01 WHEELED BIN - MAINTENANCE - SERVICE 01.02.02 SKIP - BIN - CONTAINER - GLASS COLLECTION BIN - MAINTENANCE - SERVICE 01.02.03 MOBILE COMPACTOR - MAINTENANCE - SERVICE 01.02.04 FIXED COMPACTOR - MAINTENANCE - SERVICE | G68: Presta Quantite | I68: 05.06 POIDS LOURD MAINTENANCE - SERVICE | L68: Oui | N68: Unité | O68: Oui | Q68: Oui | R68: EUR | S68: Oui | U68: Non | W68: Oui | Y68: Oui | AA68: Oui | AB68: Oui | AC68: Non | AE68: Oui | AG68: Non
C69: 05.07 REMORQUE - SEMI REMORQUE - Hors Catalogue | E69: 05.07 REMORQUE - SEMI REMORQUE 05.07.01 PORTE CAISSON 05.07.02 FMA 05.07.03 BENNE TP 05.07.04 SREM CAISSE RIGIDE 05.07.05 TAUTLINER 05.07.06 REMORQUE - SEMI REMORQUE - ACCESSOIRE - PIECE | F69: 01.02 CONTAINER - MAINTENANCE - SERVICE 01.02.01 WHEELED BIN - MAINTENANCE - SERVICE 01.02.02 SKIP - BIN - CONTAINER - GLASS COLLECTION BIN - MAINTENANCE - SERVICE 01.02.03 MOBILE COMPACTOR - MAINTENANCE - SERVICE 01.02.04 FIXED COMPACTOR - MAINTENANCE - SERVICE | G69: Fourniture | I69: 05.07 REMORQUE - SEMI REMORQUE | L69: Oui | N69: Unité | O69: Oui | Q69: Oui | R69: EUR | S69: Oui | U69: Non | W69: Oui | Y69: Oui | AA69: Oui | AB69: Oui | AC69: Non | AE69: Oui | AG69: Non
C70: 05.08 REMORQUE - SEMI REMORQUE - MAINTENANCE- SERVICE - Forfait - Hors Catalogue | E70: 05.08 REMORQUE - SEMI REMORQUE - MAINTENANCE- SERVICE 05.08.01 REMORQUE - SEMI REMORQUE - MAINTENANCE - SERVICE | F70: 01.02 CONTAINER - MAINTENANCE - SERVICE 01.02.01 WHEELED BIN - MAINTENANCE - SERVICE 01.02.02 SKIP - BIN - CONTAINER - GLASS COLLECTION BIN - MAINTENANCE - SERVICE 01.02.03 MOBILE COMPACTOR - MAINTENANCE - SERVICE 01.02.04 FIXED COMPACTOR - MAINTENANCE - SERVICE | G70: Presta Forfait | I70: 05.08 REMORQUE - SEMI REMORQUE - MAINTENANCE- SERVICE | L70: Oui | O70: Oui | Q70: Oui | R70: EUR | S70: Oui | U70: Non | W70: Oui | Y70: Oui | AA70: Oui | AB70: Oui | AC70: Non | AE70: Oui | AG70: Non
C71: 05.08 REMORQUE - SEMI REMORQUE - MAINTENANCE- SERVICE - Régie - Hors Catalogue | E71: 05.08 REMORQUE - SEMI REMORQUE - MAINTENANCE- SERVICE 05.08.01 REMORQUE - SEMI REMORQUE - MAINTENANCE - SERVICE | F71: 01.02 CONTAINER - MAINTENANCE - SERVICE 01.02.01 WHEELED BIN - MAINTENANCE - SERVICE 01.02.02 SKIP - BIN - CONTAINER - GLASS COLLECTION BIN - MAINTENANCE - SERVICE 01.02.03 MOBILE COMPACTOR - MAINTENANCE - SERVICE 01.02.04 FIXED COMPACTOR - MAINTENANCE - SERVICE | G71: Presta Quantite | I71: 05.08 REMORQUE - SEMI REMORQUE - MAINTENANCE- SERVICE | L71: Oui | N71: Unité | O71: Oui | Q71: Oui | R71: EUR | S71: Oui | U71: Non | W71: Oui | Y71: Oui | AA71: Oui | AB71: Oui | AC71: Non | AE71: Oui | AG71: Non
C72: 05.09 PNEUMATIQUE - Hors Catalogue | E72: 05.09 PNEUMATIQUE 05.09.01 PNEUMATIQUE PL - MATERIEL NEUF 05.09.02 PNEUMATIQUE VL - MATERIEL NEUF 05.09.03 PNEUMATIQUE ENGIN - MATERIEL NEUF | F72: 01.02 CONTAINER - MAINTENANCE - SERVICE 01.02.01 WHEELED BIN - MAINTENANCE - SERVICE 01.02.02 SKIP - BIN - CONTAINER - GLASS COLLECTION BIN - MAINTENANCE - SERVICE 01.02.03 MOBILE COMPACTOR - MAINTENANCE - SERVICE 01.02.04 FIXED COMPACTOR - MAINTENANCE - SERVICE | G72: Fourniture | I72: 05.09 PNEUMATIQUE | L72: Oui | N72: Unité | O72: Oui | Q72: Oui | R72: EUR | S72: Oui | U72: Non | W72: Oui | Y72: Oui | AA72: Oui | AB72: Oui | AC72: Non | AE72: Oui | AG72: Non
C73: 05.10 PNEUMATIQUE - MAINTENANCE - SERVICE - Forfait - Hors Catalogue | E73: 05.10 PNEUMATIQUE - MAINTENANCE - SERVICE 05.10.01 PNEUMATIQUE PL - MAINTENANCE - SERVICE 05.10.02 PNEUMATIQUE VL - MAINTENANCE - SERVICE 05.10.03 PNEUMATIQUE ENGIN - MAINTENANCE - SERVICE | F73: 01.02 CONTAINER - MAINTENANCE - SERVICE 01.02.01 WHEELED BIN - MAINTENANCE - SERVICE 01.02.02 SKIP - BIN - CONTAINER - GLASS COLLECTION BIN - MAINTENANCE - SERVICE 01.02.03 MOBILE COMPACTOR - MAINTENANCE - SERVICE 01.02.04 FIXED COMPACTOR - MAINTENANCE - SERVICE | G73: Presta Forfait | I73: 05.10 PNEUMATIQUE - MAINTENANCE - SERVICE | L73: Oui | O73: Oui | Q73: Oui | R73: EUR | S73: Oui | U73: Non | W73: Oui | Y73: Oui | AA73: Oui | AB73: Oui | AC73: Non | AE73: Oui | AG73: Non
C74: 05.10 PNEUMATIQUE - MAINTENANCE - SERVICE - Régie - Hors Catalogue | E74: 05.10 PNEUMATIQUE - MAINTENANCE - SERVICE 05.10.01 PNEUMATIQUE PL - MAINTENANCE - SERVICE 05.10.02 PNEUMATIQUE VL - MAINTENANCE - SERVICE 05.10.03 PNEUMATIQUE ENGIN - MAINTENANCE - SERVICE | F74: 01.02 CONTAINER - MAINTENANCE - SERVICE 01.02.01 WHEELED BIN - MAINTENANCE - SERVICE 01.02.02 SKIP - BIN - CONTAINER - GLASS COLLECTION BIN - MAINTENANCE - SERVICE 01.02.03 MOBILE COMPACTOR - MAINTENANCE - SERVICE 01.02.04 FIXED COMPACTOR - MAINTENANCE - SERVICE | G74: Presta Quantite | I74: 05.10 PNEUMATIQUE - MAINTENANCE - SERVICE | L74: Oui | N74: Unité | O74: Oui | Q74: Oui | R74: EUR | S74: Oui | U74: Non | W74: Oui | Y74: Oui | AA74: Oui | AB74: Oui | AC74: Non | AE74: Oui | AG74: Non
C75: 06.01 CARBURANT STOCKE - Hors Catalogue | E75: 06.01 CARBURANT STOCKE 06.01.01 FUEL DOMESTIQUE 06.01.02 HYDROGENE 06.01.03 GNR 06.01.04 GASOIL 06.01.05 B100 06.01.06 HVO 06.01.07 ADBLUE | F75: 01.02 CONTAINER - MAINTENANCE - SERVICE 01.02.01 WHEELED BIN - MAINTENANCE - SERVICE 01.02.02 SKIP - BIN - CONTAINER - GLASS COLLECTION BIN - MAINTENANCE - SERVICE 01.02.03 MOBILE COMPACTOR - MAINTENANCE - SERVICE 01.02.04 FIXED COMPACTOR - MAINTENANCE - SERVICE | G75: Fourniture | I75: 06.01 CARBURANT STOCKE | L75: Oui | N75: Unité | O75: Oui | Q75: Oui | R75: EUR | S75: Oui | U75: Non | W75: Oui | Y75: Oui | AA75: Oui | AB75: Oui | AC75: Non | AE75: Oui | AG75: Non
C76: 06.02 STATION SERVICE - BORNE - Hors Catalogue | E76: 06.02 STATION SERVICE - BORNE 06.02.01 CUVE CARBURANT - MATERIEL NEUF 06.02.02 STATION GAZ - MATERIEL NEUF 06.02.03 BORNE ELECTRIQUE - MATERIEL NEUF 06.02.04 STATION H2 - MATERIEL NEUF | F76: 01.02 CONTAINER - MAINTENANCE - SERVICE 01.02.01 WHEELED BIN - MAINTENANCE - SERVICE 01.02.02 SKIP - BIN - CONTAINER - GLASS COLLECTION BIN - MAINTENANCE - SERVICE 01.02.03 MOBILE COMPACTOR - MAINTENANCE - SERVICE 01.02.04 FIXED COMPACTOR - MAINTENANCE - SERVICE | G76: Fourniture | I76: 06.02 STATION SERVICE - BORNE | L76: Oui | N76: Unité | O76: Oui | Q76: Oui | R76: EUR | S76: Oui | U76: Non | W76: Oui | Y76: Oui | AA76: Oui | AB76: Oui | AC76: Non | AE76: Oui | AG76: Non
C77: 06.03 STATION SERVICE - BORNE - MAINTENANCE - SERVICE - Forfait - Hors Catalogue | E77: 06.03 STATION SERVICE - BORNE - MAINTENANCE - SERVICE 06.03.01 CUVE CARBURANT - MAINTENANCE - SERVICE 06.03.02 STATION GAZ - MAINTENANCE - SERVICE 06.03.03 BORNE ELECTRIQUE - MAINTENANCE - SERVICE 06.03.04 STATION H2 - MAINTENANCE - SERVICE | F77: 01.02 CONTAINER - MAINTENANCE - SERVICE 01.02.01 WHEELED BIN - MAINTENANCE - SERVICE 01.02.02 SKIP - BIN - CONTAINER - GLASS COLLECTION BIN - MAINTENANCE - SERVICE 01.02.03 MOBILE COMPACTOR - MAINTENANCE - SERVICE 01.02.04 FIXED COMPACTOR - MAINTENANCE - SERVICE | G77: Presta Forfait | I77: 06.03 STATION SERVICE - BORNE - MAINTENANCE - SERVICE | L77: Oui | O77: Oui | Q77: Oui | R77: EUR | S77: Oui | U77: Non | W77: Oui | Y77: Oui | AA77: Oui | AB77: Oui | AC77: Non | AE77: Oui | AG77: Non
C78: 06.03 STATION SERVICE - BORNE - MAINTENANCE - SERVICE - Régie - Hors Catalogue | E78: 06.03 STATION SERVICE - BORNE - MAINTENANCE - SERVICE 06.03.01 CUVE CARBURANT - MAINTENANCE - SERVICE 06.03.02 STATION GAZ - MAINTENANCE - SERVICE 06.03.03 BORNE ELECTRIQUE - MAINTENANCE - SERVICE 06.03.04 STATION H2 - MAINTENANCE - SERVICE | F78: 01.02 CONTAINER - MAINTENANCE - SERVICE 01.02.01 WHEELED BIN - MAINTENANCE - SERVICE 01.02.02 SKIP - BIN - CONTAINER - GLASS COLLECTION BIN - MAINTENANCE - SERVICE 01.02.03 MOBILE COMPACTOR - MAINTENANCE - SERVICE 01.02.04 FIXED COMPACTOR - MAINTENANCE - SERVICE | G78: Presta Quantite | I78: 06.03 STATION SERVICE - BORNE - MAINTENANCE - SERVICE | L78: Oui | N78: Unité | O78: Oui | Q78: Oui | R78: EUR | S78: Oui | U78: Non | W78: Oui | Y78: Oui | AA78: Oui | AB78: Oui | AC78: Non | AE78: Oui | AG78: Non
C79: 06.04 LUBRIFIANT - HUILE - GRAISSE - Hors Catalogue | E79: 06.04 LUBRIFIANT - HUILE - GRAISSE 06.04.01 LUBRIFIANT 06.04.02 HUILE 06.04.03 GRAISSE | F79: 01.02 CONTAINER - MAINTENANCE - SERVICE 01.02.01 WHEELED BIN - MAINTENANCE - SERVICE 01.02.02 SKIP - BIN - CONTAINER - GLASS COLLECTION BIN - MAINTENANCE - SERVICE 01.02.03 MOBILE COMPACTOR - MAINTENANCE - SERVICE 01.02.04 FIXED COMPACTOR - MAINTENANCE - SERVICE | G79: Fourniture | I79: 06.04 LUBRIFIANT - HUILE - GRAISSE | L79: Oui | N79: Unité | O79: Oui | Q79: Oui | R79: EUR | S79: Oui | U79: Non | W79: Oui | Y79: Oui | AA79: Oui | AB79: Oui | AC79: Non | AE79: Oui | AG79: Non
C80: 06.05 GAZ INDUSTRIEL - Hors Catalogue | E80: 06.05 GAZ INDUSTRIEL 06.05.01 GAZ DE LABORATOIRE 06.05.02 GAZ BOUTEILLE (PROPANE, BUTANE …) | F80: 01.02 CONTAINER - MAINTENANCE - SERVICE 01.02.01 WHEELED BIN - MAINTENANCE - SERVICE 01.02.02 SKIP - BIN - CONTAINER - GLASS COLLECTION BIN - MAINTENANCE - SERVICE 01.02.03 MOBILE COMPACTOR - MAINTENANCE - SERVICE 01.02.04 FIXED COMPACTOR - MAINTENANCE - SERVICE | G80: Fourniture | I80: 06.05 GAZ INDUSTRIEL | L80: Oui | N80: Unité | O80: Oui | Q80: Oui | R80: EUR | S80: Oui | U80: Non | W80: Oui | Y80: Oui | AA80: Oui | AB80: Oui | AC80: Non | AE80: Oui | AG80: Non
C81: 07.01 FILET ANTIENVOL - Hors Catalogue | E81: 07.01 FILET ANTIENVOL 07.01.01 FILET ANTIENVOL | F81: 01.02 CONTAINER - MAINTENANCE - SERVICE 01.02.01 WHEELED BIN - MAINTENANCE - SERVICE 01.02.02 SKIP - BIN - CONTAINER - GLASS COLLECTION BIN - MAINTENANCE - SERVICE 01.02.03 MOBILE COMPACTOR - MAINTENANCE - SERVICE 01.02.04 FIXED COMPACTOR - MAINTENANCE - SERVICE | G81: Fourniture | I81: 07.01 FILET ANTIENVOL | L81: Oui | N81: Unité | O81: Oui | Q81: Oui | R81: EUR | S81: Oui | U81: Non | W81: Oui | Y81: Oui | AA81: Oui | AB81: Oui | AC81: Non | AE81: Oui | AG81: Non
C82: 07.02 FIL DE FER - Hors Catalogue | E82: 07.02 FIL DE FER 07.02.01 FIL DE FER | F82: 01.02 CONTAINER - MAINTENANCE - SERVICE 01.02.01 WHEELED BIN - MAINTENANCE - SERVICE 01.02.02 SKIP - BIN - CONTAINER - GLASS COLLECTION BIN - MAINTENANCE - SERVICE 01.02.03 MOBILE COMPACTOR - MAINTENANCE - SERVICE 01.02.04 FIXED COMPACTOR - MAINTENANCE - SERVICE | G82: Fourniture | I82: 07.02 FIL DE FER | L82: Oui | N82: Unité | O82: Oui | Q82: Oui | R82: EUR | S82: Oui | U82: Non | W82: Oui | Y82: Oui | AA82: Oui | AB82: Oui | AC82: Non | AE82: Oui | AG82: Non
C83: 07.03 FOURNITURE INDUSTRIELLE - Hors Catalogue | E83: 07.03 FOURNITURE INDUSTRIELLE 07.03.01 OUTILLAGE MECANIQUE 07.03.02 OUTILLAGE PORTATIF 07.03.03 SIGNALETIQUE INDUSTRIELLE 07.03.04 TUYAU 07.03.05 RACCORD 07.03.06 VISSERIE - BOULONNERIE 07.03.07 CLAPET 07.03.08 ROBINETERIE - VANNE 07.03.09 FILTRE 07.03.10 AUTRE FOURNITURE - CONSOMMABLE | F83: 01.02 CONTAINER - MAINTENANCE - SERVICE 01.02.01 WHEELED BIN - MAINTENANCE - SERVICE 01.02.02 SKIP - BIN - CONTAINER - GLASS COLLECTION BIN - MAINTENANCE - SERVICE 01.02.03 MOBILE COMPACTOR - MAINTENANCE - SERVICE 01.02.04 FIXED COMPACTOR - MAINTENANCE - SERVICE | G83: Fourniture | I83: 07.03 FOURNITURE INDUSTRIELLE | L83: Oui | N83: Unité | O83: Oui | Q83: Oui | R83: EUR | S83: Oui | U83: Non | W83: Oui | Y83: Oui | AA83: Oui | AB83: Oui | AC83: Non | AE83: Oui | AG83: Non
C84: 07.04 PEINTURE - Hors Catalogue | E84: 07.04 PEINTURE 07.04.01 PEINTURE | F84: 01.02 CONTAINER - MAINTENANCE - SERVICE 01.02.01 WHEELED BIN - MAINTENANCE - SERVICE 01.02.02 SKIP - BIN - CONTAINER - GLASS COLLECTION BIN - MAINTENANCE - SERVICE 01.02.03 MOBILE COMPACTOR - MAINTENANCE - SERVICE 01.02.04 FIXED COMPACTOR - MAINTENANCE - SERVICE | G84: Fourniture | I84: 07.04 PEINTURE | L84: Oui | N84: Unité | O84: Oui | Q84: Oui | R84: EUR | S84: Oui | U84: Non | W84: Oui | Y84: Oui | AA84: Oui | AB84: Oui | AC84: Non | AE84: Oui | AG84: Non
C85: 07.05 EMBALLAGE - Hors Catalogue | E85: 07.05 EMBALLAGE 07.05.01 EMBALLAGE | F85: 01.02 CONTAINER - MAINTENANCE - SERVICE 01.02.01 WHEELED BIN - MAINTENANCE - SERVICE 01.02.02 SKIP - BIN - CONTAINER - GLASS COLLECTION BIN - MAINTENANCE - SERVICE 01.02.03 MOBILE COMPACTOR - MAINTENANCE - SERVICE 01.02.04 FIXED COMPACTOR - MAINTENANCE - SERVICE | G85: Fourniture | I85: 07.05 EMBALLAGE | L85: Oui | N85: Unité | O85: Oui | Q85: Oui | R85: EUR | S85: Oui | U85: Non | W85: Oui | Y85: Oui | AA85: Oui | AB85: Oui | AC85: Non | AE85: Oui | AG85: Non
C86: 08.01 HAUTE TENSION - Hors Catalogue | E86: 08.01 HAUTE TENSION 08.01.01 TRANSFORMATEUR HT 08.01.02 EQUIPEMENT HT - AUTRE | F86: 01.02 CONTAINER - MAINTENANCE - SERVICE 01.02.01 WHEELED BIN - MAINTENANCE - SERVICE 01.02.02 SKIP - BIN - CONTAINER - GLASS COLLECTION BIN - MAINTENANCE - SERVICE 01.02.03 MOBILE COMPACTOR - MAINTENANCE - SERVICE 01.02.04 FIXED COMPACTOR - MAINTENANCE - SERVICE | G86: Fourniture | I86: 08.01 HAUTE TENSION | L86: Oui | N86: Unité | O86: Oui | Q86: Oui | R86: EUR | S86: Oui | U86: Non | W86: Oui | Y86: Oui | AA86: Oui | AB86: Oui | AC86: Non | AE86: Oui | AG86: Non
C87: 08.02 EQUIPEMENT HT - MAINTENANCE - SERVICE - Forfait - Hors Catalogue | E87: 08.02 EQUIPEMENT HT - MAINTENANCE - SERVICE 08.02.01 EQUIPEMENT HT - MAINTENANCE - SERVICE | F87: 01.02 CONTAINER - MAINTENANCE - SERVICE 01.02.01 WHEELED BIN - MAINTENANCE - SERVICE 01.02.02 SKIP - BIN - CONTAINER - GLASS COLLECTION BIN - MAINTENANCE - SERVICE 01.02.03 MOBILE COMPACTOR - MAINTENANCE - SERVICE 01.02.04 FIXED COMPACTOR - MAINTENANCE - SERVICE | G87: Presta Forfait | I87: 08.02 EQUIPEMENT HT - MAINTENANCE - SERVICE | L87: Oui | O87: Oui | Q87: Oui | R87: EUR | S87: Oui | U87: Non | W87: Oui | Y87: Oui | AA87: Oui | AB87: Oui | AC87: Non | AE87: Oui | AG87: Non
C88: 08.02 EQUIPEMENT HT - MAINTENANCE - SERVICE - Régie - Hors Catalogue | E88: 08.02 EQUIPEMENT HT - MAINTENANCE - SERVICE 08.02.01 EQUIPEMENT HT - MAINTENANCE - SERVICE | F88: 01.02 CONTAINER - MAINTENANCE - SERVICE 01.02.01 WHEELED BIN - MAINTENANCE - SERVICE 01.02.02 SKIP - BIN - CONTAINER - GLASS COLLECTION BIN - MAINTENANCE - SERVICE 01.02.03 MOBILE COMPACTOR - MAINTENANCE - SERVICE 01.02.04 FIXED COMPACTOR - MAINTENANCE - SERVICE | G88: Presta Quantite | I88: 08.02 EQUIPEMENT HT - MAINTENANCE - SERVICE | L88: Oui | N88: Unité | O88: Oui | Q88: Oui | R88: EUR | S88: Oui | U88: Non | W88: Oui | Y88: Oui | AA88: Oui | AB88: Oui | AC88: Non | AE88: Oui | AG88: Non
C89: 08.03 BASSE TENSION - Hors Catalogue | E89: 08.03 BASSE TENSION 08.03.01 ARMOIRE ELECTRIQUE BT - COMPOSANT 08.03.02 BATTERIE 08.03.03 DEMARREUR 08.03.04 DISJONCTEUR - PROTECTION ELECTRIQUE 08.03.05 ONDULEUR 08.03.06 TRANSFORMATEUR BT 08.03.07 VARIATEUR DE FREQUENCE 08.03.08 AUTRE EQUIPEMENT BT | F89: 01.02 CONTAINER - MAINTENANCE - SERVICE 01.02.01 WHEELED BIN - MAINTENANCE - SERVICE 01.02.02 SKIP - BIN - CONTAINER - GLASS COLLECTION BIN - MAINTENANCE - SERVICE 01.02.03 MOBILE COMPACTOR - MAINTENANCE - SERVICE 01.02.04 FIXED COMPACTOR - MAINTENANCE - SERVICE | G89: Fourniture | I89: 08.03 BASSE TENSION | L89: Oui | N89: Unité | O89: Oui | Q89: Oui | R89: EUR | S89: Oui | U89: Non | W89: Oui | Y89: Oui | AA89: Oui | AB89: Oui | AC89: Non | AE89: Oui | AG89: Non
C90: 08.04 EQUIPEMENT BT - MAINTENANCE - SERVICE - Forfait - Hors Catalogue | E90: 08.04 EQUIPEMENT BT - MAINTENANCE - SERVICE 08.04.01 EQUIPEMENT BT - MAINTENANCE - SERVICE | F90: 01.02 CONTAINER - MAINTENANCE - SERVICE 01.02.01 WHEELED BIN - MAINTENANCE - SERVICE 01.02.02 SKIP - BIN - CONTAINER - GLASS COLLECTION BIN - MAINTENANCE - SERVICE 01.02.03 MOBILE COMPACTOR - MAINTENANCE - SERVICE 01.02.04 FIXED COMPACTOR - MAINTENANCE - SERVICE | G90: Presta Forfait | I90: 08.04 EQUIPEMENT BT - MAINTENANCE - SERVICE | L90: Oui | O90: Oui | Q90: Oui | R90: EUR | S90: Oui | U90: Non | W90: Oui | Y90: Oui | AA90: Oui | AB90: Oui | AC90: Non | AE90: Oui | AG90: Non
C91: 08.04 EQUIPEMENT BT - MAINTENANCE - SERVICE - Régie - Hors Catalogue | E91: 08.04 EQUIPEMENT BT - MAINTENANCE - SERVICE 08.04.01 EQUIPEMENT BT - MAINTENANCE - SERVICE | F91: 01.02 CONTAINER - MAINTENANCE - SERVICE 01.02.01 WHEELED BIN - MAINTENANCE - SERVICE 01.02.02 SKIP - BIN - CONTAINER - GLASS COLLECTION BIN - MAINTENANCE - SERVICE 01.02.03 MOBILE COMPACTOR - MAINTENANCE - SERVICE 01.02.04 FIXED COMPACTOR - MAINTENANCE - SERVICE | G91: Presta Quantite | I91: 08.04 EQUIPEMENT BT - MAINTENANCE - SERVICE | L91: Oui | N91: Unité | O91: Oui | Q91: Oui | R91: EUR | S91: Oui | U91: Non | W91: Oui | Y91: Oui | AA91: Oui | AB91: Oui | AC91: Non | AE91: Oui | AG91: Non
C92: 08.05 CONTROLE PROCESS - AUTOMATISME - Hors Catalogue | E92: 08.05 CONTROLE PROCESS - AUTOMATISME 08.05.01 AUTOMATISME - MATERIEL NEUF 08.05.02 AUTOMATISME - ACCESSOIRE - PIECE 08.05.03 SYSTÈME NUMERIQUE CONTROLE COMMANDE SNCC - MATERIEL NEUF 08.05.04 SNCC - ACCESSOIRE - PIECE | F92: 01.02 CONTAINER - MAINTENANCE - SERVICE 01.02.01 WHEELED BIN - MAINTENANCE - SERVICE 01.02.02 SKIP - BIN - CONTAINER - GLASS COLLECTION BIN - MAINTENANCE - SERVICE 01.02.03 MOBILE COMPACTOR - MAINTENANCE - SERVICE 01.02.04 FIXED COMPACTOR - MAINTENANCE - SERVICE | G92: Fourniture | I92: 08.05 CONTROLE PROCESS - AUTOMATISME | L92: Oui | N92: Unité | O92: Oui | Q92: Oui | R92: EUR | S92: Oui | U92: Non | W92: Oui | Y92: Oui | AA92: Oui | AB92: Oui | AC92: Non | AE92: Oui | AG92: Non
C93: 08.06 CONTROLE PROCESS - AUTOMATISME - MAINTENANCE- SERVICE - Forfait - Hors Catalogue | E93: 08.06 CONTROLE PROCESS - AUTOMATISME - MAINTENANCE- SERVICE 08.06.01 AUTOMATISME - MAINTENANCE - SERVICE 08.06.02 SNCC - MAINTENANCE - SERVICE | F93: 01.02 CONTAINER - MAINTENANCE - SERVICE 01.02.01 WHEELED BIN - MAINTENANCE - SERVICE 01.02.02 SKIP - BIN - CONTAINER - GLASS COLLECTION BIN - MAINTENANCE - SERVICE 01.02.03 MOBILE COMPACTOR - MAINTENANCE - SERVICE 01.02.04 FIXED COMPACTOR - MAINTENANCE - SERVICE | G93: Presta Forfait | I93: 08.06 CONTROLE PROCESS - AUTOMATISME - MAINTENANCE- SERVICE | L93: Oui | O93: Oui | Q93: Oui | R93: EUR | S93: Oui | U93: Non | W93: Oui | Y93: Oui | AA93: Oui | AB93: Oui | AC93: Non | AE93: Oui | AG93: Non
C94: 08.06 CONTROLE PROCESS - AUTOMATISME - MAINTENANCE- SERVICE - Régie - Hors Catalogue | E94: 08.06 CONTROLE PROCESS - AUTOMATISME - MAINTENANCE- SERVICE 08.06.01 AUTOMATISME - MAINTENANCE - SERVICE 08.06.02 SNCC - MAINTENANCE - SERVICE | F94: 01.02 CONTAINER - MAINTENANCE - SERVICE 01.02.01 WHEELED BIN - MAINTENANCE - SERVICE 01.02.02 SKIP - BIN - CONTAINER - GLASS COLLECTION BIN - MAINTENANCE - SERVICE 01.02.03 MOBILE COMPACTOR - MAINTENANCE - SERVICE 01.02.04 FIXED COMPACTOR - MAINTENANCE - SERVICE | G94: Presta Quantite | I94: 08.06 CONTROLE PROCESS - AUTOMATISME - MAINTENANCE- SERVICE | L94: Oui | N94: Unité | O94: Oui | Q94: Oui | R94: EUR | S94: Oui | U94: Non | W94: Oui | Y94: Oui | AA94: Oui | AB94: Oui | AC94: Non | AE94: Oui | AG94: Non
C95: 08.07 MATERIEL ELECTRIQUE - Hors Catalogue | E95: 08.07 MATERIEL ELECTRIQUE 08.07.01 ECLAIRAGE - RELAMPING 08.07.02 PROTECTION RISQUE FOUDRE 08.07.03 MATERIEL ELECTRIQUE | F95: 01.02 CONTAINER - MAINTENANCE - SERVICE 01.02.01 WHEELED BIN - MAINTENANCE - SERVICE 01.02.02 SKIP - BIN - CONTAINER - GLASS COLLECTION BIN - MAINTENANCE - SERVICE 01.02.03 MOBILE COMPACTOR - MAINTENANCE - SERVICE 01.02.04 FIXED COMPACTOR - MAINTENANCE - SERVICE | G95: Fourniture | I95: 08.07 MATERIEL ELECTRIQUE | L95: Oui | N95: Unité | O95: Oui | Q95: Oui | R95: EUR | S95: Oui | U95: Non | W95: Oui | Y95: Oui | AA95: Oui | AB95: Oui | AC95: Non | AE95: Oui | AG95: Non
C96: 08.08 GROUPE ELECTROGENE - MATERIEL NEUF - Hors Catalogue | E96: 08.08 GROUPE ELECTROGENE - MATERIEL NEUF 08.08.01 GROUPE ELECTROGENE - MATERIEL NEUF | F96: 01.02 CONTAINER - MAINTENANCE - SERVICE 01.02.01 WHEELED BIN - MAINTENANCE - SERVICE 01.02.02 SKIP - BIN - CONTAINER - GLASS COLLECTION BIN - MAINTENANCE - SERVICE 01.02.03 MOBILE COMPACTOR - MAINTENANCE - SERVICE 01.02.04 FIXED COMPACTOR - MAINTENANCE - SERVICE | G96: Fourniture | I96: 08.08 GROUPE ELECTROGENE - MATERIEL NEUF | L96: Oui | N96: Unité | O96: Oui | Q96: Oui | R96: EUR | S96: Oui | U96: Non | W96: Oui | Y96: Oui | AA96: Oui | AB96: Oui | AC96: Non | AE96: Oui | AG96: Non
C97: 08.09 GROUPE ELECTROGENE - MAINTENANCE - SERVICE - Forfait - Hors Catalogue | E97: 08.09 GROUPE ELECTROGENE - MAINTENANCE - SERVICE 08.09.01 GROUPE ELECTROGENE - LOCATION - < 6 MOIS 08.09.02 GROUPE ELECTROGENE - LOCATION - 6 MOIS --> 1 AN 08.09.03 GROUPE ELECTROGENE - MAINTENANCE | F97: 01.02 CONTAINER - MAINTENANCE - SERVICE 01.02.01 WHEELED BIN - MAINTENANCE - SERVICE 01.02.02 SKIP - BIN - CONTAINER - GLASS COLLECTION BIN - MAINTENANCE - SERVICE 01.02.03 MOBILE COMPACTOR - MAINTENANCE - SERVICE 01.02.04 FIXED COMPACTOR - MAINTENANCE - SERVICE | G97: Presta Forfait | I97: 08.09 GROUPE ELECTROGENE - MAINTENANCE - SERVICE | L97: Oui | O97: Oui | Q97: Oui | R97: EUR | S97: Oui | U97: Non | W97: Oui | Y97: Oui | AA97: Oui | AB97: Oui | AC97: Non | AE97: Oui | AG97: Non
C98: 08.09 GROUPE ELECTROGENE - MAINTENANCE - SERVICE - Régie - Hors Catalogue | E98: 08.09 GROUPE ELECTROGENE - MAINTENANCE - SERVICE 08.09.01 GROUPE ELECTROGENE - LOCATION - < 6 MOIS 08.09.02 GROUPE ELECTROGENE - LOCATION - 6 MOIS --> 1 AN 08.09.03 GROUPE ELECTROGENE - MAINTENANCE | F98: 01.02 CONTAINER - MAINTENANCE - SERVICE 01.02.01 WHEELED BIN - MAINTENANCE - SERVICE 01.02.02 SKIP - BIN - CONTAINER - GLASS COLLECTION BIN - MAINTENANCE - SERVICE 01.02.03 MOBILE COMPACTOR - MAINTENANCE - SERVICE 01.02.04 FIXED COMPACTOR - MAINTENANCE - SERVICE | G98: Presta Quantite | I98: 08.09 GROUPE ELECTROGENE - MAINTENANCE - SERVICE | L98: Oui | N98: Unité | O98: Oui | Q98: Oui | R98: EUR | S98: Oui | U98: Non | W98: Oui | Y98: Oui | AA98: Oui | AB98: Oui | AC98: Non | AE98: Oui | AG98: Non
C99: 09.01 PARAMETRE PHYSICOCHIMIQUE - Hors Catalogue | E99: 09.01 PARAMETRE PHYSICOCHIMIQUE 09.01.01 ANALYSE GAZ - MATERIEL NEUF 09.01.02 ANALYSE GAZ - ACCESSOIRE - PIECE 09.01.03 ANALYSE REJET 09.01.04 ANALYSE RESIDU 09.01.05 ANALYSE - AUTRE 09.01.06 MESURE CONDUCTIVITE - MATERIEL NEUF 09.01.07 MESURE CONDUCTIVITE - ACCESSOIRE - PIECE 09.01.08 MESURE PH - MATERIEL NEUF 09.01.09 MESURE PH - ACCESSOIRE - PIECE | F99: 01.02 CONTAINER - MAINTENANCE - SERVICE 01.02.01 WHEELED BIN - MAINTENANCE - SERVICE 01.02.02 SKIP - BIN - CONTAINER - GLASS COLLECTION BIN - MAINTENANCE - SERVICE 01.02.03 MOBILE COMPACTOR - MAINTENANCE - SERVICE 01.02.04 FIXED COMPACTOR - MAINTENANCE - SERVICE | G99: Fourniture | I99: 09.01 PARAMETRE PHYSICOCHIMIQUE | L99: Oui | N99: Unité | O99: Oui | Q99: Oui | R99: EUR | S99: Oui | U99: Non | W99: Oui | Y99: Oui | AA99: Oui | AB99: Oui | AC99: Non | AE99: Oui | AG99: Non
C100: 09.02 ANALYSE GAZ - MAINTENANCE - SERVICE - Forfait - Hors Catalogue | E100: 09.02 ANALYSE GAZ - MAINTENANCE - SERVICE 09.02.01 ANALYSE GAZ - MAINTENANCE - SERVICE | F100: 01.02 CONTAINER - MAINTENANCE - SERVICE 01.02.01 WHEELED BIN - MAINTENANCE - SERVICE 01.02.02 SKIP - BIN - CONTAINER - GLASS COLLECTION BIN - MAINTENANCE - SERVICE 01.02.03 MOBILE COMPACTOR - MAINTENANCE - SERVICE 01.02.04 FIXED COMPACTOR - MAINTENANCE - SERVICE | G100: Presta Forfait | I100: 09.02 ANALYSE GAZ - MAINTENANCE - SERVICE | L100: Oui | O100: Oui | Q100: Oui | R100: EUR | S100: Oui | U100: Non | W100: Oui | Y100: Oui | AA100: Oui | AB100: Oui | AC100: Non | AE100: Oui | AG100: Non
C101: 09.02 ANALYSE GAZ - MAINTENANCE - SERVICE - Régie - Hors Catalogue | E101: 09.02 ANALYSE GAZ - MAINTENANCE - SERVICE 09.02.01 ANALYSE GAZ - MAINTENANCE - SERVICE | F101: 01.02 CONTAINER - MAINTENANCE - SERVICE 01.02.01 WHEELED BIN - MAINTENANCE - SERVICE 01.02.02 SKIP - BIN - CONTAINER - GLASS COLLECTION BIN - MAINTENANCE - SERVICE 01.02.03 MOBILE COMPACTOR - MAINTENANCE - SERVICE 01.02.04 FIXED COMPACTOR - MAINTENANCE - SERVICE | G101: Presta Quantite | I101: 09.02 ANALYSE GAZ - MAINTENANCE - SERVICE | L101: Oui | N101: Unité | O101: Oui | Q101: Oui | R101: EUR | S101: Oui | U101: Non | W101: Oui | Y101: Oui | AA101: Oui | AB101: Oui | AC101: Non | AE101: Oui | AG101: Non
C102: 09.03 METROLOGIE - ETALONNAGE - Hors Catalogue | E102: 09.03 METROLOGIE - ETALONNAGE 09.03.01 MESURE DEBIT 09.03.02 MESURE PRESSION 09.03.03 MESURE TEMPERATURE 09.03.04 MESURE POIDS 09.03.05 COMPTEUR ENERGIE 09.03.06 COMPTEUR CHALEUR 09.03.07 COMPTEUR ELECTRIQUE 09.03.08 INSTRUMENTATION - EQUIPEMENT NEUF | F102: 01.02 CONTAINER - MAINTENANCE - SERVICE 01.02.01 WHEELED BIN - MAINTENANCE - SERVICE 01.02.02 SKIP - BIN - CONTAINER - GLASS COLLECTION BIN - MAINTENANCE - SERVICE 01.02.03 MOBILE COMPACTOR - MAINTENANCE - SERVICE 01.02.04 FIXED COMPACTOR - MAINTENANCE - SERVICE | G102: Fourniture | I102: 09.03 METROLOGIE - ETALONNAGE | L102: Oui | N102: Unité | O102: Oui | Q102: Oui | R102: EUR | S102: Oui | U102: Non | W102: Oui | Y102: Oui | AA102: Oui | AB102: Oui | AC102: Non | AE102: Oui | AG102: Non
...
